Workbook

Sheet referfriend
B1: =counta(B3:B997) -> 3 | C1: Green - Done | D1: Red- On hold | G1: =counta(G3:G997) -> 3 | P1: =counta(P3:P997) -> 2 | Q1: =counta(Q3:Q997) -> 2 | R1: =counta(R3:R997) -> 0 | S1: =COUNTA(S3:S2000) -> 0
A2: Email Code | B2: When does the mail go ? (Communication Trigger) | C2: To whom does the mail go ? | D2: from_email | E2: Subject | F2: Title | G2: Main Invitation | H2: Additional Opening for Action | J2: Message on mynextfilm.ai | K2: Notification on mynextfilm.ai, to the User. | L2: News for the Buddies on mynextfilm.ai to Buddy's Member Profile. | M2: Doodle Url | N2: Poster Url | O2: Doodle Code | P2: reviewed? | Q2: Implemented? | R2: tested ? | S2: Reviewed/Written by Arzoo
A3: RF1 | B3: When user refers any of his friend | C3: To the User's Friend | D3: noreply@mynextfilm.ai | E3: Someone Vouched For You! | F3: GOLDEN CHANCE!/A World Of Opportunities Awaits! | G3: <b>Dear {User's Friend},</b><br><br>{User Name} believes that your aspirations align with what mynextfilm.ai offers.<br<br>At mynextfilm.ai, we promise to make every moment worthwhile. To your pleasant surprise, gradually you will discover that every aspect of filmmaking has become so simple - Be it brainstorming with <b>Ida</b>, exporting beats, generating scenes, translating scripts into several languages, creating pitchdeck, growing your community, etc.<br><br>To avail these services, [Register Now](https://mynextfilm.ai/).<br><br><b>Best Regards </b><br> <b>Team My Next Film</b> | H3: O41 | M3: https://uidemos.s3.ap-south-1.amazonaws.com/Gift+Subscription.png | N3: https://uidemos.s3.ap-south-1.amazonaws.com/17.png | O3: B16 | P3: yes | Q3: yes | T3: not generated
A4: RF2 | B4: When user succesfully refers any of his friend | C4: To the User | D4: noreply@mynextfilm.ai | E4: What A Keen Eye! | F4: INSPIRING!/Your Contribution Is Meaningful! | G4: <b>Dear {User},</b><br><br>Thank You for being generous. {User's Friend's Name} will be grateful to you for life.<br><br><b>Best Regards </b><br> <b>Team My Next Film</b> | H4: O2 | M4: https://uidemos.s3.ap-south-1.amazonaws.com/Gift+Subscription.png | N4: https://uidemos.s3.ap-south-1.amazonaws.com/17.png | O4: B16 | P4: yes | Q4: yes
A5: RF3 | B5: When user's referral Joined MNF | C5: To the user | D5: noreply@mynextfilm.ai | E5: Your referral has joined MNF | F5: WAY TO GO!/{Relevant name} has joined MNF!! | G5: <b>Dear {User},</b> <br> <br> {referredpeople} has accepted your referral and joined MNF. We shall do our best to ensure that he/she is benefited immensely. When he/she claims his/her privileges at MNF, you privilege move towards longevity. <br> <br> [Click here](https://mynextfilm/members-home) to refer to more friends <br> <br> <b>Best Regards </b> <br> <b>Team My Next Film<br> | H5: O2 | M5: https://uidemos.s3.ap-south-1.amazonaws.com/MNF+Illustration+1.png | N5: https://uidemos.s3.ap-south-1.amazonaws.com/17.png

Sheet dashboard
A1: PRIORITY | B1: Date | C1: 45701
C2: Identified | D2: Written | E2: Written/ Revised | F2: Reviewed | G2: Implemented | H2: Tested | I2: Deployed | J2: required emails | K2: New sent emails identified | L2: New Sent emails reviewed
C3: Email Sheet | D3: Email Sheet | E3: Email Sheet | F3: Email Sheet | G3: QA | H3: QA | I3: AWS
C4: Munesh | D4: Whoever | E4: Arzoo | F4: Anchal | G4: Ankit | H4: Sayali | I4: Ankit | K4: Arzoo | L4: Sudeshna
B5: Total | C5: =sum(C9:C31) -> 593 | D5: =sum(D9:D31) -> 331 | E5: =sum(E9:E31) -> 153 | F5: =sum(F9:F31) -> 230 | G5: =sum(G9:G31) -> 187 | H5: =sum(H9:H31) -> 85 | K5: 71 | L5: 58
B6: Prioritised | C6: ='Email Review Priorities'!A1 -> 191 | D6: ='Email Review Priorities'!E1 -> 135 | E6: ='Email Review Priorities'!S1 -> 0 | F6: ='Email Review Priorities'!P1 -> 135 | G6: ='Email Review Priorities'!Q1 -> 0 | H6: ='Email Review Priorities'!R1 -> 0
B7: Bulk & Reminders | C7: ='Bulk and reminder'!B1 -> 115 | D7: ='Bulk and reminder'!P1 -> 105 | E7: ='Bulk and reminder'!S1 -> 0 | F7: ='Bulk and reminder'!P1 -> 105 | G7: ='Bulk and reminder'!Q1 -> 0 | H7: ='Bulk and reminder'!R1 -> 0
B9: Do you Know ? | C9: ='Do You Know(Demo)'!B1 -> 78 | D9: ='Do You Know(Demo)'!G1 -> 0 | E9: ='Do You Know(Demo)'!S1 -> 0 | F9: ='Do You Know(Demo)'!P1 -> 0 | G9: ='Do You Know(Demo)'!Q1 -> 0 | H9: ='Do You Know(Demo)'!R1 -> 0
B10: How to? | C10: ='How To(Tutorials)'!B1 -> 69 | D10: ='How To(Tutorials)'!G1 -> 0 | E10: ='How To(Tutorials)'!S1 -> 0 | F10: ='How To(Tutorials)'!P1 -> 0 | G10: ='How To(Tutorials)'!Q1 -> 0 | H10: ='How To(Tutorials)'!R1 -> 0
B11: Milestones | C11: =Milestones!B1 -> 29 | D11: =Milestones!G1 -> 0 | E11: =Milestones!S1 -> 0 | F11: =Milestones!P1 -> 0 | G11: =Milestones!Q1 -> 0 | H11: =Milestones!R1 -> 0
A12: 1 | B12: Idea Mall | C12: ='4.Idea Mall '!B1 -> 42 | D12: ='4.Idea Mall '!G1 -> 28 | E12: ='4.Idea Mall '!S1 -> 29 | F12: ='4.Idea Mall '!P1 -> 38 | G12: ='4.Idea Mall '!Q1 -> 34 | H12: ='4.Idea Mall '!R1 -> 30
A13: 2 | B13: Script Pad | C13: ='script pad'!B1 -> 7 | D13: ='script pad'!G1 -> 4 | E13: ='script pad'!S1 -> 7 | F13: ='script pad'!P1 -> 7 | G13: ='script pad'!Q1 -> 7 | H13: ='script pad'!R1 -> 6 | J13: if user click on option "Delete from MNF Server." then SD16 will not have "However, you must unlock your project if you wish to make any edits." this line as we cannot unlock in this situation. So create new trigger point for this
A14: 3 | B14: Script Builder | C14: ='7.Script Builder'!B1 -> 7 | D14: ='7.Script Builder'!G1 -> 7 | E14: ='7.Script Builder'!S1 -> 6 | F14: ='7.Script Builder'!P1 -> 6 | G14: ='7.Script Builder'!Q1 -> 5 | H14: ='7.Script Builder'!R1 -> 2
A15: 4 | B15: Story to Script | C15: =storytoscript!B1 -> 0 | D15: =storytoscript!G1 -> 0 | E15: =storytoscript!S1 -> 0 | F15: =storytoscript!P1 -> 0 | G15: =storytoscript!Q1 -> 0 | H15: =storytoscript!R1 -> 0
A16: 5 | B16: Conversion | C16: ='5.Conversion - LPP'!B1 -> 18 | D16: ='5.Conversion - LPP'!G1 -> 18 | E16: ='5.Conversion - LPP'!S1 -> 0 | F16: ='5.Conversion - LPP'!P1 -> 1 | G16: ='5.Conversion - LPP'!Q1 -> 13 | H16: ='5.Conversion - LPP'!R1 -> 2
A17: 6 | B17: LPP Admn | C17: ='5.1.LPP - Admininstration'!B1 -> 36 | D17: ='5.1.LPP - Admininstration'!G1 -> 21 | E17: ='5.1.LPP - Admininstration'!S1 -> 0 | F17: ='5.1.LPP - Admininstration'!P1 -> 1 | G17: ='5.1.LPP - Admininstration'!Q1 -> 21 | H17: ='5.1.LPP - Admininstration'!R1 -> 0
A18: 7 | B18: Script Stall | C18: ='Script Stall'!B1 -> 19 | D18: ='Script Stall'!G1 -> 5 | E18: ='Script Stall'!S1 -> 12 | F18: ='Script Stall'!P1 -> 10 | G18: ='Script Stall'!Q1 -> 8 | H18: ='Script Stall'!R1 -> 8
A19: 8 | B19: Memb/ Ref | C19: ='2.membershipReferences'!B1 -> 143 | D19: ='2.membershipReferences'!G1 -> 122 | E19: ='2.membershipReferences'!S1 -> 78 | F19: ='2.membershipReferences'!P1 -> 108 | G19: ='2.membershipReferences'!Q1 -> 2 | H19: ='2.membershipReferences'!R1 -> 1
A20: 9 | B20: Pitchdeck Bundle | C20: ='11.Pitchdeck Bundle'!B1 -> 10 | D20: ='11.Pitchdeck Bundle'!G1 -> 8 | E20: ='11.Pitchdeck Bundle'!S1 -> 0 | F20: ='11.Pitchdeck Bundle'!P1 -> 4 | G20: ='11.Pitchdeck Bundle'!Q1 -> 7 | H20: ='11.Pitchdeck Bundle'!R1 -> 3
A21: 10 | B21: Juggarnaut | C21: =Juggernaut!B1 -> 16 | D21: =Juggernaut!G1 -> 14 | E21: =Juggernaut!S1 -> 0 | F21: =Juggernaut!P1 -> 15 | G21: =Juggernaut!Q1 -> 9 | H21: =Juggernaut!R1 -> 5
A22: 11 | B22: Gift Subscription | C22: =giftsubscription!B1 -> 4 | D22: =giftsubscription!G1 -> 1 | E22: =giftsubscription!S1 -> 4 | F22: =giftsubscription!P1 -> 4 | G22: =giftsubscription!Q1 -> 4 | H22: =giftsubscription!R1 -> 4
A23: 12 | B23: Refer a friend | C23: =referfriend!B1 -> 3 | D23: =referfriend!G1 -> 3 | E23: =referfriend!S1 -> 0 | F23: =referfriend!P1 -> 2 | G23: =referfriend!Q1 -> 2 | H23: =referfriend!R1 -> 0
A24: 13 | B24: Payment | C24: =Payment!B1 -> 7 | D24: =Payment!G1 -> 7 | E24: =Payment!S1 -> 1 | F24: =Payment!P1 -> 7 | G24: =Payment!Q1 -> 6 | H24: =Payment!R1 -> 5
A25: 14 | B25: Blockchain | C25: =blockchain!B1 -> 3 | D25: =blockchain!G1 -> 4 | E25: =blockchain!S1 -> 0 | F25: =blockchain!P1 -> 2 | G25: =blockchain!Q1 -> 3 | H25: =blockchain!R1 -> 3
A26: 15 | B26: Viewing Lounge | C26: ='viewers lounge'!B1 -> 23 | D26: ='viewers lounge'!G1 -> 16 | E26: ='viewers lounge'!S1 -> 5 | F26: ='viewers lounge'!P1 -> 14 | G26: ='viewers lounge'!Q1 -> 15 | H26: ='viewers lounge'!R1 -> 14 | J26: 1)no email found for link likes or commented, after accepting links by admin 2)for showreel likes, comments, after accepting links by admin-->showreel don't have video title so in notification and news shows wrongly-->Your comment on ashwin@mailinator.com's Showreel "[](http://1.6.141.108/viewerlounge/viewers_longue/#/view_videos)" has been posted.
A27: 16 | B27: Inst. Membshp | C27: ='Institutional Membership'!B1 -> 45 | D27: ='Institutional Membership'!G1 -> 57 | E27: ='Institutional Membership'!S1 -> 5 | F27: ='Institutional Membership'!P1 -> 4 | G27: ='Institutional Membership'!Q1 -> 47 | H27: ='Institutional Membership'!R1 -> 0
A28: 17 | B28: Misc | C28: ='3. Misc.'!B1 -> 2 | D28: ='3. Misc.'!G1 -> 2 | E28: ='3. Misc.'!S1 -> 0 | F28: ='3. Misc.'!P1 -> 0 | G28: ='3. Misc.'!Q1 -> 0 | H28: ='3. Misc.'!R1 -> 0
A29: 18 | B29: Events | C29: =Events!B1 -> 13 | D29: =Events!G1 -> 13 | E29: =Events!S1 -> 6 | F29: =Events!P1 -> 7 | G29: =Events!Q1 -> 4 | H29: =Events!R1 -> 2 | J29: Free trail handholding event mail
A30: 19 | B30: Cold Emails | C30: ='Cold Emails'!B1 -> 18 | D30: ='Cold Emails'!G1 -> 1 | E30: ='Cold Emails'!S1 -> 0 | F30: ='Cold Emails'!P1 -> 0 | G30: ='Cold Emails'!Q1 -> 0 | H30: ='Cold Emails'!R1 -> 0
B31: New Features | C31: ='New Feature'!B1 -> 1 | D31: ='New Feature'!G1 -> 0 | E31: ='New Feature'!S1 -> 0 | F31: ='New Feature'!P1 -> 0 | G31: ='New Feature'!Q1 -> 0 | H31: ='New Feature'!R1 -> 0
B32: Ask a question | C32: ='Ask a question'!B1 -> 2 | D32: ='Ask a question'!G1 -> 2 | E32: ='Ask a question'!S1 -> 0 | F32: ='Ask a question'!P1 -> 0 | G32: ='Ask a question'!Q1 -> 0 | H32: ='Ask a question'!R1 -> 0
B33: Messiah | C33: ='8. Messiah'!B1 -> 15 | D33: ='8. Messiah'!G1 -> 15 | E33: ='8. Messiah'!S1 -> 0 | F33: ='8. Messiah'!P1 -> 0 | G33: ='8. Messiah'!Q1 -> 0 | H33: ='8. Messiah'!R1 -> 0
B34: Rendezvous | C34: =' 1. Rendz (traction)'!B1 -> 13 | D34: =' 1. Rendz (traction)'!G1 -> 13 | E34: =' 1. Rendz (traction)'!S1 -> 0 | F34: =' 1. Rendz (traction)'!P1 -> 0 | G34: =' 1. Rendz (traction)'!Q1 -> 0 | H34: =' 1. Rendz (traction)'!R1 -> 0

Sheet Subject and titles
A1: EMAIL CODE | B1: When does the email go | C1: SUBJECT | D1: TITLE
A2: GT3 | B2: When user become life member | C2: Friendships are for lifetime. | D2: CONGRATULATIONS! You are now part of an exclusive group!!
A3: GT4 | B3: Life time member ship | C3: You have a new lifetime friend. | D3: KUDOS!/You are related with a new life member!!
A4: GT8 | B4: When user refers any of his friend | C4: You've Been Referred, and We're Thrilled! | D4: Get Lucky!/A world of opportunity is waiting for you!!
A5: GT9 | B5: When user succesfully refers any of his friend | C5: You are really marvellous | D5: YOU ARE INSPIRING!/We will let you know when {listofuser} will join MNF!!
A6: GT10 | C6: You have a big heart !! | D6: GRATITUDE!/ We will let you know when {listofuser} join(s) MNF!!
A7: GT11 | C7: One of your friend has referred you to join MyNextFilm | D7: GREAT!/{sender} wants you to join!!
A8: GT12 | B8: When user's friend joined MNF using gift code | C8: A pledge is redeemed | D8: CREDITIABLE!/Your gift is accepted!!
A9: VW12 | B9: when user upload the showreel | C9: Your Reel Has Been Successfully Uploaded! | D9: NICE!/ You've uploaded a reel!!
A10: MR9 | B10: User inactive for 15 days | C10: A fortnight is too long | D10: WHERE YOU AT!/ We are missing you!!
A11: MR08 | B11: New sign ups-after 10 days (if the user does not visit for 10 days) | C11: Your privileges are waiting | D11: MAKE UP YOUR MIND!/Take a look at the privileges of MNF members!!
A12: MR10 | B12: Subscription expiring in two weeks | C12: Save your privileges | D12: CAUTION!/Your privileges are about to expire on (date)!!
A13: MR11 | B13: Subscription expiring in one week | C13: It was never so urgent | D13: ALERT!/Your privileges are about to expire in one week!!
A14: MR12 | B14: subscription exipiring in twenty hours | C14: It is now or never | D14: WARNING!/You have only 24 hours!!
A15: MR13 | B15: Three days before deleting data and preferences | C15: Save them if you can | D15: ATTENTION!/ Your data at MNF will be deleted in three days!!
A16: MR14 | B16: When data has been deleted | C16: Nothing is immortal but..... | D16: REJOICE!/Everything is not lost!!
A17: MR24 | B17: when a payment fails | C17: Something really went wrong | D17: PUZZLED!/ We did not receive the payment you made!!
A18: MR25 | B18: When payment is received for any service | C18: Every penny of yours is valuable | D18: SPLENDID!/ You will be pleased with what gets created!!
A19: MR26 | B19: When a service is sucessfully delivered against the payment received, the receipt invoice (detailing the breakup of cost to be included) | C19: Please update your books. | D19: TAKE NOTE!/ Here are the details you need!!
... A38: MS5 | B38: Notification of services status when completed or failed | C38: Completion Status for {Service Name} | D38: UPDATE!/ Completion Status for [Service Name]!!
C39: Collaboration Offer Received | D39: EXCITING OPPORTUNITY!/ Collaboration Offer Received!!
A40: MR18 | B40: when someone refers a friend | C40: You have a big heart | D40: GRATITUDE!/ We will let you know when {referred persons} join(s) MNF!!
A41: MR19 | B41: DO | C41: Someone trusts you | D41: LUCKY!/A world of opportunity is waiting for you!!
A42: MR20 | B42: When someone refers more friends | C42: You are really marvellous | D42: YOU ARE INSPIRING!/We will let you know when {referred person} join(s) MNF!!
A43: MR21 | B43: DO | C43: Someone trusts you | D43: LUCKY!/A world of opportunity is waiting for you!!
A44: MR22 | B44: When a referred person joins MNF | C44: Your dividend is on the way | D44: WAY TO GO!/ {Relevant name(s)} has/have joined MNF!!
A45: MR31 | B45: when someone referring but not giving responce more than week | C45: Sign up using your referral now | D45: IMPORTANT!/ Sign up for exclusive benefits!!
A46: MR32 | B46: gifted but not given any response for long time(or more than week) | C46: Don't let your gift go to waste | D46: OH NO!/ You haven't claimed your benefits!!

Sheet Bulk and reminder
A1: =COUNTA(A3:A5019) -> 115 | B1: =COUNTA(B3:B5019) -> 115 | C1: =COUNTA(C3:C5019) -> 115 | D1: =COUNTA(D3:D5019) -> 115 | E1: =COUNTA(E3:E5019) -> 105 | G1: =counta(G3:G1000) -> 0 | P1: =counta(P3:P1000) -> 105 | Q1: =counta(Q3:Q1000) -> 0 | R1: =counta(R3:R1000) -> 0 | S1: =COUNTA(S3:S2000) -> 0
A2: Email Code | B2: Sheet Name | C2: Email Type | D2: Identified On | E2: Finalised On | F2: to whom it goes | P2: reviewed? | Q2: Implemented? | R2: tested ? | S2: Reviewed/Written by Arzoo
A3: MR31 | B3: MEMBERSHIP REFERENCES | C3: 3 Days after registration(if the person has not logged in for the last 3 days) | D3: 45672 | E3: 45682 | P3: yes
A4: MR32 | B4: MEMBERSHIP REFERENCES | C4: 6 Days after registration(if the person has not logged in for the last 6 days) | D4: 45672 | E4: 45683 | P4: yes
A5: MR33 | B5: MEMBERSHIP REFERENCES | C5: 9 Days after registration(if the person has not logged in for the last 9 days) | D5: 45672 | E5: 45683 | P5: yes
A6: MR34 | B6: MEMBERSHIP REFERENCES | C6: 12 Days after registration(if the person has not logged in for the last 12 days) | D6: 45672 | E6: 45683 | P6: yes
A7: MR35 | B7: MEMBERSHIP REFERENCES | C7: 15 Days after registration(if the person has not logged in for the last 15 days) | D7: 45672 | E7: 45683 | P7: yes
A8: MR145 | B8: MEMBERSHIP REFERENCES | C8: 30 Days after registration(if the person has not logged in for the last 30 days) | D8: 45672 | E8: 45683 | P8: yes
A9: MR146 | B9: MEMBERSHIP REFERENCES | C9: 45 Days after registration(if the person has not logged in for the last 45 days) | D9: 45672 | E9: 45683 | P9: yes
A10: MR147 | B10: MEMBERSHIP REFERENCES | C10: 60 days after registration(if the person has not logged in for the last 60 days) | D10: 45672 | E10: 45683 | P10: yes
A11: MR36 | B11: MEMBERSHIP REFERENCES | C11: 3 Days after registration(if the person has not activated free trial for 3 days) | D11: 45673 | E11: 45683 | P11: yes
A12: MR37 | B12: MEMBERSHIP REFERENCES | C12: 6 Days after registration(if the person has not activated free trial for 6 days) | D12: 45673 | E12: 45683 | P12: yes
A13: MR38 | B13: MEMBERSHIP REFERENCES | C13: 9 Days after registration(if the person has not activated free trial for 9 days) | D13: 45673 | E13: 45683 | P13: yes
A14: MR39 | B14: MEMBERSHIP REFERENCES | C14: 12 Days after registration(if the person has not activated free trial for 12 days) | D14: 45673 | E14: 45683 | P14: yes
... A76: EV1 | B76: MEMBERSHIP REFERENCES | C76: Invitation to join events. | D76: 45723 | E76: 45725 | P76: yes
A81: CE1 | B81: Cold Emails | C81: When the capacity is available. | D81: 45712 | F81: to the students(4)
A82: CE2 | B82: Cold Emails | C82: When the capacity is available. | D82: 45712 | F82: to the Principal(104), to the teacher(9), to the lecturer professor(80), to the tutors tution centres(133), to the educational institutes(48), to the schools, + Colleges, +Universities, +_+Education(8)
A83: CE3 | B83: Cold Emails | C83: When the capacity is available. | D83: 45712 | F83: to the Channel+Sales+Persons(23), to the MLM Leader(90), to the Freelancers(62), to the Online Sellers(98), to the Relationship Mnaagers(112), to the Business+Development+_+Sales+Professionals(18)
A84: CE4 | B84: Cold Emails | C84: When the capacity is available. | D84: 45712 | F84: to the Cab Users(19), to the (7), to the Phone pay users(10), to the D-Mat Account Holders(45),
A85: CE5 | B85: Cold Emails | C85: When the capacity is available. | D85: 45712 | F85: to the CEO,+CFO,+CTO,+CMO(22), to the Company+MD,+Secretatiaty+_+Chairmen(31), to the Top Management Companies(129), to the NRI (non-Resident Indians)(96), to the Senior Citizens(117)
A86: CE6 | B86: Cold Emails | C86: When the capacity is available. | D86: 45712 | F86: to the Chief Managers(27), to the Entertainment Media(53), to the Media Planning Companies(87), to the Photographers(101), to the Graphic Designers(69), to the Digital Photography Studios(43), to the Designers Database(42), to the Software Engineers Database(120)
A87: CE7 | B87: Cold Emails | C87: When the capacity is available(30 days after the first email) | D87: 45712 | F87: to the students(4)
A88: CE8 | B88: Cold Emails | C88: When the capacity is available(60 days after the first email) | D88: 45712 | F88: to the Principal(104), to the teacher(9), to the lecturer professor(80), to the tutors tution centres(133), to the educational institutes(48), to the schools, + Colleges, +Universities, +_+Education(8)
A89: CE9 | B89: Cold Emails | C89: When the capacity is available(30 days after the first email) | D89: 45712 | F89: to the Channel+Sales+Persons(23), to the MLM Leader(90), to the Freelancers(62), to the Online Sellers(98), to the Relationship Mnaagers(112), to the Business+Development+_+Sales+Professionals(18)
A90: CE10 | B90: Cold Emails | C90: When the capacity is available(30 days after the first email) | D90: 45712 | F90: to the Chief Managers(27), to the Entertainment Media(53), to the Media Planning Companies(87), to the Photographers(101), to the Graphic Designers(69), to the Digital Photography Studios(43), to the Designers Database(42), to the Software Engineers Database(120)
A91: MR104 | B91: MEMBERSHIP REFERENCES | C91: 7 days after the last comment on any premise(if the user has not commented on any premise for 7 days) | D91: 45673 | E91: 45719 | P91: yes
A92: MR105 | B92: MEMBERSHIP REFERENCES | C92: 14 days after the last comment on any premise(if the user has not commented on any premise for 14 days) | D92: 45673 | E92: 45719 | P92: yes
A93: MR106 | B93: MEMBERSHIP REFERENCES | C93: 21 days after the last comment on any premise(if the user has not commented on any premise for 21 days) | D93: 45673 | E93: 45719 | P93: yes
A94: MR109 | B94: MEMBERSHIP REFERENCES | C94: 58 days after registration(if the user has not gifted MNF subscription to their friends for 58 days) | D94: 45673 | E94: 45719 | P94: yes
A95: MR110 | B95: MEMBERSHIP REFERENCES | C95: 65 days after registration(if the user has not gifted MNF subscription to their friends for 65 days) | D95: 45673 | E95: 45719 | P95: yes
A96: MR111 | B96: MEMBERSHIP REFERENCES | C96: if the user has not posted any premise for 3 days(after posting the last premise) | D96: 45673 | E96: 45719 | P96: yes
A97: MR112 | B97: MEMBERSHIP REFERENCES | C97: if the user has not posted any premise for 7 days(after posting the last premise) | D97: 45673 | E97: 45719 | P97: yes
A98: MR113 | B98: MEMBERSHIP REFERENCES | C98: if the user has not posted any premise for 14 days(after posting the last premise) | D98: 45673 | E98: 45719 | P98: yes
A99: MR76 | B99: MEMBERSHIP REFERENCES | C99: 18 days after registration(if the user has not upgraded their interests and skills for 18 days) | D99: 45673 | E99: 45733 | P99: yes
A100: MR77 | B100: MEMBERSHIP REFERENCES | C100: 33 days after registration(if the user has not upgraded their interests and skills for 33 days) | D100: 45673 | E100: 45733 | P100: yes
A101: MR78 | B101: MEMBERSHIP REFERENCES | C101: 21 days after registration(if the user has not uploaded their screen credits for 21 days) | D101: 45673 | E101: 45733 | P101: yes
A102: MR79 | B102: MEMBERSHIP REFERENCES | C102: 36 days after registration(if the user has not uploaded their screen credits for 36 days) | D102: 45673 | E102: 45733 | P102: yes
... A121: MR98 | B121: MEMBERSHIP REFERENCES | C121: 17 days after registration(if the user has not created their first project for 17 days) | D121: 45673 | E121: 45741 | P121: yes

Sheet Do You Know(Demo)
B1: =counta(B3:B1051) -> 78 | C1: Green - Done | D1: Red- On hold | G1: =counta(G3:G1051) -> 0 | P1: =counta(P3:P1046) -> 0 | Q1: =counta(Q3:Q1046) -> 0 | R1: =counta(R3:R1046) -> 0 | S1: =COUNTA(S3:S1997) -> 0
A2: Email Code | B2: When does the mail go ? (Communication Trigger) | C2: To whom does the mail go ? | D2: from_email | E2: Subject | F2: Title | G2: Main Invitation | H2: Additional Opening for Action | J2: Message on mynextfilm.ai | K2: Notification on mynextfilm.ai, to the User. | L2: News for the Buddies on mynextfilm.ai to Buddy's Member Profile. | M2: Doodle Url | N2: Poster Url | O2: Doodle Code | P2: reviewed? | Q2: Implemented? | R2: tested ? | S2: Reviewed/Written by Arzoo
A3: DK1 | B3: Do you know that you can alter the character description?
A4: DK2 | B4: Do you know that you can add a character to the project?
B5: Do you know that you can export a brainstorm as a beat to the beat sheet?
B6: Do you know that you get multiple replies for one comment in a premise pool?
B7: Do you know that you can choose from different versions of the beat you selected to generate?
B8: Do you know that you can make your premise private(exclusively for yourself)?
B9: Do you know that you can create AI-generated scripts in the scriptpad?
B10: Do you know that you can write a formatted script in the scriptpad and the facility is free forever?
B11: Do you know that you can send messages to the premise owner?
B12: Do you know that you can format your premise card?
B13: Do you know that you can create your video introduction of 85 seconds in the Viewing Lounge?
B14: Do you know that you can re-generate the scene with different scene length?
B15: Do you know that you can re-generate a scene from the same beat with different genres and sub-genres?
B16: Do you know that you can re-generate a scene from the same beat with different phase?
... B80: Do you know that you can edit every single social media link of yours through RHM?

Sheet How To(Tutorials)
B1: =counta(B3:B1053) -> 69 | C1: Green - Done | D1: Red- On hold | G1: =counta(G3:G1053) -> 0 | P1: =counta(P3:P1049) -> 0 | Q1: =counta(Q3:Q1049) -> 0 | R1: =counta(R3:R1049) -> 0 | S1: =COUNTA(S3:S2000) -> 0
A2: Email Code | B2: When does the mail go ? (Communication Trigger) | C2: To whom does the mail go ? | D2: from_email | E2: Subject | F2: Title | G2: Main Invitation | H2: Additional Opening for Action | J2: Message on mynextfilm.ai | K2: Notification on mynextfilm.ai, to the User. | L2: News for the Buddies on mynextfilm.ai to Buddy's Member Profile. | M2: Doodle Url | N2: Poster Url | O2: Doodle Code | P2: reviewed? | Q2: Implemented? | R2: tested ? | S2: Reviewed/Written by Arzoo
A3: HT1 | B3: Earn Money Using Premise Pool.
A4: HT2 | B4: Earn Money Using Script Stall
A5: HT3 | B5: Earn Money By Being A Language Pair Partner
A6: HT4 | B6: Claim Student Discount
A7: HT5 | B7: Buy Juggernaut Package
A8: HT6 | B8: Get Privileges
A9: HT7 | B9: Earn Money By Being MNF Messiah
A10: HT8 | B10: Purchase a Premise Project
A11: HT9 | B11: Acquire Translated Premise Project
A12: HT10 | B12: Create Blockchain Wallet
A13: HT11 | B13: Post Premise in Premise Pool
A14: HT12 | B14: Edit & Add Characters
... A71: HT69 | B71: Become Corporate Member

Sheet Events
B1: =counta(B3:B1053) -> 13 | C1: Green - Done | D1: Red- On hold | G1: =counta(G3:G1053) -> 13 | P1: =counta(P3:P1049) -> 7 | Q1: =counta(Q3:Q1049) -> 4 | R1: =counta(R3:R1049) -> 2 | S1: =COUNTA(S3:S2000) -> 6
A2: Email Code | B2: When does the mail go ? (Communication Trigger) | C2: To whom does the mail go ? | D2: from_email | E2: Subject | F2: Title | G2: Main Invitation | H2: Additional Opening for Action | J2: Message on mynextfilm.ai | K2: Notification on mynextfilm.ai, to the User. | L2: News for the Buddies on mynextfilm.ai to Buddy's Member Profile. | M2: Doodle Url | N2: Poster Url | O2: Doodle Code | P2: reviewed? | Q2: Implemented? | R2: tested ? | S2: Reviewed/Written by Arzoo
A3: EV1 | B3: Invitation to join events. | C3: to random user | D3: noreply@mynextfilm.ai | E3: Let Your Thoughts Echo!🔊 | F3: IRRESISTIBLE!/You Must Not Miss These Sessions! | G3: <b>Dear {User},</b> <br> <br> We have something special for you whether you’re looking for thought-provoking discussions, creative workshops, or meaningful connections. <br> <br> Each session is crafted to be exciting, insightful, and transformative. <br> <br> [🔗 Reserve Your Spot Now!](Registeration link for the events) <br> Share this invitation with someone who might be interested! The more, the merrier. <br> <br> <b>Best Regards</b> <br> <b>Team My Next Film</b> | H3: O39 | O3: B41 | P3: yes
A4: EV2 | B4: After filling out the form when the user is already an mnf member | C4: to the person who has filled the event form | D4: noreply@mynextfilm.ai | E4: Set To Achieve!👌 | F4: WONDERFUL!/You're Registered for an Enlightening Session! | G4: <b>Dear {User Name},</b> <br> <br> You have registered for the event - {Event Name}! As a valued member of MNF, we’re excited to have you join us. <br> <br> 📅 Event Details: <br> Date: {Event Date} <br> Time: {Event Time} <br> Zoom Link: {Zoom Link} <br> <br> If you have any questions or need any assistance, feel free to reach out. <br> <b>Best Regards</b> <br> <b>Team My Next Film</b> | H4: O39 | L4: [{User Name}]({User Profile url}) registered for an event. | M4: https://uidemos.s3.ap-south-1.amazonaws.com/Any+Online+event.png | N4: https://uidemos.s3.ap-south-1.amazonaws.com/17.png | O4: B41 | P4: yes | Q4: yes | R4: yes
A5: EV3 | B5: When a user fills the event form not mnf member | C5: to the person who has filled the event form | D5: noreply@mynextfilm.ai | E5: Best Decision!👍 | F5: AMAZING!/You’re Registered! Prepare for a Transformative Session! | G5: <b>Dear {User Name},</b> <br> <br> You have registered for the event - {Event Name}! <br> <br> 📅 Event Details: <br> Date: {Event Date} <br> Time: {Event Time} <br> Zoom Link: {Zoom Link} <br> <br> If you have any questions or need any assistance, feel free to reach out. <br> <b>Best Regards</b> <br> <b>Team My Next Film</b> | H5: O39 | M5: https://uidemos.s3.ap-south-1.amazonaws.com/Any+Online+event.png | N5: https://uidemos.s3.ap-south-1.amazonaws.com/17.png | O5: B41 | P5: yes | Q5: yes | R5: yes
A6: EV4 | B6: Reminders to the Registered(24 hours before the event) | C6: to the person who has filled the event form | D6: noreply@mynextfilm.ai | E6: See You Soon!⏳ | F6: REMINDER!/Countdown For An Amazing Session Starts Now! | G6: <b>Dear {User},</b> <br> <br> Just a quick reminder that the event - {Event Name} is happening tomorrow! <br> <br> 📅 Event Details: <br> 🗓 Date: {Event Date} <br> ⏰ Time: {Event Time} <br> 📍 Zoom Link: {Zoom Link} <br> <br> Make sure to mark your calendar and get ready for an insightful session. If you have any questions, feel free to reach out. <b>Best Regards</b> <br> <b>Team My Next Film</b> | H6: O39 | M6: https://uidemos.s3.ap-south-1.amazonaws.com/Any+Online+event.png | N6: https://uidemos.s3.ap-south-1.amazonaws.com/17.png | O6: B41 | P6: yes | Q6: yes
A7: EV5 | B7: Reminders to the registered(1 hour before the event) | C7: to the person who has filled the event form | D7: noreply@mynextfilm.ai | E7: Final Reminder!⌛ | F7: TICK TICK!/It’s Almost Time! Don’t Miss Out! | G7: <b>Dear {User},</b> <br> <br> Last reminder! Only 1 hour left for the event - {Event Name}. <br> <br> 📅 Event Details: <br> 🗓 Date: {Event Date} <br> ⏰ Time: {Event Time} <br> 📍 Zoom Link: {Zoom Link} <br> <br> Make sure to be on time for the insightful session. If you have any questions, feel free to reach out. <b>Best Regards</b> <br> <b>Team My Next Film</b> | H7: O39 | M7: https://uidemos.s3.ap-south-1.amazonaws.com/Any+Online+event.png | N7: https://uidemos.s3.ap-south-1.amazonaws.com/17.png | O7: B41 | P7: yes | Q7: yes
A8: EV6 | B8: Mail if attended(feedback). | C8: to the person who has filled the event form | D8: noreply@mynextfilm.ai | E8: Got A Minute?😊 | F8: APPRECIATED!/Share Your Thoughts with Us! | G8: <b>Dear {User},</b> <br> <br> We loved having you at the event - {Event Name}. Hope you found it insightful. 😊 <br> <br> We’d love your [feedback]({feedback link}). <br> <br> [Register]({event registration link}) for more such events! <br> <br> <b>Best Regards</b> <br> <b>Team My Next Film</b> | H8: O39 | M8: https://uidemos.s3.ap-south-1.amazonaws.com/Any+Online+event.png | N8: https://uidemos.s3.ap-south-1.amazonaws.com/17.png | O8: B41 | P8: yes
A9: EV7 | B9: Mail if not attended | C9: to the person who has filled the event form | D9: noreply@mynextfilm.ai | E9: Checking Up On You!😟 | F9: ALL GOOD?/You Did Not Make It! | G9: <b>Dear {User},</b> <br> <br> We noticed you couldn’t make it to the event - {Event Name}. <br> <br> [Let us know]({feedback link}) what kept you from attending and how we can improve. <br> <br> [Register]({event registration link}) for more such events! <br> <br> <b>Best Regards</b> <br> <b>Team My Next Film</b> | H9: O39 | M9: https://uidemos.s3.ap-south-1.amazonaws.com/Any+Online+event.png | N9: https://uidemos.s3.ap-south-1.amazonaws.com/17.png | O9: B41 | P9: yes
A10: EV8 | B10: Free trial handholding session(as soon as he activates free trial) | C10: to the free trial user | D10: noreply@mynextfilm.ai | E10: It's Your Time! | F10: Welcome Aboard! Let’s Book Your Assistance Now! | G10: <b>Dear {User},</b> <br> <br> You have activated your free trial! <br> <br> Want to make the most of it? Join the handholding session for a step-by-step guide on how to use the product effortlessly. <br> <br> Don’t miss out—book a demonstration in your preferred language, English or Hindi, at mynextfilm.ai! The future of filmmaking starts here! <br> <br> <b>Best Regards</b> <br> <b>Team My Next Film</b> | S10: Written
A11: EV9 | B11: If not attended free trial handholding session for 3 days | C11: to the free trial user | D11: noreply@mynextfilm.ai | E11: Guide To Your Dream!/A Guide To Success! | F11: ACT NOW!/Why Make It Complicated! | G11: <b>Dear {User},</b> <br> <br> We noticed it’s been three days, but you haven’t attended your event—Free Trial Handholding Session. <br> <br> This session is designed to help you gain a better understanding of how to use the product and make the most of your trial. <br> <br> Don’t let this opportunity slip away! Book your session today in your preferred language—English or Hindi—. Experience a smarter and simpler filmmaking journey! <br> <br> <b>Best Regards</b> <br> <b>Team My Next Film</b> | S11: Written
A12: EV10 | B12: If not attended free trial handholding session for 5 days | C12: to the free trial user | D12: noreply@mynextfilm.ai | E12: What are you up to? | F12: Don’t Miss Out! Secure a Hassle-Free Journey!/Enjoy a Hassle-Free Journey! | G12: <b>Dear {User},</b> <br> <br> We noticed it’s been five days, but you haven’t attended your event—Free Trial Handholding Session. <br> <br> This session is designed to help you gain a better understanding of how to use the product and make the most of your trial. <br> <br> Don’t let this opportunity slip away! Book your session today in your preferred language—English or Hindi—. Experience a smarter and simpler filmmaking journey! <br> <br> <b>Best Regards</b> <br> <b>Team My Next Film</b> | S12: Written
A13: EV11 | B13: If not attended free trial handholding session for 7 days | C13: to the free trial user | D13: noreply@mynextfilm.ai | E13: Time's Running Out! | F13: TAKE ACTION!/ Don’t Let Great Opportunities Pass You By./ Don’t Let Great Opportunities Slip Away! | G13: <b>Dear {User},</b> <br> <br> We noticed it’s been seven days, but you haven’t attended your event—Free Trial Handholding Session. <br> <br> This session is designed to help you gain a better understanding of how to use the product and make the most of your trial. <br> <br> Don’t let this opportunity slip away! Book your session today in your preferred language—English or Hindi—. Experience a smarter and simpler filmmaking journey! <br> <br> <b>Best Regards</b> <br> <b>Team My Next Film</b> | S13: Written
A14: EV12 | B14: If not attended free trial handholding session for 14 days | C14: to the free trial user | D14: noreply@mynextfilm.ai | E14: Seize It Before It's Gone!/Grab It Before It's Gone! | F14: DON'T WAIT!/ Book Now To Simplify Your Journey! | G14: <b>Dear {User},</b> <br> <br> We noticed it’s been fourteen days, but you haven’t attended your event—Free Trial Handholding Session. <br> <br> This session is designed to help you gain a better understanding of how to use the product and make the most of your trial. <br> <br> Don’t let this opportunity slip away! Book your session today in your preferred language—English or Hindi—. Experience a smarter and simpler filmmaking journey! <br> <br> <b>Best Regards</b> <br> <b>Team My Next Film</b> | S14: Written
A15: EV13 | B15: If not attended free trial handholding session for 20 days | C15: to the free trial user | D15: noreply@mynextfilm.ai | E15: Now Or Never! | F15: LAST CALL!/ Your Chance to Claim Your Trial! | G15: <b>Dear {User},</b> <br> <br> We noticed it’s been twenty days, but you haven’t attended your event—Free Trial Handholding Session. <br> <br> This session is designed to help you gain a better understanding of how to use the product and make the most of your trial. <br> <br> Don’t let this opportunity slip away! Book your session today in your preferred language—English or Hindi—. Experience a smarter and simpler filmmaking journey! <br> <br> <b>Best Regards</b> <br> <b>Team My Next Film</b> | S15: Written
D25: noreply@mynextfilm.ai
D26: noreply@mynextfilm.ai
D27: noreply@mynextfilm.ai
D28: noreply@mynextfilm.ai
D29: noreply@mynextfilm.ai
D30: noreply@mynextfilm.ai

Sheet Error Handling
B1: =counta(B3:B1024) -> 0 | C1: Green - Done | D1: Red- On hold | G1: =counta(G3:G1024) -> 0 | P1: =counta(P3:P1020) -> 0 | Q1: =counta(Q3:Q1020) -> 0 | R1: =counta(R3:R1020) -> 0 | S1: =COUNTA(S3:S1971) -> 0
A2: Email Code | B2: When does the mail go ? (Communication Trigger) | C2: To whom does the mail go ? | D2: from_email | E2: Subject | F2: Title | G2: Main Invitation | H2: Additional Opening for Action | J2: Message on mynextfilm.ai | K2: Notification on mynextfilm.ai, to the User. | L2: News for the Buddies on mynextfilm.ai to Buddy's Member Profile. | M2: Doodle Url | N2: Poster Url | O2: Doodle Code | P2: reviewed? | Q2: Implemented? | R2: tested ? | S2: Reviewed/Written by Arzoo

Sheet Milestones
B1: =counta(B3:B1052) -> 29 | C1: Green - Done | D1: Red- On hold | G1: =counta(G3:G1052) -> 0 | P1: =counta(P3:P1050) -> 0 | Q1: =counta(Q3:Q1050) -> 0 | R1: =counta(R3:R1050) -> 0 | S1: =COUNTA(S3:S2001) -> 0
A2: Email Code | B2: When does the mail go ? (Communication Trigger) | C2: To whom does the mail go ? | D2: from_email | E2: Subject | F2: Title | G2: Main Invitation | H2: Additional Opening for Action | I2: REWARD | J2: Message on mynextfilm.ai | K2: Notification on mynextfilm.ai, to the User. | L2: News for the Buddies on mynextfilm.ai to Buddy's Member Profile. | M2: Doodle Url | N2: Poster Url | O2: Doodle Code | P2: reviewed? | Q2: Implemented? | R2: tested ? | S2: Reviewed/Written by Arzoo
A3: ML1 | B3: 1st Monetization - successfully translated
B4: 1st Monetization - successfully sold
B5: 5 Monetization - successfully translated
B6: 5 Monetization - successfully sold
B7: 1st Premise posted for Monetization through translation
B8: 1st Premise posted for monetization by sale
B9: 5 Premise posted for Monetization through translation
B10: 5 Premise posted for monetization by sale
B11: Number of Premises Posted(25)
B14: Number of Brainstorms with IDA overall(>500)
B15: Number of Brainstorms with IDA on a single premise(>100)
B16: Number of Brainstorms with IDA overall(>500) | D16: On other's premise
B18: Number of comments converted into beats overall(
B19: Number of comments converted into beats in a single project(
B20: Number of comments converted into beats overall( | D20: On other's premise
B21: Number of Beats Converted into Scenes overall
B22: Number of Beats Converted into Scenes in one project
B24: Number of scenes generated from beats overall
B25: Number of scenes generated from beats in one project
B27: Number of people following
B28: Number of followers
B30: Number of Buddies
B32: 50 buddies in one week.
B33: 250 buddies in one month
B35: Posted Video Introduction.
B37: Created 10 Elevator Pitch
B39: Created 10 one pager
... B43: Invited 100 friends by email

Sheet Cold Emails
B1: =counta(B3:B1053) -> 18 | C1: Green - Done | D1: Red- On hold | G1: =counta(G3:G1053) -> 1 | P1: =counta(P3:P1049) -> 0 | Q1: =counta(Q3:Q1049) -> 0 | R1: =counta(R3:R1049) -> 0 | S1: =COUNTA(S3:S2000) -> 0
A2: Email Code | B2: When does the mail go ? (Communication Trigger) | C2: To whom does the mail go ? | D2: from_email | E2: Subject | F2: Title | G2: Main Invitation | H2: Additional Opening for Action | J2: Message on mynextfilm.ai | K2: Notification on mynextfilm.ai, to the User. | L2: News for the Buddies on mynextfilm.ai to Buddy's Member Profile. | M2: Doodle Url | N2: Poster Url | O2: Doodle Code | P2: reviewed? | Q2: Implemented? | R2: tested ? | S2: Reviewed/Written by Arzoo
A3: CE1 | B3: When the capacity is available. | C3: to the students(4) | D3: isabela@connect.mynextfilm.ai | E3: Learn And Earn While You Study!💸💰 | F3: WELCOME!/Register To Get A Free Trial! | G3: <p style="text-align: left;">Dear Friend,</p><p style="text-align: left;"><br></p><p style="text-align: left;">MNF invites you to - convert your story to reality.</p><p class="mcePastedContent"><br></p><p class="mcePastedContent" style="text-align: left;">❄️Convert your <a href="https://app.mynextfilm.ai/storytoscript/?utm_source=email&utm_medium=mailchimp&utm_campaign=mr41&utm_term=storytoscript" target="_blank" style="color: #0061fe;">Story into Screenplay</a>.</p><p class="mcePastedContent" style="text-align: left;">❄️Generate <a href="https://app.mynextfilm.ai/scriptpad2/?utm_source=email&utm_medium=mailchimp&utm_campaign=mr41&utm_term=aiassistedscene" target="_blank" style="color: #0061fe;">AI-assisted scenes</a> to develop your Screenplay.</p><p class="mcePastedContent" style="text-align: left;">❄️Discuss your Ideas with <a href="https://app.mynextfilm.ai/ideamall/?utm_source=email&utm_medium=mailchimp&utm_campaign=mr41&utm_term=mnfaiida" target="_blank" style="color: #0061fe;">MNF AI ’<strong>Ida</strong>’</a> and export them to ‘<strong>Scriptpad</strong>’.</p><p class="mcePastedContent" style="text-align: left;">❄️Convert your Script in <a href="https://app.mynextfilm.ai/conversion/?utm_source=email&utm_medium=mailchimp&utm_campaign=mr41&utm_term=differentlanguages" target="_blank" style="color: #0061fe;">different Languages</a>.</p><p class="mcePastedContent">❄️Post and <a href="https://app.mynextfilm.ai/ideamall/?utm_source=email&utm_medium=mailchimp&utm_campaign=mr41&utm_term=monetize" target="_blank" style="color: #0061fe;">Monetize your Ideas</a>.</p><p style="text-align: left;">❄️And do what you dream...</p><p class="mcePastedContent"><br></p><p style="text-align: left;"><span style="color:rgb(0, 0, 0);"><span style="font-size: 16px"><span style="font-family: 'Helvetica Neue', Helvetica, Arial, Verdana, sans-serif"><span style="background-color: rgb(255, 255, 255)">👉</span></span></span></span><a href="https://app.mynextfilm.ai/personal-registration?utm_source=email&utm_medium=mailchimp&utm_campaign=mr41&utm_term=claimexclusive" target="_blank" style="color: #0061fe;"><span style="font-size: 16px"><span style="font-family: 'Helvetica Neue', Helvetica, Arial, Verdana, sans-serif"><span style="background-color: rgb(255, 255, 255)">Click Here to Claim Your Exclusive Package!</span></span></span></a></p><p style="text-align: left;"><br></p><p style="text-align: left;">Cheers,</p><p style="text-align: left;">Isabella</p><p style="text-align: left;" class="last-child"><a href="https://mynextfilm.ai/?utm_source=email&utm_medium=mailchimp&utm_campaign=mr41&utm_term=cheers" target="_blank" style="color: #0061fe;">mynextfilm.ai</a></p> | H3: O2 | M3: B45
A4: CE2 | B4: When the capacity is available. | C4: to the Principal(104), to the teacher(9), to the lecturer professor(80), to the tutors tution centres(133), to the educational institutes(48), to the schools, + Colleges, +Universities, +_+Education(8) | D4: isabela@connect.mynextfilm.ai | E4: 💚💚Introduce AI-Aided Screenplay Writing For Your Students!💚💚 | F4: WELCOME!/Register To Explore What You Can Gift Them! | H4: O2 | M4: B12
A5: CE3 | B5: When the capacity is available. | C5: to the Channel+Sales+Persons(23), to the MLM Leader(90), to the Freelancers(62), to the Online Sellers(98), to the Relationship Mnaagers(112), to the Business+Development+_+Sales+Professionals(18) | D5: isabela@connect.mynextfilm.ai | E5: 🤯Opportunity To Earn As An Ambassador!💰💸 | F5: WELCOME!/Register To Explore What You Can Get! | H5: O2 | M5: B26
A6: CE4 | B6: When the capacity is available. | C6: to the Cab Users(19), to the (7), to the Phone pay users(10), to the D-Mat Account Holders(45), | D6: isabela@connect.mynextfilm.ai | E6: 📜Learn AI-Aided Screenplay Writing And Earn!📜 | F6: WELCOME!/Register To Explore What You Can Get! | H6: O2 | M6: B26
A7: CE5 | B7: When the capacity is available. | C7: to the CEO,+CFO,+CTO,+CMO(22), to the Company+MD,+Secretatiaty+_+Chairmen(31), to the Top Management Companies(129), to the NRI (non-Resident Indians)(96), to the Senior Citizens(117) | D7: isabela@connect.mynextfilm.ai | E7: 💐Bring Your Life Story To Silver Screen!💐 | F7: WELCOME!/Register To Find Out How Easy It Is! | H7: O2 | M7: B4
A8: CE6 | B8: When the capacity is available. | C8: to the Chief Managers(27), to the Entertainment Media(53), to the Media Planning Companies(87), to the Photographers(101), to the Graphic Designers(69), to the Digital Photography Studios(43), to the Designers Database(42), to the Software Engineers Database(120) | D8: isabela@connect.mynextfilm.ai | E8: ✍️Exploit Your Creativity And Earn! | F8: WELCOME!/Register To Get A Free Trial! | H8: O2 | M8: B45
A9: CE7 | B9: When the capacity is available(30 days after the CE1) | C9: to the students(4) | D9: sophia@connect.mynextfilm.ai | E9: Learn And Earn While You Study!💸💰 | F9: GET ONBOARD!/Realise Your Filmmaking Dreams! | H9: O2 | M9: B45
A10: CE8 | B10: When the capacity is available(30 days after CE2) | C10: to the Principal(104), to the teacher(9), to the lecturer professor(80), to the tutors tution centres(133), to the educational institutes(48), to the schools, + Colleges, +Universities, +_+Education(8) | D10: sophia@connect.mynextfilm.ai | E10: 💚💚Introduce AI-Aided Screenplay Writing For Your Students!💚💚 | F10: GET ONBOARD!/Your Students Will Be Grateful To You! | H10: O2 | M10: B12
A11: CE9 | B11: When the capacity is available(30 days after CE3) | C11: to the Channel+Sales+Persons(23), to the MLM Leader(90), to the Freelancers(62), to the Online Sellers(98), to the Relationship Mnaagers(112), to the Business+Development+_+Sales+Professionals(18) | D11: sophia@connect.mynextfilm.ai | E11: 🤯Opportunity To Earn As An Ambassador!💰💸 | F11: GET ONBOARD!/You Can't Miss It! | H11: O2 | M11: B26
A12: CE10 | B12: When the capacity is available(30 days after CE4) | C12: to the Cab Users(19), to the (7), to the Phone pay users(10), to the D-Mat Account Holders(45), | D12: sophia@connect.mynextfilm.ai | E12: 📜Learn AI-Aided Screenplay Writing And Earn!📜 | F12: GET ONBOARD!/You Can't Ignore It! | H12: O2 | M12: B26
A13: CE11 | B13: When the capacity is available(30 days after CE5) | C13: to the CEO,+CFO,+CTO,+CMO(22), to the Company+MD,+Secretatiaty+_+Chairmen(31), to the Top Management Companies(129), to the NRI (non-Resident Indians)(96), to the Senior Citizens(117) | D13: sophia@connect.mynextfilm.ai | E13: 💐Bring Your Life Story To Silver Screen!💐 | F13: GET ONBOARD!/Find Out How Easy It Is! | H13: O2 | M13: B4
A14: CE12 | B14: When the capacity is available(30 days after CE6) | C14: to the Chief Managers(27), to the Entertainment Media(53), to the Media Planning Companies(87), to the Photographers(101), to the Graphic Designers(69), to the Digital Photography Studios(43), to the Designers Database(42), to the Software Engineers Database(120) | D14: sophia@connect.mynextfilm.ai | E14: ✍️Exploit Your Creativity And Earn! | F14: GET ONBOARD!/You Can't Imagine How It Will Boost You Professionally! | H14: O2 | M14: B45
A15: CE13 | B15: When the capacity is available(30 days after the CE7) | C15: to the students(4) | E15: Learn And Earn While You Study!💸💰 | F15: STILL UNSURE?/You Can't Imagine, What You Will Create! | H15: O2 | M15: B45
A16: CE14 | B16: When the capacity is available(30 days after CE8) | C16: to the Principal(104), to the teacher(9), to the lecturer professor(80), to the tutors tution centres(133), to the educational institutes(48), to the schools, + Colleges, +Universities, +_+Education(8) | E16: 💚💚Introduce AI-Aided Screenplay Writing For Your Students!💚💚 | F16: STILL UNSURE?/You Can't Imagine, What You Will Create! | H16: O2 | M16: B12
A17: CE15 | B17: When the capacity is available(30 days after CE9) | C17: to the Channel+Sales+Persons(23), to the MLM Leader(90), to the Freelancers(62), to the Online Sellers(98), to the Relationship Mnaagers(112), to the Business+Development+_+Sales+Professionals(18) | E17: 🤯Opportunity To Earn As An Ambassador!💰💸 | F17: STILL UNSURE?/You Can't Imagine, What You Will Create! | H17: O2 | M17: B26
A18: CE16 | B18: When the capacity is available(30 days after CE10) | C18: to the Cab Users(19), to the (7), to the Phone pay users(10), to the D-Mat Account Holders(45), | E18: 📜Learn AI-Aided Screenplay Writing And Earn!📜 | F18: STILL UNSURE?/You Can't Imagine, What You Will Create! | H18: O2 | M18: B26
A19: CE17 | B19: When the capacity is available(30 days after CE11) | C19: to the CEO,+CFO,+CTO,+CMO(22), to the Company+MD,+Secretatiaty+_+Chairmen(31), to the Top Management Companies(129), to the NRI (non-Resident Indians)(96), to the Senior Citizens(117) | E19: 💐Bring Your Life Story To Silver Screen!💐 | F19: STILL UNSURE?/You Can't Imagine, What You Will Create! | H19: O2 | M19: B4
A20: CE18 | B20: When the capacity is available(30 days after CE12) | C20: to the Chief Managers(27), to the Entertainment Media(53), to the Media Planning Companies(87), to the Photographers(101), to the Graphic Designers(69), to the Digital Photography Studios(43), to the Designers Database(42), to the Software Engineers Database(120) | E20: ✍️Exploit Your Creativity And Earn! | F20: STILL UNSURE?/You Can't Imagine, What You Will Create! | H20: O2 | M20: B45

Sheet viewers lounge
B1: =counta(B3:B997) -> 23 | C1: Green - Done | D1: Red- On hold | E1: New/Changed | G1: =counta(G3:G997) -> 16 | J1: Result | P1: =counta(P3:P997) -> 14 | Q1: =counta(Q3:Q997) -> 15 | R1: =counta(R3:R997) -> 14 | S1: =COUNTA(S3:S1998) -> 5
A2: Email Code | B2: When does the mail go ? (Communication Trigger) | C2: To whom does the mail go ? | D2: from_email | E2: Subject | F2: Title | G2: Main Invitation | H2: Additional Opening for Action | J2: Message on mynextfilm.ai | K2: Notification on mynextfilm.ai, to the User. | L2: News for the Buddies on mynextfilm.ai to Buddy's Member Profile. | M2: Doodle Url | N2: Poster Url | O2: Doodle Code | P2: reviewed? | Q2: Implemented? | R2: tested ? | S2: Reviewed/Written by Arzoo
A3: VW1 | B3: When merge video is complete in video introduction | C3: To the user | D3: noreply@mynextfilm.ai | E3: Video Introduction is Ready! 📽️ | F3: LEAP FORWARD!/ You are Poised for Next Level of Social Media Popularity. | G3: <b> Dear {User},</b> <br> <br> Your video introduction has been created and is available for viewing. <br><br>To share it across Social Media platforms [click here]({url}). <br> <br> <b>Best Regards</b><br> <b>Team My Next Film </b> | H3: O2 | K3: Your Video Introduction is ready for sharing. | L3: [{User}]({User url}) has posted Video Introduction on Member Profile and Viewing Lounge. | M3: https://uidemos.s3.ap-south-1.amazonaws.com/video+introduction.png | N3: https://uidemos.s3.ap-south-1.amazonaws.com/17.png | O3: B39 | P3: yes | Q3: yes
A4: VW2 | B4: When user share a link | C4: To the user | D4: noreply@mynextfilm.ai | E4: Link Posted! | F4: SUCCESS!/ You've Shared a Link in Viewing Lounge!! | G4: <b>Dear [{User}]({User url}),</b> <br> <br> To view your shared link, visit [Viewing Lounge]({url}). <br> <br> <b>Best Regards</b><br> <b>Team My Next Film </b> | H4: O2 | K4: Link successfully posted! | L4: [{User}]({User url}) has shared a new link in Viewing Lounge. | M4: https://uidemos.s3.ap-south-1.amazonaws.com/viewing+lounge.png | N4: https://uidemos.s3.ap-south-1.amazonaws.com/17.png | O4: B15 | P4: yes | Q4: yes | R4: yes
A5: VW3 | B5: when user upload videos | C5: To the user | D5: noreply@mynextfilm.ai | E5: {Video Type} "{Video Title}" Under Review! 📽️ | F5: SIT BACK!/Your {Video Type} "{Video Title}" in {Language} will be Available to Public after Approval. | G5: <b>Dear [{User}]({User url}),</b> <br> <br> Your {Video Type} "[{Video Title}]({Video Title url})" has been uploaded and is under review. We will let you know if it passes the scrutiny of your conscience keepers. <br> <br> <b>Best Regards</b><br> <b>Team My Next Film </b> | H5: O2 | M5: https://uidemos.s3.ap-south-1.amazonaws.com/Upload.png | N5: https://uidemos.s3.ap-south-1.amazonaws.com/17.png | O5: B58 | P5: yes | Q5: yes | R5: yes
A6: VW4 | B6: when user upload showreel | C6: To the user | D6: noreply@mynextfilm.ai | E6: {Video Type} Under Review! 📽️ | F6: SIT BACK!/Your {Video Type} in {Language} will be Available to Public after Approval. | G6: <b>Dear [{User}]({User url}),</b> <br> <br> Your {Video Type} has been uploaded and is under review. We will let you know if it passes the scrutiny of your conscience keepers. <br> <br> <b>Best Regards</b><br> <b>Team My Next Film </b> | H6: O2 | M6: https://uidemos.s3.ap-south-1.amazonaws.com/Upload.png | N6: https://uidemos.s3.ap-south-1.amazonaws.com/17.png | O6: B58 | Q6: yes | R6: yes
A7: VW10 | B7: when the user sends a buddy request to an MNF User who is not a Buddy | C7: To the Reciever | D7: noreply@mynextfilm.ai | E7: Hey! You Are Getting Popular | F7: INVITED!/Someone aspiring to {Dream} is interested in your life story. | G7: [Embrace {Sender's Name}]({As a clickable button}) | H7: O2 | L7: [{Receiver}]({Receiver url}) has received a Buddy Request from [{Sender's Name}]({Sender's Name url}). | M7: https://uidemos.s3.ap-south-1.amazonaws.com/IMG_8862.png | N7: https://uidemos.s3.ap-south-1.amazonaws.com/17.png | O7: B37 | P7: yes | Q7: yes | R7: yes
A8: VW17 | B8: when the user sends a buddy request to an MNF User who is not a Buddy | C8: To the Sender | K8: Your Buddy Request to [{Receiver}]({Receiver url}) is sent. Once the request is accepted, [{Receiver}]({Receiver url}) will appear in your [Buddy list]({url}). | L8: [{Sender's Name}]({Sender's Name url}) has sent a Buddy Request to [{Receiver}]({Receiver url}). | M8: https://uidemos.s3.ap-south-1.amazonaws.com/video+introduction.png | N8: https://uidemos.s3.ap-south-1.amazonaws.com/17.png | Q8: yes | R8: yes
A9: VW11 | B9: when the user accepts a buddy request | C9: To the Sender.(Requester) | D9: noreply@mynextfilm.ai | E9: Good News! | F9: NEW BUDDY!/ Your Filmmaking Community is Growing! | G9: <b>Dear [{Sender's Name}]({Sender's Name url}),</b> <br> <br> Congratulations! [{Name of Acceptor}]({Name of Acceptor url}) is your Buddy now. <br> <br> <b>Best Regards</b><br> <b>Team My Next Film </b> | H9: O2 | K9: [{Name of Acceptor}]({Name of Acceptor url}) is your Buddy now. | L9: [{Name of Acceptor}]({Name of Acceptor url}) has [{Sender's Name}]({Sender's Name url}) as Buddy. | M9: https://uidemos.s3.ap-south-1.amazonaws.com/successful.png | N9: https://uidemos.s3.ap-south-1.amazonaws.com/17.png | O9: B35 | P9: yes | Q9: yes | R9: yes
A10: VW18 | B10: when the user accepts a buddy request | C10: To the Reciever.(Acceptor) | K10: [{Sender's Name}]({Sender's Name url}) is your Buddy now. | L10: [{Name of Acceptor}]({Name of Acceptor url}) and [{Sender's Name}]({Sender's Name url}) are Buddies now. | M10: https://uidemos.s3.ap-south-1.amazonaws.com/successful.png | N10: https://uidemos.s3.ap-south-1.amazonaws.com/17.png | Q10: yes | R10: yes
A11: VW13 | B11: when someone like your video | C11: To the User(Video Owner) | D11: noreply@mynextfilm.ai | E11: Got A Like on "{Video Title}"! 👍 | F11: YAY!/{Sender's Name} has liked "{Video Title}". | G11: <b>Dear [{Video Owner}]({Video Owner url}),</b> <br> <br> [{Sender's Name}]({Sender's Name url}) has liked the video "[{Video Title}]({Video Title url})". <br> <br> We encourage you to continue sharing your unique perspective, as your contributions have the power to inspire, inform, and entertain. <br> <br> <b> Best Regards </b> <br> <b> Team My Next Film </b> | H11: O2 | K11: [{Sender's Name}]({Sender's Name url}) has liked "[{Video Title}]({Video Title url})". | L11: [{Sender's Name}]({Sender's Name url}) has liked [{Video Owner}'s]({Video Owner url}) {Video Type} "[{Video Title}]({Video Title url})". | M11: https://uidemos.s3.ap-south-1.amazonaws.com/someone+likes+the+premise.png | N11: https://uidemos.s3.ap-south-1.amazonaws.com/17.png | O11: B62 | P11: yes | Q11: yes | R11: yes
A12: VW21 | B12: when someone like your video | C12: To the user(Liker) | D12: noreply@mynextfilm.ai | L12: [{Sender's Name}]({Sender's Name url}) has liked [{Video Owner}'s]({Video Owner url}) {Video Type} "[{Video Title}]({Video Title url})". | M12: https://uidemos.s3.ap-south-1.amazonaws.com/Thank+you.png | N12: https://uidemos.s3.ap-south-1.amazonaws.com/17.png | O12: B31 | Q12: yes | R12: yes
A13: VW14 | B13: when someone comment on your video | C13: To the user(Video Owner) | D13: noreply@mynextfilm.ai | E13: Got A Comment! | F13: WOAH!/{Commenter's Name} Has Commented on "{Video Title}" | G13: <b>Dear [{Video Owner}]({Video Owner url}),</b> <br> <br> To check out and respond to the comment, visit [Viewing Lounge]({url}). <br> <br> <b> Best Regards </b> <br> <b> Team My Next Film </b> | H13: O2 | K13: [{Commenter's Name}]({Commenter's Name url}) has Commented on "[{Video Title}]({Video Title url})". | L13: [{Video Owner}]({Video Owner url}) has received a comment from [{Commenter's Name}]({Commenter's Name url}) on "[{Video Title}]({Video Title url})". | M13: https://uidemos.s3.ap-south-1.amazonaws.com/someone+likes+comment.png | N13: https://uidemos.s3.ap-south-1.amazonaws.com/17.png | O13: B42 | P13: yes | Q13: yes | R13: yes
A14: VW22 | B14: when someone comment on your video | C14: To the user(Commenter) | D14: noreply@mynextfilm.ai | K14: Your comment on [{Video Owner}'s]({Video Owner url}) {Video Type} "[{Video Title}]({Video Title url})" has been posted. | L14: [{Commenter's Name}]({Commenter's Name url}) has commented on [{Video Owner}'s]({Video Owner url}) {Video Type} "[{Video Title}]({Video Title url})". | M14: https://uidemos.s3.ap-south-1.amazonaws.com/someone+likes+comment.png | N14: https://uidemos.s3.ap-south-1.amazonaws.com/17.png | Q14: yes | R14: yes
A15: VW15 | B15: when someone(non MNF User) is invited by someone to be a buddy | C15: To Reciever(Invited) | D15: noreply@mynextfilm.ai | E15: Someone aspiring to {Dream} is interested in your life story. 🤩 | F15: YOUR TURN!/ Accept {Sender's Name}'s Buddy Request. | G15: To accept {Sender's Name}'s buddy request:- <br><br>Step1. [Register at mynextfilm.ai.]({Register url}) <br>Step2. After registration, please come back and [Click here to Embrace {Sender's Name}]({Sender's Name url}) | H15: O2 | M15: https://uidemos.s3.ap-south-1.amazonaws.com/IMG_8862.png | N15: https://uidemos.s3.ap-south-1.amazonaws.com/17.png | O15: B37 | P15: yes | Q15: yes
A16: VW16 | B16: when someone(non MNF User) is invited by someone to be a buddy | C16: To Sender (Inviter) | K16: Your Buddy Request to {Receiver} is sent. Once the request is accepted, your contact will appear in your [Buddy list]({url}). | M16: https://uidemos.s3.ap-south-1.amazonaws.com/IMG_8862.png | N16: https://uidemos.s3.ap-south-1.amazonaws.com/17.png | Q16: yes | R16: yes
A17: VW19 | B17: Uploaded video is approved | F17: <b>Dear {User},</b> <br> <br> Your {Type of Video} "{Video Title}" has been uploaded and is under review. We will let you know if it passes the scrutiny of your conscience keepers. <br> <br> <b>Best Regards</b><br> <b>Team My Next Film </b> | M17: https://uidemos.s3.ap-south-1.amazonaws.com/congratulate.png | N17: https://uidemos.s3.ap-south-1.amazonaws.com/17.png | O17: B34
A18: VW20 | B18: Uploaded video is Rejected
A19: VW23 | B19: when someone sends a message | C19: To Reciever | D19: noreply@mynextfilm.ai | E19: Must check! | F19: OPPORTUNITY?/ {Sender's Name} has something to say to you. | G19: [View Message]({View Message url}) | H19: O2 | M19: https://uidemos.s3.ap-south-1.amazonaws.com/message.png | N19: https://uidemos.s3.ap-south-1.amazonaws.com/17.png | O19: B59 | P19: yes | Q19: yes | R19: yes
A20: VW24 | B20: when admin approved the video | C20: To Video owner | D20: noreply@mynextfilm.ai | E20: Hope You Are Not Acrophobic! 😱 | F20: CORROBORATED!/ "{Video Name}" Is Ready To Go Viral | G20: [Add Another Video](https://app.mynextfilm.ai/viewerlounge/viewers_longue/#/upload_video) | H20: O2 | M20: https://uidemos.s3.ap-south-1.amazonaws.com/Upload.png | N20: https://uidemos.s3.ap-south-1.amazonaws.com/17.png | O20: B58 | P20: yes | R20: yes
A21: VW25 | B21: when Viewer likes the link posted by the user. | C21: User | D21: noreply@mynextfilm.ai | E21: 🌻🌻Getting Noticed!🌻🌻 | F21: WOOHOO!/{Viewer Name} Has Showed Interest! | G21: <b>Dear [{User Name}]({User Name url}),</b> <br> <br> [{Viewer Name}]({Viewer Name}) has liked the [link](Link url) you shared. <br><br> You are making a beautiful impact — keep up the great work! <br><br> <b>Best Regards</b><br> <b>Team My Next Film </b> | H21: O2 | O21: B62 | P21: yes | S21: Written
A22: VW26 | B22: when viewer comments on the link posted by the user | C22: User | D22: noreply@mynextfilm.ai | E22: Look What Was Said!🤩 | F22: CHECK OUT!/{Viewer Name} Engaged With Your Shared Link! | G22: <b>Dear [{User Name}]({User Name url}),</b> <br> <br> [{Viewer Name}]({Viewer Name}) has liked the [link](Link url) you shared. <br><br> 🤔Want to know what he said? [Click here](Link url) to find out! <br><br> <b>Best Regards</b><br> <b>Team My Next Film </b> | H22: O2 | O22: B42 | P22: yes | S22: Written
A23: VW27 | B23: when Viewer likes the showreel posted by the user | C23: User | D23: noreply@mynextfilm.ai | E23: You're Winning Hearts!❤️❤️ | F23: BRAVO!/You Got A Like From {Viewer Name}! | G23: <b>Dear [{User Name}]({User Name url}),</b> <br> <br> [{Viewer Name}]({Viewer Name}) has liked the showreel - [{Showreel name}]({Showreel url}). <br><br> You are making a beautiful impact — keep up the great work! <br><br> <b>Best Regards</b><br> <b>Team My Next Film </b> | H23: O3 | O23: B62 | P23: yes | S23: Written
A24: VW28 | B24: when Viewer comments on the showreel posted by the user | C24: User | D24: noreply@mynextfilm.ai | E24: You're Trending!📈📈 | F24: GUESS WHAT?/{Viewer Name} Commented On Your Showreel! | G24: <b>Dear [{User Name}]({User Name url}),</b> <br> <br> {Viewer Name} has commented on your showreel - [{Showreel name}]({Showreel url}). <br><br> 🤔Curious to know what he said? [Click here][{Showreel url}] to find out! <br><br> <b>Best Regards</b><br> <b>Team My Next Film </b> | H24: O4 | O24: B42 | P24: yes | S24: Written
A25: VW29 | B25: when Showreel is posted | C25: User | D25: noreply@mynextfilm.ai | E25: All Eyes On You! | F25: IT' S LIVE!/ Time To Shine Bright! | G25: <b>Dear [{User Name}]({User Name url}),</b> <br> <br> Your {Showreel} ({Showreel url}) has been Successfully uploaded and is now visible to the entire MNF Community. <br> <br> Wishing you the best for your future endeavors! <br> <br> <b>Best Regards</b><br> <b>Team My Next Film </b> | H25: O5 | S25: Written

Sheet 2.membershipReferences
A1: n | B1: =counta(B3:B974) -> 143 | C1: Red- On hold | F1: Traction Team | G1: =counta(G3:G974) -> 122 | P1: =counta(P3:P974) -> 108 | Q1: =counta(Q3:Q974) -> 2 | R1: =counta(R3:R974) -> 1 | S1: =COUNTA(S4:S2000) -> 78
A2: Email Code | B2: When does the mail go ? (Communication Trigger) | C2: To whom does the mail go ? | D2: from_email | E2: Subject | F2: Title | G2: Main Invitation | H2: Additional Opening for Action | J2: Message on mynextfilm.ai | K2: Notification on mynextfilm.ai, to the User. | L2: News for the Buddies on mynextfilm.ai to Buddy's Member Profile. | M2: Doodle url | N2: Poster Url | O2: Doodle Code | P2: reviewed? | Q2: Implemented? | R2: tested ? | S2: Reviewed/Written by Arzoo
A3: Sign up and membership
A4: MR1 | B4: when someone signs up MNF - immediately | C4: User(to the person who signs up) | D4: noreply@mynextfilm.ai | E4: Signed Up 👍 | F4: CONGRATULATIONS!/ You Are Now In MNF Community | G4: <b> Dear {User}, </b> <br> <br> Welcome to MNF, your gateway to a smoother sail on your filmmaking journey. You've taken the first step towards filmmaking with AI. <br> <br> We promise to make every moment worthwhile. To your pleasant surprise, gradually you will discover that every aspect of filmmaking has become so simple - Be it brainstorming with <b>Ida</b>, exporting beats, generating scenes, translating scripts into several languages, creating pitchdeck, growing your community, etc. <br> <br> Should you have any questions or need assistance. Feel free to reach out at [support@mynextfilm.ai](support@mynextfilm.ai). <br>Best of luck and loads of Fun with YOUR NEXT FILMS! Here’s to more Hits! <br> <br> <b>Best Regards</b><br> <b>Team My Next Film</b> | H4: O97 | M4: https://uidemos.s3.ap-south-1.amazonaws.com/REGISTRATION.png | N4: https://uidemos.s3.ap-south-1.amazonaws.com/17.png | O4: B27 | P4: yes | Q4: yes | R4: yes | T4: no mail recieved
A5: MR3 | B5: on upgradation of membership by the user(from monthly to annual) | C5: to the user | D5: noreply@mynextfilm.ai | E5: You have upgraded your membership | F5: CONGRATULATIONS!/ You are now more privileged!! | G5: <b> Dear {User},</b> <br> <br> CONGRATULATIONS! Your decision to upgrade your MNF membership from monthly to annual has been successful, and we're thrilled to share this exciting journey with you. <br> <br> By making this upgrade, you've unlocked a full year of premium benefits, uninterrupted access, and enhanced experiences. <br> <br> Should you have any questions or need assistance, our support team is here to help. Feel free to reach out at any time. <br> <b>Best Regards </b> <br> <b>Team My Next Film<br> | H5: O97 | I5: Refer MNF to your friends | J5: Be generous and show the right path to filmmaking aspirant by referring MNF to your friends They will be ever grateful to you for doing so. | M5: https://uidemos.s3.ap-south-1.amazonaws.com/REGISTRATION.png | N5: https://uidemos.s3.ap-south-1.amazonaws.com/17.png
A6: MR5 | B6: do | C6: to RM | D6: noreply@mynextfilm.ai | E6: You have a new lifetime friend. | F6: KUDOS!/You are related with a new life member!! | G6: <b> Dear {User}, </b> <br> <br> We are writing this email to let you know that the person you referred us to has now become a lifetime member. <br> <br> We wanted to express our deepest gratitude for referring your friend. As the referring member of a lifetime member, you too are now eligible for certain perks and benefits which will soon be reflected on your account. <br> <br> If you have any questions or have any doubts, do not hesitate to get in touch with us. <br> <br> <b>Best Regards </b> <br> <b>Team My Next Film<br> | H6: O98 | M6: https://uidemos.s3.ap-south-1.amazonaws.com/REGISTRATION.png | N6: https://uidemos.s3.ap-south-1.amazonaws.com/17.png
A7: MR6 | B7: when membership is extended without payment because of referred people joining | C7: to the user | D7: noreply@mynextfilm.ai | E7: You have reaped a fruit. | F7: CONGRATULATIONS!/Your MNF privileges period is extended!! | G7: <b>Dear {User}, </b> <br> <br> CONGRATULATIONS! Your support and enthusiasm for MNF have not only been noticed but also generously rewarded. We're excited to let you know that your membership has been extended as a token of appreciation for referring friends who have joined our community. <br> <br> Your commitment to MNF and your efforts in spreading the word have contributed to our growth, and we couldn't be more grateful. As a gesture of thanks, your membership has been extended, giving you even more time to enjoy the premium benefits and experiences that MNF offers. <br> <br> Your referrals have helped build a stronger MNF community, and we're excited to have you as a vital part of it. Keep connecting, sharing, and experiencing the best that MNF has to offer. <br> <br> If you have any questions, need assistance, or want to share more feedback, our dedicated support team is here to assist you. Feel free to reach out at any time. <br> <br> <b>Best Regards </b> <br> <b>Team My Next Film<br> | H7: O98 | M7: https://uidemos.s3.ap-south-1.amazonaws.com/REGISTRATION.png | N7: https://uidemos.s3.ap-south-1.amazonaws.com/17.png
A8: MR7 | B8: Privileges are extended by MNF | C8: to the user | D8: noreply@mynextfilm.ai | E8: You have a gift from MNF. | F8: CONGRATULATIONS!/ Your privileges will live longer!! | G8: <b> Dear {user}, </b> <br> <br> We're thrilled to inform you that your MNF membership has been extended, granting you more time to savor the remarkable benefits and experiences we offer. <br> <br> This extension is a gesture of appreciation for your loyalty and engagement with MNF. We're dedicated to ensuring that you have ample time to explore, discover, and make the most of your membership. <br> <br> Continue to enjoy premium content, exclusive offers, and a community that values your presence. Should you have any questions, require assistance, or simply want to share your thoughts, our support team is here to help. Feel free to reach out at your convenience. <br> <br> <b>Best Regards </b> <br> <b>Team My Next Film<br> | H8: O97 | M8: https://uidemos.s3.ap-south-1.amazonaws.com/REGISTRATION.png | N8: https://uidemos.s3.ap-south-1.amazonaws.com/17.png
D9: noreply@mynextfilm.ai | M9: https://uidemos.s3.ap-south-1.amazonaws.com/REGISTRATION.png | N9: https://uidemos.s3.ap-south-1.amazonaws.com/17.png
A10: MR08 | B10: New sign ups-after 10 days (if the user does not visit for 10 days) | C10: to the user | D10: noreply@mynextfilm.ai | E10: Your privileges are waiting | F10: MAKE UP YOUR MIND!/Take a look at the privileges of MNF members!! | G10: <b> Dear {User}, </b> <br> <br> We notice that you haven't logged into your account in the last couple of days and we wanted to catch you up with what's going on. <br> <br> New sign-ups are due after 10 days and your privilages are waiting. So if you want to take advantage of your remaining privileges, log into your account now. <br> <br> Should you have any questions, require assistance, or simply want to share your thoughts, our support team is here to help. Feel free to reach out at your convenience. <br> <br> <b>Best Regards </b> <br> <b>Team My Next Film<br> | H10: O99 | M10: https://uidemos.s3.ap-south-1.amazonaws.com/REGISTRATION.png | N10: https://uidemos.s3.ap-south-1.amazonaws.com/17.png
D11: noreply@mynextfilm.ai | M11: https://uidemos.s3.ap-south-1.amazonaws.com/REGISTRATION.png | N11: https://uidemos.s3.ap-south-1.amazonaws.com/17.png
D12: noreply@mynextfilm.ai | M12: https://uidemos.s3.ap-south-1.amazonaws.com/REGISTRATION.png | N12: https://uidemos.s3.ap-south-1.amazonaws.com/17.png
A13: MR17 | B13: When the person to whom the gift was made subscribes | C13: to the sender of the gift | D13: noreply@mynextfilm.ai | E13: A pledge is redeemed | F13: CREDITIABLE!/ Your gift is accepted!! | G13: <b> Dear {User}, </b> <br> <br> You've claimed your gift and we thank you for it. <br> <br> You recently received membership from your friend, and your sign-up platform has been successful. You can now enjoy the benefits that your membership entails <br> <br> We sincerely hope you enjoy your journey with MNF. Do not forget to thank your friend for your gift. <br> <br> If you have any questions or feedback, do not hesitate to get in touch with us. <br> <br> <b>Best Regards </b> <br> <b>Team My Next Film<br> | H13: O95 | M13: https://uidemos.s3.ap-south-1.amazonaws.com/REGISTRATION.png | N13: https://uidemos.s3.ap-south-1.amazonaws.com/17.png
D14: noreply@mynextfilm.ai | M14: https://uidemos.s3.ap-south-1.amazonaws.com/REGISTRATION.png | N14: https://uidemos.s3.ap-south-1.amazonaws.com/17.png
D15: noreply@mynextfilm.ai | M15: https://uidemos.s3.ap-south-1.amazonaws.com/REGISTRATION.png | N15: https://uidemos.s3.ap-south-1.amazonaws.com/17.png
A16: MR23 | B16: when a payment is received but service is not delivered | C16: to the user | D16: noreply@mynextfilm.ai | E16: We are investigating the reason | F16: SOLICITING PATIENCE !/ (Service name) will be rendered soon!! | G16: <b> Dear {User}, </b> <br> <br> We are writing you this email to let you know that we have received your payment. <br> <br> We know that your service hasn't been activated yet. Don't worry we are working on it and it will be reactivating in a minute. <br> <br> We apologize for the inconvenience. If you need any help or have any questions, do not hesitate to get in touch with us. <br> <br> <b>Best Regards </b> <br> <b>Team My Next Film<br> | H16: O97 | M16: https://uidemos.s3.ap-south-1.amazonaws.com/REGISTRATION.png | N16: https://uidemos.s3.ap-south-1.amazonaws.com/17.png
A17: MR27 | B17: when payment is due (Eg, sciript uploaded for any service but payment not made/ user logs out without making payment) | C17: to the user | D17: noreply@mynextfilm.ai | E17: Payment is due | F17: STUCK!/ We are keen to serve you!! | G17: <b>Dear {User},</b> <br> <br> We hope this email finds you well. We wanted to remind you that a payment is due for the services you're currently enjoying with MNF. <br> <br> Ensuring timely payments ensures uninterrupted access to our premium features, content, and benefits. <br> <br> To avoid any disruption in your MNF experience, please make the payment by the due date. We appreciate your continued support and participation in our community. <br> <br> If you have any questions or require assistance regarding the payment process or your services, feel free to reach out to our support team. We're here to help you every step of the way. <br> <br> <b>Best Regards </b> <br> <b>Team My Next Film<br> | H17: O97 | M17: https://uidemos.s3.ap-south-1.amazonaws.com/REGISTRATION.png | N17: https://uidemos.s3.ap-south-1.amazonaws.com/17.png
A18: MR28 | B18: When a refund is issued to the user for service failure | C18: to the user | D18: noreply@mynextfilm.ai | E18: Inconvenience is regretted!! | F18: WE'LL IMPROVE!/Your refund is on the way!! | G18: Dear {User}, We hope this email finds you well. We would like to inform you that a refund has been processed for the service you recently purchased from MNF. <br> <br> We sincerely apologize for any inconvenience or disappointment caused by the service not meeting your expectations. <br> <br> The refund will be credited back to your original payment method and should reflect within a few business days. <br> <br> Thank you for your understanding, and we hope to have the opportunity to provide you with a better experience in the future. <br> <br> <b>Best Regards </b> <br> <b>Team My Next Film<br> | H18: O97 | M18: https://uidemos.s3.ap-south-1.amazonaws.com/REGISTRATION.png | N18: https://uidemos.s3.ap-south-1.amazonaws.com/17.png
A19: MR29 | B19: When RM of life member changes | C19: to the user | D19: noreply@mynextfilm.ai | E19: You have a new lifetime friend | F19: EMBRACE CHANGE!/ {RM Name} is for you henceforth!! | G19: <b>Dear {User},</b> <br> <br> We hope you're enjoying your journey as a lifetime member of MNF. We're writing to inform you of an important update regarding your referring member. <br> <br> The referring member associated with your MNF lifetime membership has been updated to another person. Rest assured, this change does not impact your lifetime benefits or the exceptional experiences you're entitled to. <br> <br> Your new friend is excited to welcome you to the community and continue to provide you with support and guidance throughout your MNF journey. <br> <br> Should you have any questions or need assistance with anything related to your lifetime membership, your benefits, or anything else, please don't hesitate to contact our support team. <br> <br> <b>Best Regards </b> <br> <b>Team My Next Film<br> | H19: O97 | M19: https://uidemos.s3.ap-south-1.amazonaws.com/REGISTRATION.png | N19: https://uidemos.s3.ap-south-1.amazonaws.com/17.png
A20: MR30 | B20: DO | C20: to the RM | D20: noreply@mynextfilm.ai | E20: You have a new lifetime friend. | F20: KUDOS!/You are related with a new life member!! | G20: <b> Dear {User}, </b> <br> <br> We are writing you this email to let you know that you are now the referring member of a lifetime member. <br> <br> Your new referral benefits will soon be reflected in your account. You can meanwhile enjoy your existing privileges. <br> <br> If you have any questions about the changes, do not hesitate to get in touch with us. <br> <br> <b>Best Regards </b> <br> <b>Team My Next Film<br> | H20: O97 | M20: https://uidemos.s3.ap-south-1.amazonaws.com/REGISTRATION.png | N20: https://uidemos.s3.ap-south-1.amazonaws.com/17.png
A21: MR2 | B21: When user succesfully change his passward | C21: To the user | D21: noreply@mynextfilm.ai | E21: U'r Back!👍 | F21: WHEW!/Password Successfully Changed! | G21: <b>Dear {sender},</b> <br> <br> Save it by emailing it to yourself to avoid future trouble. <br> <br> <b>Best Regards </b> <br> <b>Team My Next Film<br> | H21: O2 | M21: https://uidemos.s3.ap-south-1.amazonaws.com/REGISTRATION.png | N21: https://uidemos.s3.ap-south-1.amazonaws.com/17.png | O21: B35 | P21: yes | S21: Written
A22: MR31 | B22: if the person has not logged in for 3 days after registration | C22: to the user | D22: noreply@mynextfilm.ai | E22: Explore Anew!✨ | F22: OH HO!/Lots Have Happened In Your Absence! | G22: <b>Hi {User First Name},</b> <br><br>We haven't seen you around since you registered 3 days ago. <br><br>You are missing on Filmmakers worldwide: <br>❄️Getting to know you through your Video Introduction created on MNF. <br>❄️Adding you as a Buddy. <br>❄️Buying your projects. <br><br>To open the door to above and many more possibilities! <br><br>[👉 Login Now]({url}) <br><br><b>Cheers,</b> <b>MNF Team</b> | H22: O43 | M22: B33 | P22: yes | S22: Written
A23: MR32 | B23: if the person has not logged in for 6 days after registration | C23: to the user | D23: noreply@mynextfilm.ai | E23: Get Set Go!🕺 | F23: HOLD YOUR BREATH!/Typhoon Of Innovation Arrived!🍃 | G23: <b>Hi {User First Name},</b> <br><br>We haven't seen you around since you registered 6 days ago. <br><br>You are missing on Filmmakers worldwide: <br>❄️Getting to know you through your Video Introduction created on MNF. <br>❄️Adding you as a Buddy. <br>❄️Buying your projects. <br><br>To open the door to above and many more possibilities! <br><br>[👉 Login Now]({url}) <br><br><b>Cheers,</b> <b>MNF Team</b> | H23: O43 | M23: B33 | P23: yes | S23: Written
A24: MR33 | B24: if the person has not logged in for 9 days after registration | C24: to the user | D24: noreply@mynextfilm.ai | E24: Launch Now! | F24: TICK TICK TICK!/Every Second Counts!⏳ | G24: <b>Hi {User First Name},</b> <br><br>We haven't seen you around since you registered 9 days ago. <br><br>You are missing on Filmmakers worldwide: <br>❄️Getting to know you through your Video Introduction created on MNF. <br>❄️Adding you as a Buddy. <br>❄️Buying your projects. <br><br>To open the door to above and many more possibilities! <br><br>[👉 Login Now]({url}) <br><br><b>Cheers,</b> <b>MNF Team</b> | H24: O43 | M24: B33 | P24: yes | Q24: yes | S24: Written
A25: MR34 | B25: if the person has not logged in for 12 days after registration | C25: to the user | D25: noreply@mynextfilm.ai | E25: Future Calling! | F25: TIME IS NOW!/Get Back On Track!🎼 | G25: <b>Hi {User First Name},</b> <br><br>We haven't seen you around since you registered 12 days ago. <br><br>You are missing on Filmmakers worldwide: <br>❄️Getting to know you through your Video Introduction created on MNF. <br>❄️Adding you as a Buddy. <br>❄️Buying your projects. <br><br>To open the door to above and many more possibilities! <br><br>[👉 Login Now]({url}) <br><br><b>Cheers,</b> <b>MNF Team</b> | H25: O43 | M25: B33 | P25: yes | S25: Written
A26: MR35 | B26: if the person has not logged in for 15 days after registration | C26: to the user | D26: noreply@mynextfilm.ai | E26: Dream Big!💭 | F26: BE PATIENT!/Creation Takes Time!⏰ | G26: <b>Hi {User First Name},</b> <br><br>We haven't seen you around since you registered 15 days ago. <br><br>You are missing on Filmmakers worldwide: <br>❄️Getting to know you through your Video Introduction created on MNF. <br>❄️Adding you as a Buddy. <br>❄️Buying your projects. <br><br>To open the door to above and many more possibilities! <br><br>[👉 Login Now]({url}) <br><br><b>Cheers,</b> <b>MNF Team</b> | H26: O43 | M26: B33 | P26: yes | S26: Written
A27: MR145 | B27: if the person has not logged in for 30 days after registration | C27: to the user | D27: noreply@mynextfilm.ai | E27: Take Off!🚀 | F27: WHOOSH!/Get Propelled Into Stardom!🌠🌠 | G27: <b>Hi {User First Name},</b> <br><br>We haven't seen you around since you registered 30 days ago. <br><br>You are missing on Filmmakers worldwide: <br>❄️Getting to know you through your Video Introduction created on MNF. <br>❄️Adding you as a Buddy. <br>❄️Buying your projects. <br><br>To open the door to above and many more possibilities! <br><br>[👉 Login Now]({url}) <br><br><b>Cheers,</b> <b>MNF Team</b> | H27: O43 | M27: B33 | P27: yes | S27: Written
A28: MR146 | B28: if the person has not logged in for 45 days after registration | C28: to the user | D28: noreply@mynextfilm.ai | E28: Onboard Now!🚢 | F28: SET SAILS!/Cruise To Newer Destinations!🪧 | G28: <b>Hi {User First Name},</b> <br><br>We haven't seen you around since you registered 45 days ago. <br><br>You are missing on Filmmakers worldwide: <br>❄️Getting to know you through your Video Introduction created on MNF. <br>❄️Adding you as a Buddy. <br>❄️Buying your projects. <br><br>To open the door to above and many more possibilities! <br><br>[👉 Login Now]({url}) <br><br><b>Cheers,</b> <b>MNF Team</b> | H28: O43 | M28: B33 | P28: yes | S28: Written
A29: MR147 | B29: if the person has not logged in for 60 days after registration | C29: to the user | D29: noreply@mynextfilm.ai | E29: Explore Anew!✨ | F29: OH HO!/Lots Have Happened In Your Absence! | G29: <b>Hi {User First Name},</b> <br><br>We haven't seen you around since you registered 60 days ago. <br><br>You are missing on Filmmakers worldwide: <br>❄️Getting to know you through your Video Introduction created on MNF. <br>❄️Adding you as a Buddy. <br>❄️Buying your projects. <br><br>To open the door to above and many more possibilities! <br><br>[👉 Login Now]({url}) <br><br><b>Cheers,</b> <b>MNF Team</b> | H29: O43 | M29: B33 | P29: yes | S29: Written
A30: MR36 | B30: 3 Days after registration(if the person has not activated free trial for 3 days) | C30: to the user | D30: noreply@mynextfilm.ai | E30: Be Surprised! 🎊 | F30: ACT FAST!/ Your Free Trial Is Waiting! | G30: <b>Dear {User}</b><br><br>After activating the Free Trial Package you can:<br>❄️Post and Monetize Premises in Premise Pool.<br>❄️Brainstorm with AI on Your Premises and Add Brainstorms to Beat Sheet on the Script pad.<br>❄️Generate AI-assisted scenes from Beats and Generate your Scripts in the Script pad.<br>❄️Convert Story to Script in the Script Builder.<br>❄️Convert your Script in different Languages in the Conversion Studio.<br>❄️And do much more...<br><br>[👉Activate Your Free Trial Package Now!]({Pricing Page url})<br><br><b>Cheers,</b><br><b>MNF Team</b> | H30: O43 | K30: Your Free Trial Is Waiting! | M30: B45 | P30: yes | S30: Written
A31: MR37 | B31: 6 Days after registration(if the person has not activated free trial for 6 days) | C31: to the user | D31: noreply@mynextfilm.ai | E31: Get Started😇 | F31: DON'T WAIT!/You Have Not Yet Claimed Your Free Trial Package! | G31: <b>Dear {User}</b><br><br>After activating the Free Trial Package you can:<br>❄️Post and Monetize Premises in Premise Pool.<br>❄️Brainstorm with AI on Your Premises and Add Brainstorms to Beat Sheet on the Script pad.<br>❄️Generate AI-assisted scenes from Beats and Generate your Scripts in the Script pad.<br>❄️Convert Story to Script in the Script Builder.<br>❄️Convert your Script in different Languages in the Conversion Studio.<br>❄️And do much more...<br><br>[👉Activate Your Free Trial Package Now!]({Pricing Page url})<br><br><b>Cheers,</b><br><b>MNF Team</b> | H31: O67 | K31: You Have Not Yet Claimed Your Free Trial Package! | M31: B45 | P31: yes | S31: Written
A32: MR38 | B32: 9 Days after registration(if the person has not activated free trial for 9 days) | C32: to the user | D32: noreply@mynextfilm.ai | E32: Why Thinking? 🤔 | F32: TIME'S NOW!/Claim Your Free Trial Package Before It Lapses! | G32: <b>Dear {User}</b><br><br>After activating the Free Trial Package you can:<br>❄️Post and Monetize Premises in Premise Pool.<br>❄️Brainstorm with AI on Your Premises and Add Brainstorms to Beat Sheet on the Script pad.<br>❄️Generate AI-assisted scenes from Beats and Generate your Scripts in the Script pad.<br>❄️Convert Story to Script in the Script Builder.<br>❄️Convert your Script in different Languages in the Conversion Studio.<br>❄️And do much more...<br><br>[👉Activate Your Free Trial Package Now!]({Pricing Page url})<br><br><b>Cheers,</b><br><b>MNF Team</b> | H32: O69 | K32: Claim Your Free Trial Package Before It Lapses! | M32: B45 | P32: yes | S32: Written
A33: MR39 | B33: 12 Days after registration(if the person has not activated free trial for 12 days) | C33: to the user | D33: noreply@mynextfilm.ai | E33: What A Bargain!🎉 | F33: FINAL ALERT!/ Your Free Trial Package Is About To Lapse! | G33: <b>Dear {User}</b><br><br>After activating the Free Trial Package you can:<br>❄️Post and Monetize Premises in Premise Pool.<br>❄️Brainstorm with AI on Your Premises and Add Brainstorms to Beat Sheet on the Script pad.<br>❄️Generate AI-assisted scenes from Beats and Generate your Scripts in the Script pad.<br>❄️Convert Story to Script in the Script Builder.<br>❄️Convert your Script in different Languages in the Conversion Studio.<br>❄️And do much more...<br><br>[👉Activate Your Free Trial Package Now!]({Pricing Page url})<br><br><b>Cheers,</b><br><b>MNF Team</b> | H33: O32 | K33: Your Free Trial Package Is About To Lapse! | M33: B45 | P33: yes | S33: Written
A34: MR40 | B34: 15 Days after registration(if the person has not activated free trial for 15 days) | C34: to the user | D34: noreply@mynextfilm.ai | E34: First Step Matters!🪜 | F34: NOW OR NEVER!/Your Free Trial Offer Will Lapse in 3 Days! | G34: <b>Dear {User}</b><br><br>After activating the Free Trial Package you can:<br>❄️Post and Monetize Premises in Premise Pool.<br>❄️Brainstorm with AI on Your Premises and Add Brainstorms to Beat Sheet on the Script pad.<br>❄️Generate AI-assisted scenes from Beats and Generate your Scripts in the Script pad.<br>❄️Convert Story to Script in the Script Builder.<br>❄️Convert your Script in different Languages in the Conversion Studio.<br>❄️And do much more...<br><br>[👉Activate Your Free Trial Package Now!]({Pricing Page url})<br><br><b>Cheers,</b><br><b>MNF Team</b> | H34: O33 | K34: Your Free Trial Offer Will Lapse in 3 Days! | M34: B45 | P34: yes | S34: Written
A35: MR41 | B35: 1st interaction with a new email id | C35: to the user | D35: noreply@mynextfilm.ai | E35: Treasure Waiting!🏴‍☠️ | F35: WELCOME!/Register To Get A Free Trial! | G35: <b>Dear {User}</b><br><br>We invite you to avail the Free Trial Package at mynextfilm.ai, through which you can:<br>❄️Post and Monetize Premises in Premise Pool.<br>❄️Brainstorm with AI on Your Premises and Add Brainstorms to Beat Sheet on the Script pad.<br>❄️Generate AI-assisted scenes from Beats and Generate your Scripts in the Script pad.<br>❄️Convert Story to Script in the Script Builder.<br>❄️Convert your Script in different Languages in the Conversion Studio.<br>❄️And do much more...<br><br>[👉Register To Avail Free Trial Package Now!](mynextfilm.ai)<br><br><b>Cheers,</b><br><b>MNF Team</b> | H35: O43 | M35: B45 | P35: yes | S35: Written
A36: MR42 | B36: 2 days after 1st interaction with a new email id if not registered | C36: to the user | D36: noreply@mynextfilm.ai | E36: Monetize Your Creativity!💰 | F36: WILLKOMMEN!/Register To Get A Free Trial! | G36: <b>Dear {User}</b><br><br>We invite you to avail the Free Trial Package at mynextfilm.ai, through which you can:<br>❄️Post and Monetize Premises in Premise Pool.<br>❄️Brainstorm with AI on Your Premises and Add Brainstorms to Beat Sheet on the Script pad.<br>❄️Generate AI-assisted scenes from Beats and Generate your Scripts in the Script pad.<br>❄️Convert Story to Script in the Script Builder.<br>❄️Convert your Script in different Languages in the Conversion Studio.<br>❄️And do much more...<br><br>[👉Register To Avail Free Trial Package Now!](mynextfilm.ai)<br><br><b>Cheers,</b><br><b>MNF Team</b> | H36: O67 | M36: B45 | P36: yes | S36: Written
A37: MR43 | B37: 5 days after 1st interaction with a new email id if not registered | C37: to the user | D37: noreply@mynextfilm.ai | E37: Achievements Await!💸 | F37: MRHBAAN!/Register To Get A Free Trial! | G37: <b>Dear {User}</b><br><br>We invite you to avail the Free Trial Package at mynextfilm.ai, through which you can:<br>❄️Post and Monetize Premises in Premise Pool.<br>❄️Brainstorm with AI on Your Premises and Add Brainstorms to Beat Sheet on the Script pad.<br>❄️Generate AI-assisted scenes from Beats and Generate your Scripts in the Script pad.<br>❄️Convert Story to Script in the Script Builder.<br>❄️Convert your Script in different Languages in the Conversion Studio.<br>❄️And do much more...<br><br>[👉Register To Avail Free Trial Package Now!](mynextfilm.ai)<br><br><b>Cheers,</b><br><b>MNF Team</b> | H37: O69 | M37: B45 | P37: yes | S37: Written
A38: MR44 | B38: 10 days after 1st interaction with a new email id if not registered | C38: to the user | D38: noreply@mynextfilm.ai | E38: Let's Get Things Rolling! 🛼 | F38: HUANYING!/Register To Get A Free Trial! | G38: <b>Dear {User}</b><br><br>We invite you to avail the Free Trial Package at mynextfilm.ai, through which you can:<br>❄️Post and Monetize Premises in Premise Pool.<br>❄️Brainstorm with AI on Your Premises and Add Brainstorms to Beat Sheet on the Script pad.<br>❄️Generate AI-assisted scenes from Beats and Generate your Scripts in the Script pad.<br>❄️Convert Story to Script in the Script Builder.<br>❄️Convert your Script in different Languages in the Conversion Studio.<br>❄️And do much more...<br><br>[👉Register To Avail Free Trial Package Now!](mynextfilm.ai)<br><br><b>Cheers,</b><br><b>MNF Team</b> | H38: O32 | M38: B45 | P38: yes | S38: Written
A39: MR45 | B39: 20 days after 1st interaction with a new email id if not registered | C39: to the user | D39: noreply@mynextfilm.ai | E39: A Little More Does A Lot More! 🤏 | F39: LAST REMINDER!/Register To Get A Free Trial! | G39: <b>Dear {User}</b><br><br>We invite you to avail the Free Trial Package at mynextfilm.ai, through which you can:<br>❄️Post and Monetize Premises in Premise Pool.<br>❄️Brainstorm with AI on Your Premises and Add Brainstorms to Beat Sheet on the Script pad.<br>❄️Generate AI-assisted scenes from Beats and Generate your Scripts in the Script pad.<br>❄️Convert Story to Script in the Script Builder.<br>❄️Convert your Script in different Languages in the Conversion Studio.<br>❄️And do much more...<br><br>[👉Register To Avail Free Trial Package Now!](mynextfilm.ai)<br><br><b>Cheers,</b><br><b>MNF Team</b> | H39: O33 | M39: B45 | P39: yes | S39: Written
A40: MR46 | B40: 3 Days after registration(if the person has not created video introduction for 3 days) | C40: to the user | D40: noreply@mynextfilm.ai | E40: A Little Nudge! 💪 | F40: HEY THERE!/ Showcase Your Video Intro! | G40: <b>Dear {User},</b> <br><br> We noticed you haven't created your video introduction for three days. <br><br> [Finish Creating It Now📽️]({Viewing Lounge url})!<br><br> <b>Yours sincerely,</b><br> <b>Team MNF.</b> | H40: O2 | M40: B15 | P40: yes | S40: Written
A41: MR47 | B41: 6 Days after registration(if the person has not created video introduction for 6 days) | C41: to the user | D41: noreply@mynextfilm.ai | E41: Don’t Forget! 🧠🤯 | F41: URGENT! / Complete Your Video Introduction! | G41: <b>Dear {User},</b> <br><br> We noticed you haven't created your video introduction for six days. <br><br> [Get Your Video Intro Done📽️]({Viewing Lounge url})!<br><br> <b>Yours sincerely,</b><br> <b>Team MNF.</b> | H41: O2 | M41: B15 | P41: yes | S41: Written
A42: MR48 | B42: 9 Days after registration(if the person has not created video introduction for 9 days) | C42: to the user | D42: noreply@mynextfilm.ai | E42: A Quick Ping!❗❗❗ | F42: WAITING!/ Add Your Video Now! | G42: <b>Dear {User},</b> <br><br> We noticed you haven't created your video introduction for nine days. <br><br> [Add Video Introduction📽️]({Viewing Lounge url})!<br><br> <b>Yours sincerely,</b><br> <b>Team MNF.</b> | H42: O2 | M42: B15 | P42: yes | S42: Written
A43: MR49 | B43: 12 Days after registration(if the person has not created video introduction for 12 days) | C43: to the user | D43: noreply@mynextfilm.ai | E43: What About You?🫵 | F43: ACTION!/ Don't Hold Back To Flaunt Yourself! | G43: <b>Dear {User},</b> <br><br> We noticed you haven't created your video introduction for twelve days. <br><br> [Submit Your Video Introduction📽️]({Viewing Lounge url})!!<br><br> <b>Yours sincerely,</b><br> <b>Team MNF.</b> | H43: O2 | M43: B15 | P43: yes | S43: Written
A44: MR50 | B44: 15 Days after registration(if the person has not created video introduction for 15 days) | C44: to the user | D44: noreply@mynextfilm.ai | E44: Why Not Now?😇 | F44: COMPLETE!/ A Video Intro - Gold Plating On Your Profle! | G44: <b>Dear {User},</b> <br><br> We noticed you haven't created your video introduction for fifteen days. <br><br> [Update Video Introduction📽️]({Viewing Lounge url})!<br><br> <b>Yours sincerely,</b><br> <b>Team MNF.</b> | H44: O2 | M44: B15 | P44: yes | S44: Written
A45: MR51 | B45: 3 Days after registration(if the person has not taken monthly or annual privileges for 3 days) | C45: to the user | D45: noreply@mynextfilm.ai | E45: End The Wait! | F45: WHY WAIT?/Claim Your Privileges Now! | G45: b>Dear {User},</b> <br><br>You have not claimed any privileges even after three days of registration. <br><br> [Claim Now]({privileges url}) <b>Yours sincerely,</b><br> <b>Team MNF.</b> | H45: O2 | O45: B45 | P45: yes | S45: Written
A46: MR52 | B46: 6 Days after registration(if the person has not taken monthly or annual privileges for 6 days) | C46: to the user | D46: noreply@mynextfilm.ai | E46: Bullet Train Departing! | F46: GET ONBOARD!/Realise Your Dreams At An Accelerated Pace! | G46: b>Dear {User},</b> <br><br>You have not claimed any privileges even after six days of registration. <br><br> [Claim Now]({privileges url}) <b>Yours sincerely,</b><br> <b>Team MNF.</b> | H46: O2 | O46: B45 | P46: yes | S46: Written
A47: MR53 | B47: 12 Days after registration(if the person has not taken monthly or annual privileges for 9 days) | C47: to the user | D47: noreply@mynextfilm.ai | E47: Success Is Waiting! | F47: ANXIOUS!/Claim Your Privileges And Take Off! | G47: b>Dear {User},</b> <br><br>You have not claimed any privileges even after twelve days of registration. <br><br> [Claim Now]({privileges url}) <b>Yours sincerely,</b><br> <b>Team MNF.</b> | H47: O2 | O47: B45 | P47: yes | S47: Written
A48: MR54 | B48: 20 Days after registration(if the person has not taken monthly or annual privileges for 12 days) | C48: to the user | D48: noreply@mynextfilm.ai | E48: Opportunities Waiting! | F48: GET SET GO!/Unlock Your Privileges And Race On! | G48: b>Dear {User},</b> <br><br>You have not claimed any privileges even after twenty days of registration. <br><br> [Claim Now]({privileges url}) <b>Yours sincerely,</b><br> <b>Team MNF.</b> | H48: O2 | O48: B45 | P48: yes | S48: Written
A49: MR55 | B49: 30 Days after registration(if the person has not taken monthly or annual privileges for 30 days) | C49: to the user | D49: noreply@mynextfilm.ai | E49: Delayed By A Month! | F49: STILL NOT LATE!/Be Privileged! | G49: b>Dear {User},</b> <br><br>You have not claimed any privileges even after thirty days of registration. <br><br> [Claim Now]({privileges url}) <b>Yours sincerely,</b><br> <b>Team MNF.</b> | H49: O2 | O49: B45 | P49: yes | S49: Written
A50: MR56 | B50: (if the person has pending buddy requests for 3 days) | C50: to the user | D50: noreply@mynextfilm.ai | E50: You Are Being Admired!😻 | F50: DAZZLING!/Your Aura Has Attracted {number of buddy request} Buddies! | G50: [Accept Buddy Requests]({Member's Profile}) | H50: O2 | K50: [Accept]({Member's Profile}) Buddy Requests from {Sender 1}, {Sender 2}, {Sender 3}... | O50: B37 | P50: yes
A51: MR57 | B51: (if the person has pending buddy requests for 6 days) | C51: to the user | D51: noreply@mynextfilm.ai | E51: You Are In Demand!😸 | F51: YAY!/Hope You Can Handle {number of buddy requests} New Buddies! | G51: [Accept Buddy Requests]({Member's Profile}) | H51: O2 | K51: [Accept]({Member's Profile}) Buddy Requests from {Sender 1}, {Sender 2}, {Sender 3}... | O51: B37 | P51: yes
A52: MR58 | B52: (if the person has pending buddy requests for 13 days) | C52: to the user | D52: noreply@mynextfilm.ai | E52: Many Matches Now!🫂 | F52: RADIANT!/{number of Buddy Requests} Connects Are Here To Accompany You! | G52: [Accept Buddy Requests]({Member's Profile}) | H52: O2 | K52: [Accept]({Member's Profile}) Buddy Requests from {Sender 1}, {Sender 2}, {Sender 3}... | O52: B37 | P52: yes
A53: MR59 | B53: (if the person has pending buddy requests for 27 days) | C53: to the user | D53: noreply@mynextfilm.ai | E53: People Are Waiting!⏰ | F53: TEAM UP!/Choose From {number of buddy requests} Buddy Requests! | G53: [Accept Buddy Requests]({Member's Profile}) | H53: O2 | K53: [Accept]({Member's Profile}) Buddy Requests from {Sender 1}, {Sender 2}, {Sender 3}... | O53: B37 | P53: yes
A54: MR60 | B54: (if the person has pending buddy requests for 42 days) | C54: to the user | D54: noreply@mynextfilm.ai | E54: Approval Required!⁉️ | F54: TICK TOCK!/Don't Leave {number of Buddy Requests} Buddy Requests Hanging! | G54: [Accept Buddy Requests]({Member's Profile}) | H54: O2 | K54: [Accept]({Member's Profile}) Buddy Requests from {Sender 1}, {Sender 2}, {Sender 3}... | O54: B37 | P54: yes
A55: MR61 | B55: (messages pending for 24 hours) | C55: to the user | D55: noreply@mynextfilm.ai | E55: Proposals Pending! ❓ | F55: BRILLIANT!/People Are Thinking About You! | G55: <b>Dear {User}</b><br><br>People are waiting for you to respond.<br>Please [Log in](mynextfilm.ai) and read messages from {Sender 1, Sender 2, Sender 3... } <b>in the right-hand , menu</b>.<br><br><b>Cheers,</b><br><b>Team MNF</b> | H55: O2 | O55: B59 | P55: yes
A56: MR62 | B56: (messages pending for 3 days) | C56: to the user | D56: noreply@mynextfilm.ai | E56: It May Be Urgent!😰 | F56: OH NO!/You Have {number of messages} Unanswered Messages! | G56: <b>Dear {User}</b><br><br>People are waiting for you to respond.<br>Please [Log in](mynextfilm.ai) and read messages from {Sender 1, Sender 2, Sender 3... } <b>in the right-hand , menu</b>.<br><br><b>Cheers,</b><br><b>Team MNF</b> | H56: O2 | O56: B59 | P56: yes
A57: MR63 | B57: (messages pending for 7 days) | C57: to the user | D57: noreply@mynextfilm.ai | E57: It May Be An Opportunity!🫡 | F57: COMMUNICATE!/{number of Messages} Messages Are To Be Seen And Replied! | G57: <b>Dear {User}</b><br><br>People are waiting for you to respond.<br>Please [Log in](mynextfilm.ai) and read messages from {Sender 1, Sender 2, Sender 3... } <b>in the right-hand , menu</b>.<br><br><b>Cheers,</b><br><b>Team MNF</b> | H57: O2 | O57: B59 | P57: yes
A58: MR64 | B58: (messages pending for 12 days) | C58: to the user | D58: noreply@mynextfilm.ai | E58: It May Be Life Altering!⏰ | F58: ADDRESS IT NOW!/Don't Leave {number of messages} Messages Unanswered! | G58: <b>Dear {User}</b><br><br>People are waiting for you to respond.<br>Please [Log in](mynextfilm.ai) and read messages from {Sender 1, Sender 2, Sender 3... } <b>in the right-hand , menu</b>.<br><br><b>Cheers,</b><br><b>Team MNF</b> | H58: O2 | O58: B59 | P58: yes
A59: MR65 | B59: (messages pending for 21 days) | C59: to the user | D59: noreply@mynextfilm.ai | E59: Respond Now!⁉️ | F59: TICK TOCK!/Your Message Box Might Explode! | G59: <b>Dear {User}</b><br><br>People are waiting for you to respond.<br>Please [Log in](mynextfilm.ai) and read messages from {Sender 1, Sender 2, Sender 3... } <b>in the right-hand , menu</b>.<br><br><b>Cheers,</b><br><b>Team MNF</b> | H59: O2 | O59: B59 | P59: yes
A60: MR66 | B60: 4 Days after registration(if the person has not uploaded a show reel 4 days) | C60: to the user | D60: noreply@mynextfilm.ai | E60: Time To Shine!🌟 | F60: STAND OUT!/ Upload Your Show Reel Now! | G60: <b>Dear {User},</b> <br><br> You haven’t uploaded your showreel even after 4 days of registering. <br><br> To stand out and attract filmmakers, [upload your showreel now]({viewing lounge URL}). <b>Yours sincerely,</b><br> <b>Team MNF.</b> | H60: O2 | O60: B5 | P60: yes | S60: Written
A61: MR67 | B61: 10 Days after registration(if the person has not uploaded a show reel for 10 days) | C61: to the user | D61: noreply@mynextfilm.ai | E61: Show Up!🫣 | F61: DON'T WAIT!/ Your Talent Deserves To Be Seen! | G61: <b>Dear {User},</b> <br><br> You haven’t uploaded your showreel even after 10 days of registering. <br><br> To stand out and attract filmmakers, [upload your showreel now]({viewing lounge URL}). <b>Yours sincerely,</b><br> <b>Team MNF.</b> | H61: O2 | O61: B5 | P61: yes | S61: Written
A62: MR68 | B62: 21 Days after registration(if the person has not uploaded a show reel for 21 days) | C62: to the user | D62: noreply@mynextfilm.ai | E62: Still No Showreel?🤔 | F62: TIME’S TICKING!/ Upload Your Showreel Today! | G62: <b>Dear {User},</b> <br><br> You haven’t uploaded your showreel even after 21 days of registering. <br><br> To stand out and attract filmmakers, [upload your showreel now]({viewing lounge URL}). <b>Yours sincerely,</b><br> <b>Team MNF.</b> | H62: O2 | O62: B5 | P62: yes | S62: Written
A63: MR69 | B63: 35 Days after registration(if the person has not uploaded a show reel for 35 days) | C63: to the user | D63: noreply@mynextfilm.ai | E63: Brag About Your Talent!🏅 | F63: ALMOST THERE!/ Add Your Showreel Today! | G63: <b>Dear {User},</b> <br><br> You haven’t uploaded your showreel even after 35 days of registering. <br><br> To stand out and attract filmmakers, [upload your showreel now]({viewing lounge URL}). <b>Yours sincerely,</b><br> <b>Team MNF.</b> | H63: O2 | O63: B5 | P63: yes | S63: Written
A64: MR70 | B64: 59 Days after registration(if the person has not uploaded a show reel 59 days) | C64: to the user | D64: noreply@mynextfilm.ai | E64: Hurry Up!🏃‍♂️🏃‍♂️ | F64: STILL NO SHOW REEL?/ Upload It Now! | G64: <b>Dear {User},</b> <br><br> You haven’t uploaded your showreel even after 59 days of registering. <br><br> To stand out and attract filmmakers, [upload your showreel now]({viewing lounge URL}). <b>Yours sincerely,</b><br> <b>Team MNF.</b> | H64: O2 | O64: B5 | P64: yes | S64: Written
A65: MR71 | B65: After gift was sent(if the person has not claimed a gift subscription for 3 days) | C65: to the recipient | D65: noreply@mynextfilm.ai | E65: You Are Someone's Favourite! | F65: DON'T WAIT!/Claim Your Gift Subscription Now! | G65: <b>Dear {User},</b><br><br> You are yet to claim the subscription gifted to you 3 days ago by [{Sender's Name}]({Sender's Profile url}).<br>By claiming it you will get access to several surprising features.<br><br>To claim it:- <br>Step1 - If you have not registered [Register at mynextfilm.ai.]({Register url}) <br>Step 2. After registration, please come back and [Click here to claim it]({pricing page url}).<br><br> Your coupon code is <b>{token}</b><br><br> <b>Best Regards,</b><br> <b>Team MNF</b> | H65: O2 | O65: B16 | P65: yes | S65: Written
A66: MR72 | B66: After gift was sent(if the person has not claimed a gift subscription for 6 days) | C66: to the recipient | D66: noreply@mynextfilm.ai | E66: Please Respect Generosity! | F66: VALUE IT!/Respect Someone Who Has Spent Money For You! | G66: <b>Dear {User},</b><br><br> You are yet to claim the subscription gifted to you 6 days ago by [{Sender's Name}]({Sender's Profile url}).<br>By claiming it you will get access to several surprising features.<br><br>To claim it:- <br>Step1 - If you have not registered [Register at mynextfilm.ai.]({Register url}) <br>Step 2. After registration, please come back and [Click here to claim it]({pricing page url}).<br><br> Your coupon code is <b>{token}</b><br><br> <b>Best Regards,</b><br> <b>Team MNF</b> | H66: O2 | O66: B16 | P66: yes | S66: Written
A67: MR73 | B67: After gift was sent(if the person has not claimed a gift subscription for 9 days) | C67: to the recipient | D67: noreply@mynextfilm.ai | E67: Respect Genuine Commitment! | F67: YOU'RE LUCKY!/Claim The Gift Now! | G67: <b>Dear {User},</b><br><br> You are yet to claim the subscription gifted to you 9 days ago by [{Sender's Name}]({Sender's Profile url}).<br>By claiming it you will get access to several surprising features.<br><br>To claim it:- <br>Step1 - If you have not registered [Register at mynextfilm.ai.]({Register url}) <br>Step 2. After registration, please come back and [Click here to claim it]({pricing page url}).<br><br> Your coupon code is <b>{token}</b><br><br> <b>Best Regards,</b><br> <b>Team MNF</b> | H67: O2 | O67: B16 | P67: yes | S67: Written
A68: MR74 | B68: After gift was sent(if the person has not claimed a gift subscription for 12 days) | C68: to the recipient | D68: noreply@mynextfilm.ai | E68: Don't Deny Love! | F68: WHY HOLD BACK?/Follow The Suggested Pathway! | G68: <b>Dear {User},</b><br><br> You are yet to claim the subscription gifted to you 12 days ago by [{Sender's Name}]({Sender's Profile url}).<br>By claiming it you will get access to several surprising features.<br><br>To claim it:- <br>Step1 - If you have not registered [Register at mynextfilm.ai.]({Register url}) <br>Step 2. After registration, please come back and [Click here to claim it]({pricing page url}).<br><br> Your coupon code is <b>{token}</b><br><br> <b>Best Regards,</b><br> <b>Team MNF</b> | H68: O2 | O68: B16 | P68: yes | S68: Written
A69: MR75 | B69: After gift was sent(if the person has not claimed a gift subscription for 15 days) | C69: to the recipient | D69: noreply@mynextfilm.ai | E69: It May Expire Soon! | F69: FUTURE AWAITING!/Grab Your Gift Now! | G69: <b>Dear {User},</b><br><br> You are yet to claim the subscription gifted to you 15 days ago by [{Sender's Name}]({Sender's Profile url}).<br>By claiming it you will get access to several surprising features.<br><br>To claim it:- <br>Step1 - If you have not registered [Register at mynextfilm.ai.]({Register url}) <br>Step 2. After registration, please come back and [Click here to claim it]({pricing page url}).<br><br> Your coupon code is <b>{token}</b><br><br> <b>Best Regards,</b><br> <b>Team MNF</b> | H69: O2 | O69: B16 | P69: yes | S69: Written
A70: MR76 | B70: 18 days after registration(if the user has not upgraded their interests and skills for 18 days) | C70: to the user | D70: noreply@mynextfilm.ai | E70: Closer To Your Dreams!💭💭 | F70: GREAT!/Flaunt Your Interests And Skills To Get Better Opportunities! | G70: <b>Dear {User},</b> <br><br> It's been 18 days since you registered, but your profile still lacks your interests and skills. <br><br> ✔️[Add them now]({Members Page url}) to grab amazing opportunities. <br><br> <b>Yours sincerely,</b><br> <b>Team MNF.</b> | H70: O2 | O70: B11 | P70: yes | S70: Written
A71: MR77 | B71: 33 days after registration(if the user has not upgraded their interests and skills for 33 days) | C71: to the user | D71: noreply@mynextfilm.ai | E71: Add And Shine!🌟🌟 | F71: STEP IN!/The Door To OpportunitIes Is Open For You! | G71: <b>Dear {User},</b> <br><br> It's been 33 days since you registered, but your profile still lacks your interests and skills. <br><br> ✔️[Add them now]({Members Page url}) to grab amazing opportunities. <br><br> <b>Yours sincerely,</b><br> <b>Team MNF.</b> | H71: O2 | O71: B11 | P71: yes | S71: Written
... A92: MR98 | B92: 17 days after registration(if the user has not created their first project for 17 days) | C92: to the user | D92: noreply@mynextfilm.ai | E92: Don't Hold Back Anymore!🤨 | F92: HURRY!/ Create Your Project to Kickstart Your Filmmaking Journey! | G92: <b>Dear {User},</b> <br><br> It's been 17 days since you registered, but you haven’t created your first project yet. <br><br> 🎭[Create your project](project creation url) to get one step closer to turning your filmmaking dreams into reality. <br><br> <b>Yours sincerely,</b> <br> <b>Team MNF.</b> | H92: O5 | O92: B4 | P92: yes | S92: Written
A93: MR99 | B93: 5 days after the last buddy request sent (if the user has not sent any buddy request for 5 days) | C93: to the user | D93: noreply@mynextfilm.ai | E93: Expand Your Filmmaking Community! | F93: INFINITE OPPORTUNITIES!/Find a New Buddy! | G93: <b>Dear {User},</b> <br><br> You are not socializing for the past 5 days. <br><br> To start collaborating, making new connections, and sharing insights ➡️ [Make New Buddies Now](Find Buddies url). <br><br><b>Yours sincerely,</b><br> <b>Team MNF.</b> | H93: O2 | O93: B37 | P93: yes
A94: MR100 | B94: 10 days after the last buddy request sent (if the user has not sent any buddy request for 10 days) | C94: to the user | D94: noreply@mynextfilm.ai | E94: Connected We Grow! | F94: MILLIONS WAITING!/A New Buddy Is A Blessing Earned! | G94: <b>Dear {User},</b> <br><br> You are not socializing for the past 10 days. <br><br> To start collaborating, making new connections, and sharing insights ➡️ [Make New Buddies Now](Find Buddies url). <br><br><b>Yours sincerely,</b><br> <b>Team MNF.</b> | H94: O2 | O94: B37 | P94: yes
A95: MR101 | B95: 15 days after the last buddy request sent (if the user has not sent any buddy request for 15 days) | C95: to the user | D95: noreply@mynextfilm.ai | E95: New Buddy Is New Possibility! | F95: LET'S GO!/ Wait No Longer, Find New Buddy! | G95: <b>Dear {User},</b> <br><br> People have been waiting to hear from you for last 15 days. <br><br> To engage with them, ➡️ [Make New Buddies Now](Find Buddies url). <br><br><b>Yours sincerely,</b><br> <b>Team MNF.</b> | H95: O2 | O95: B37 | P95: yes
A96: MR102 | B96: 10 days after registration(if the user has not referred MNF to their friends for 10 days) | C96: to the user | D96: noreply@mynextfilm.ai | E96: IT Gets Better with Friends! | F96: Don't Hustle! Refer MNF and Rock It with Friends! | G96: <b>Dear {User},</b> <br><br> It’s been 10 days since you registered, but you haven’t referred your friends yet! <br><br> [Click here] {https://app.mynextfilm.ai/mnfapp/#/referfriend} to invite and embark on an exciting journey of innovative filmmaking together! <br><br> <b>Yours sincerely,</b> <br> <b>Team MNF.</b> | S96: Written
A97: MR103 | B97: 20 days after registration(if the user has not referred MNF to their friends for 20 days) | C97: to the user | D97: noreply@mynextfilm.ai | E97: MEANT TO BE SHARED! | F97: IT’S NOT TOO LATE!/ Help Your Friend Climb the Ladder of Success! | G97: <b>Dear {User},</b> <br><br> It’s been 20 days since you registered, but you haven’t referred your friends yet! <br><br> [Click here] {https://app.mynextfilm.ai/mnfapp/#/referfriend} to invite and embark on an exciting journey of innovative filmmaking together! <br><br> <b>Yours sincerely,</b> <br> <b>Team MNF.</b> | S97: Written
A98: MR104 | B98: 7 days after the last comment on any premise(if the user has not commented on any premise for 7 days) | C98: to the user | D98: noreply@mynextfilm.ai | E98: Still Thinking!🤔 | F98: COM'ON!/Time To Add Your Feedback! | G98: <b>Dear {User},</b> <br><br> We've missed your ideas and feedback on the premise pool for the past 7 days. <br><br> [✅Add your ideas to move the story forward!](https://app.mynextfilm.ai/ideamall/)<br><br> <b>Yours sincerely,</b><br> <b>Team MNF.</b> | H98: O2 | M98: B4 | P98: yes
A99: MR105 | B99: 14 days after the last comment on any premise(if the user has not commented on any premise for 14 days) | C99: to the user | D99: noreply@mynextfilm.ai | E99: You Need To Be Active! 🏃‍♂️💨 | F99: TOO QUIET!/Don't Let Your Ideas Die! | G99: <b>Dear {User},</b> <br><br> We've missed your ideas and feedback on the premise pool for the past 14 days. <br><br> [✅Add your ideas to move the story forward!](https://app.mynextfilm.ai/ideamall/)<br><br> <b>Yours sincerely,</b><br> <b>Team MNF.</b> | H99: O2 | M99: B4 | P99: yes
A100: MR106 | B100: 21 days after the last comment on any premise(if the user has not commented on any premise for 21 days) | C100: to the user | D100: noreply@mynextfilm.ai | E100: Show Your Potential!💪💪 | F100: BE FEARLESS!/Add a Comment Now! | G100: <b>Dear {User},</b> <br><br> We've missed your ideas and feedback on the premise pool for the past 21 days. <br><br> [✅Add your ideas to move the story forward!](https://app.mynextfilm.ai/ideamall/)<br><br> <b>Yours sincerely,</b><br> <b>Team MNF.</b> | H100: O2 | M100: B4 | P100: yes | S100: Written
A101: MR107 | B101: 15 days after registration(if the user has not liked any premises for 15 days) | C101: to the user | D101: noreply@mynextfilm.ai | E101: Show Your Love!💖 | F101: DON'T HOLD BACK!/You Haven't Liked any Premise Yet! | G101: <b>Dear {User},</b> <br><br> It’s been 15 days since you registered, but you still haven’t liked any premise. <br><br> Ideas are important for a big break! Explore more at [Premise Pool](https://app.mynextfilm.ai/ideamall/)! <b>Yours sincerely,</b><br> <b>Team MNF.</b> | H101: O39 | M101: B2 | P101: yes | S101: Written
A102: MR108 | B102: 30 days after registration(if the user has not liked any premises for 30 days) | C102: to the user | D102: noreply@mynextfilm.ai | E102: Appreciate What You Like!🩵🩵 | F102: DESERVING!/Give The Premise A Like! | G102: <b>Dear {User},</b> <br><br> It’s been 30 days since you registered, but you still haven’t liked any premise. <br><br> Ideas are important for a big break! Explore more at [Premise Pool](https://app.mynextfilm.ai/ideamall/)! <b>Yours sincerely,</b><br> <b>Team MNF.</b> | H102: O39 | M102: B2 | P102: yes | S102: Written
A103: MR109 | B103: 58 days after registration(if the user has not gifted MNF subscription to their friends for 58 days) | C103: to the user | D103: noreply@mynextfilm.ai | E103: Be Generous!💖 | F103: WAITING!/Sharing Is Caring! | G103: <b>Dear {User},</b> <br><br> It’s been 58 days since you registered, but you still haven’t gifted any MNF subscriptions to your friends. <br><br> [🎁🎁Gift them the opportunity to enhance their filmmaking journey today!](Gift subscription url)<br><br> <b>Yours sincerely,</b><br> <b>Team MNF.</b> | H103: O2 | M103: B27 | P103: yes | S103: Written
A104: MR110 | B104: 65 days after registration(if the user has not gifted MNF subscription to their friends for 65 days) | C104: to the user | D104: noreply@mynextfilm.ai | E104: Empower Someone!🎁 | F104: STILL WAITING!/Time To Turn Someone's Dream Into A Reality! | G104: <b>Dear {User},</b> <br><br> It’s been 65 days since you registered, but you still haven’t gifted any MNF subscriptions to your friends. <br><br> [🎁🎁Gift them the opportunity to enhance their filmmaking journey today!](Gift subscription url)<br><br> <b>Yours sincerely,</b><br> <b>Team MNF.</b> | H104: O2 | M104: B27 | P104: yes | S104: Written
A105: MR111 | B105: if the user has not posted any premise for 3 days(after posting the last premise) | C105: to the user | D105: noreply@mynextfilm.ai | E105: Out Of Ideas?🤔🤔 | F105: REMINDER!/First Step To Success Is To Start Walking! | G105: <b>Dear {User},</b> <br><br> It’s been 3 days since you last posted a premise. <br><br> 😟Don't let your creativity die. [Create a New Premise]({Premise Pool Url})!. <b>Yours sincerely,</b><br> <b>Team MNF.</b> | H105: O2 | M105: B2 | P105: yes | S105: Written
A106: MR112 | B106: if the user has not posted any premise for 7 days(after posting the last premise) | C106: to the user | D106: noreply@mynextfilm.ai | E106: Bring It On!🏆 | F106: HELLO?/Your Next Big Idea—Still On It's Way? | G106: <b>Dear {User},</b> <br><br> It’s been 7 days since you last posted a premise. <br><br> 😟Don't let your creativity die. [Create a New Premise]({Premise Pool Url})!. <b>Yours sincerely,</b><br> <b>Team MNF.</b> | H106: O2 | M106: B2 | P106: yes | S106: Written
A107: MR113 | B107: if the user has not posted any premise for 14 days(after posting the last premise) | C107: to the user | D107: noreply@mynextfilm.ai | E107: Dreams Will Come True!🫠🫠 | F107: TELL US!/A Creative Pause… or The Calm Before A Storm? | G107: <b>Dear {User},</b> <br><br> It’s been 14 days since you last posted a premise. <br><br> 😟Don't let your creativity die. [Create a New Premise]({Premise Pool Url})!. <b>Yours sincerely,</b><br> <b>Team MNF.</b> | H107: O2 | M107: B2 | P107: yes | S107: Written
A108: MR114 | B108: if the user has not uploaded any new videos for 16 days | C108: to the user | D108: noreply@mynextfilm.ai | E108: It's been a while! | F108: Why the delay? Planning something extraordinary? | G108: b>Dear {User},</b> <br><br> It’s been 14 days since you last posted a Video. <br><br> Upload your video now and be in the spotlight! Visit [Viewing Lounge]({url})—let your skills give you wings to fly! <b>Yours sincerely,</b><br> <b>Team MNF.</b> | S108: Written
A109: MR115 | B109: if the user has not uploaded any new videos for 32 days | C109: to the user | D109: noreply@mynextfilm.ai | E109: Why delay your dream? | F109: It's Been a While!/ No New Videos Yet? | G109: b>Dear {User},</b> <br><br> It’s been 32 days since you last posted a Video. <br><br> Upload your video now and be in the spotlight! Visit [Viewing Lounge]({url})—let your skills give you wings to fly! <b>Yours sincerely,</b><br> <b>Team MNF.</b> | S109: Written
A110: MR116 | B110: if the user has not uploaded any new videos for 48 days | C110: to the user | D110: noreply@mynextfilm.ai | E110: Time Is Precious! | F110: Still Unsure?/ Time to Share Your Talent! | G110: b>Dear {User},</b> <br><br> It’s been 48 days since you last posted a Video. <br><br> Upload your video now and be in the spotlight! Visit [Viewing Lounge]({url})—let your skills give you wings to fly! <b>Yours sincerely,</b><br> <b>Team MNF.</b> | S110: Written
A111: MR117 | B111: if the user has not uploaded any new videos for 64 days | C111: to the user | D111: noreply@mynextfilm.ai | E111: You've Been Missed! | F111: It's Been a Month!/ Time for a New Upload! | G111: b>Dear {User},</b> <br><br> It’s been 64 days since you last posted a Video. <br><br> Upload your video now and be in the spotlight! Visit [Viewing Lounge]({url})—let your skills give you wings to fly! <b>Yours sincerely,</b><br> <b>Team MNF.</b> | S111: Written
A112: MR118 | B112: if the user has not uploaded any new videos for 80 days | C112: to the user | D112: noreply@mynextfilm.ai | E112: A Long Break! | F112: Tell Us! Taking a Break or Having Doubts? | G112: b>Dear {User},</b> <br><br> It’s been 80 days since you last posted a Video. <br><br> Upload your video now and be in the spotlight! Visit [Viewing Lounge]({url})—let your skills give you wings to fly! <b>Yours sincerely,</b><br> <b>Team MNF.</b> | S112: Written
A113: MR119 | B113: if the person has not checked his news for 3 days | C113: to the user | D113: noreply@mynextfilm.ai
A114: MR120 | B114: if the person has not checked his news for 5 days | C114: to the user | D114: noreply@mynextfilm.ai
A115: MR121 | B115: if the person has not checked his news for 7 days | C115: to the user | D115: noreply@mynextfilm.ai
A116: MR122 | B116: if the person has not checked his news for 9 days | C116: to the user | D116: noreply@mynextfilm.ai
A117: MR123 | B117: if the person has not checked his news for 11 days | C117: to the user | D117: noreply@mynextfilm.ai
A118: MR124 | B118: if the person has not checked his news for 15 days | C118: to the user | D118: noreply@mynextfilm.ai
A119: MR125 | B119: The user has pending notifications on MNF | C119: to the user | D119: noreply@mynextfilm.ai
A120: MR126 | B120: The user has not created Blockchain wallet for 3 days | C120: to the user | D120: noreply@mynextfilm.ai
...

Sheet Payment
B1: =counta(B3:B1000) -> 7 | C1: Green - Done | D1: Red- On hold | G1: =counta(G3:G1000) -> 7 | P1: =counta(P3:P1000) -> 7 | Q1: =counta(Q3:Q1000) -> 6 | R1: =counta(R3:R1000) -> 5 | S1: =COUNTA(S3:S2000) -> 1
A2: Email Code | B2: When does the mail go ? (Communication Trigger) | C2: To whom does the mail go ? | D2: from_email | E2: Subject | F2: Title | G2: Main Invitation | H2: Additional Opening for Action | J2: Message on mynextfilm.ai | K2: Notification on mynextfilm.ai, to the User. | L2: News for the Buddies on mynextfilm.ai to Buddy's Member Profile. | M2: Doodle Url | N2: Poster Url | O2: Doodle Code | P2: reviewed? | Q2: Implemented? | R2: tested ? | S2: Reviewed/Written by Arzoo
A3: PM1 | B3: for life membership | C3: To the user | D3: noreply@mynextfilm.ai | E3: Our Futures Are Intertwined! 🖇️ | F3: INSEPARABLE NOW!/Life Membership Brings Unimaginable Privileges | G3: <b>Dear {User},</b> <br> <br> We're thrilled to have you as a valued member for life at MNF Service. Get ready for endless benefits, exclusive offers, and premium access. <br><br>As a life member, you are entitled to a 20% discount on the services you avail, yet a Juggernaut package may be more economical for your requirements. <br> <br> However, life is unpredictable. [Get going now](https://app.mynextfilm.ai/pay/pricing/). <br> <br> <b> Best Regards </b> <br> <b> Team My Next Film </b> | H3: O2 | M3: https://uidemos.s3.ap-south-1.amazonaws.com/Life+Member.png | N3: https://uidemos.s3.ap-south-1.amazonaws.com/17.png | O3: B25 | P3: yes | Q3: yes | R3: yes
A4: PM2 | B4: for monthly membership | C4: To the user | D4: noreply@mynextfilm.ai | E4: A Month Passes Too Quickly. | F4: BUCK UP!/The Gains Can Outnumber the Days!! | G4: <b>Dear {User},</b> <br> <br> A month is a long time. <br><br>You are entitled to several previleges as a monthly member. <br> Enjoy <br> [Access it now.](https://app.mynextfilm.ai/pay/pricing/). <br> <br> <b> Best Regards </b> <br> <b> Team My Next Film </b> | H4: O2 | M4: https://uidemos.s3.ap-south-1.amazonaws.com/Group+18.png | N4: https://uidemos.s3.ap-south-1.amazonaws.com/17.png | O4: B43 | P4: yes | Q4: yes | R4: yes
A5: PM3 | B5: for yearly membership | C5: To the user | D5: noreply@mynextfilm.ai | E5: An Year Is Too Long! | F5: ACCELERATE!/Exponentially Multiply Your Accomplishments In This Year!! | G5: <b>Dear {User},</b> <br> <br> As an annual member, you can use a plethora of features. <br><br>You are entitled to a 10% discount on the services you avail as an annual member, yet a Juggernaut package may be more economical for your requirements. <br> <br> [Access it now.](https://app.mynextfilm.ai/pay/pricing/). <br> <br> <b> Best Regards </b> <br> <b> Team My Next Film </b> | H5: O2 | M5: https://uidemos.s3.ap-south-1.amazonaws.com/Discount,.png | N5: https://uidemos.s3.ap-south-1.amazonaws.com/17.png | O5: B44 | P5: yes | Q5: yes | R5: yes
A6: PM4 | B6: when payment failed | C6: To the user | D6: noreply@mynextfilm.ai | E6: Please Try Again! | F6: OOPS!/Your Payment For {Service} Could Not Be Completed! | G6: <b>Dear {User},</b> <br> <br> We regret to inform you that your recent payment was not processed for some unknown reason.<br><br>Please try again after some time OR try with a different payment method. <br> <br> Please be assured that in case the amount was debited from your account, it will be refunded in the next few days.For updates and further information, [please visit](https://app.mynextfilm.ai/members-home) <br> <br> <b> Best Regards </b> <br> <b> Team My Next Film </b> | H6: O2 | M6: https://uidemos.s3.ap-south-1.amazonaws.com/Retry.png | N6: https://uidemos.s3.ap-south-1.amazonaws.com/17.png | O6: B33 | P6: yes | Q6: yes | T6: not tested yet
A7: PM5 | B7: Payment Received By MNF | C7: to the user | D7: noreply@mynextfilm.ai | E7: We Owe You Now! | F7: SUCCESS!/Payment of ${Amount} Received! | G7: <b>Dear {User},</b> <br> <br> Thank you for the payment. Please refer to the attached invoice for details. <br> <br> <b>Best Regards </b> <br> <b>Team My Next Film<br> | H7: O38 | M7: https://uidemos.s3.ap-south-1.amazonaws.com/Thank+you.png | N7: https://uidemos.s3.ap-south-1.amazonaws.com/17.png | O7: B31 | P7: yes | Q7: yes | R7: yes
A8: PM6 | B8: Trial Package activated. | C8: to the user | D8: noreply@mynextfilm.ai | E8: Unlocked Abundance!👏 | F8: CHEERS!/Your Filmmaking Pursuit Is Fueled Up! 🛫 | G8: <b>Dear {User},</b> <br> <br> You can now try MNF services. <br><br> Here’s what you can do next: <br>✅ Post and Browse Premises in the Premise Pool. <br>✅ Upload Showreels and Videos to get famous. <br>✅ Collaborate with industry masters.<br>✅And Much More... <br><br>Your free trial is active until {End Date}, so make the most of it! If you love what you see, try our [Packages](https://app.mynextfilm.ai/pay/pricing/). <br><br> <b>Best Regards </b> <br> <b>Team My Next Film<br> | H8: O39 | M8: https://uidemos.s3.ap-south-1.amazonaws.com/Free.png | N8: https://uidemos.s3.ap-south-1.amazonaws.com/17.png | O8: B45 | P8: yes | Q8: yes | R8: yes
A9: PM7 | B9: When any service is unsuccessful then refund mail | C9: To user | D9: noreply@mynextfilm.ai | E9: Refund Initiated!🙇 | F9: OOPS!/Audit For Script - {Script Name} Was Unsuccessful! | G9: <b> Dear {User},</b> <br> <br> The audit for the script - {Script Name} was unsuccessful. Your refund has been initiated and will be processed soon. <br> <br> We encourage you to [try again](Audited script url) after ensuring your script adheres to the upload instructions. <br> <br> <b>Best Regards</b><br> <b>Team My Next Film </b> | H9: O81 | M9: https://uidemos.s3.ap-south-1.amazonaws.com/SCRIPT_AUDIT.png | N9: https://uidemos.s3.ap-south-1.amazonaws.com/9.png | O9: B4 | P9: yes | S9: Written

Sheet Juggernaut
B1: =counta(B3:B997) -> 16 | C1: Green - Done | D1: Red- On hold | G1: =counta(G3:G997) -> 14 | P1: =counta(P3:P997) -> 15 | Q1: =counta(Q3:Q997) -> 9 | R1: =counta(R3:R997) -> 5 | S1: =COUNTA(S3:S2000) -> 0
A2: Email Code | B2: When does the mail go ? (Communication Trigger) | C2: To whom does the mail go ? | D2: from_email | E2: Subject | F2: Title | G2: Main Invitation | H2: Additional Opening for Action | I2: Doodle Code | J2: Message on mynextfilm.ai | K2: Notification on mynextfilm.ai, to the User. | L2: News for the Buddies on mynextfilm.ai to Buddy's Member Profile. | M2: Doodle Url | N2: Poster Url | O2: Doodle Code | P2: reviewed? | Q2: Implemented? | R2: tested ? | S2: Reviewed/Written by Arzoo
A3: JP1 | B3: when user buys package with successful payment-->package name, user name, validity | C3: to the user | D3: noreply@mynextfilm.ai | E3: New Power Unlocked! 🔓 | F3: FASTEN YOUR SEATBELTS!/{Package Objective} before {validity expiry date}! | G3: <b>Dear {User},</b> <br> <br> To {Package Objective} within the {Scriptwriter_Juggernaut_Package} package, you are empowered to:<br>✅ Post and Monetize Premises.<br>✅ Privatize the Premises.<br>✅ Brainstorm with <b>Ida</b>.<br>✅ Export brainstormed ideas to beat sheet.<br>✅ Customize the project structure and characters.<br>✅ Generate AI aided scenes in Scriptpad.<br>✅ Create Pitchdeck of the script.<br>✅ Convert your Story into Script.<br>✅ And Much More. <br><br>To view the extent to which you are empowered to utilize the different MNF services as {Scriptwriter_Juggernaut_Package} holder, [click here]({url}). <br> <br> <b> Best Regards </b> <br> <b> Team My Next Film </b> | H3: O2 | I3: B30 | M3: https://uidemos.s3.ap-south-1.amazonaws.com/welcome.png | N3: https://uidemos.s3.ap-south-1.amazonaws.com/17.png | P3: yes | Q3: yes | R3: yes
A4: JP2 | B4: When user extend package validity-->5 $-->30 days extention in current package--->package name, user name, with extended validity | C4: to the user | D4: noreply@mynextfilm.ai | E4: Hourglass Is Reset!⏳ | F4: DON'T STOP ANYMORE!/Use Up All Your Services Before {End Date}! | G4: <b>Dear {User},</b> <br> <br> You can enjoy {Juggernaut_Package} until {End Date}. [Start Work Now](https://mynextfilm.ai/). <br> <br> <b> Best Regards </b> <br> <b> Team My Next Film </b> | H4: O2 | I4: B62 | M4: https://uidemos.s3.ap-south-1.amazonaws.com/someone+likes+the+premise.png | N4: https://uidemos.s3.ap-south-1.amazonaws.com/17.png | P4: yes | Q4: yes | R4: yes
A5: JP3 | B5: when any one of the assigned services usage within the package are 80 % exhausted | C5: to the user | D5: noreply@mynextfilm.ai | K5: WOW, you have utilized 80% of {Service name} available to you! [Delve in deeper]({Pricing page url}). | M5: https://uidemos.s3.ap-south-1.amazonaws.com/LPP.png | N5: https://uidemos.s3.ap-south-1.amazonaws.com/17.png | P5: yes
A6: JP4 | B6: when any one of the assigned services usage within the package are 90 % exhausted | C6: to the user | D6: noreply@mynextfilm.ai | K6: AMAZING, you have utilized 90% of {Service name} available to you! [Delve in deeper]({Pricing page url}). | M6: https://uidemos.s3.ap-south-1.amazonaws.com/LPP.png | N6: https://uidemos.s3.ap-south-1.amazonaws.com/17.png | P6: yes
A7: JP5 | B7: when any one of the assigned services usage within the package are 100 % exhausted | C7: to the user | D7: noreply@mynextfilm.ai | E7: Drained!🫗 | F7: RECHARGE!/You Have Exhausted 100% of {Service Name} Data! | G7: <b>Dear {User},</b> <br> <br> You have already utilized 100% of {Service Name} of your {Scriptwriter_Juggernaut_package} Package. To enjoy uninterrupted service, please [Renew Your Package](Pricing page url). <br> <br> <b> Best Regards </b> <br> <b> Team My Next Film </b> | H7: O1 | I7: B3 | M7: https://uidemos.s3.ap-south-1.amazonaws.com/LPP.png | N7: https://uidemos.s3.ap-south-1.amazonaws.com/17.png | P7: yes
A8: JP6 | B8: 3 days after any one of the assigned services usage within the package being 100 % exhausted | C8: to the user | D8: noreply@mynextfilm.ai | E8: Revitalize!🪴 | F8: RESUME!/You Have Exhausted 100% of {Service Name} Data! | G8: <b>Dear {User},</b> <br> <br> You have already utilized 100% of {Service Name} of your {Scriptwriter_Juggernaut_package} Package few days ago. To enjoy uninterrupted service, please [Renew Your Package](Pricing page url). <br> <br> <b> Best Regards </b> <br> <b> Team My Next Film </b> | H8: O1 | I8: B3 | M8: https://uidemos.s3.ap-south-1.amazonaws.com/LPP.png | N8: https://uidemos.s3.ap-south-1.amazonaws.com/17.png | P8: yes
A9: JP7 | B9: after expiring when the time duration is over but not services. | C9: to the user | D9: noreply@mynextfilm.ai | E9: Oops...You Lost!😖 | F9: RESTORE!/The {package name} Package Validity Can Be Restored! | G9: <b>Dear {User},</b> <br> <br> Validity of your {package name} Package has ended. To avail yourself of the benefits of the unused services, [extend your package validity]({pricing page url}). <br> <br> <b> Best Regards </b> <br> <b> Team My Next Film </b> | H9: O2 | I9: B32 | M9: https://uidemos.s3.ap-south-1.amazonaws.com/Oho.png | N9: https://uidemos.s3.ap-south-1.amazonaws.com/17.png | P9: yes
A10: JP8 | B10: when admin update validity{Gratis}(free) | C10: to the user | D10: noreply@mynextfilm.ai | E10: Validity Updated for Your Package | F10: CONGRATULATIONS!/ Validity updated for your Gratis Package | G10: <b>Dear [{User}]({User}),</b> <br> <br> We have successfully updated the validity of your Gratis Package by {Number_of_days}. Your Package details are listed below.<br> Package Details:<br> Package Name: <b>{Package_Name}</b><br> Purchase Date: <b>{Date_of_Purchas}</b><br> Amount: <b>{Total_Amount}$</b><br> Validity up to: <b>{Date}</b><br> Should you have any questions in the meantime, feel free to reach out. Thank you once again for choosing us. We’re thrilled to be part of your journey! <br> <br> <b> Best Regards </b> <br> <b> Team My Next Film </b> | H10: O1 | I10: B30 | M10: https://uidemos.s3.ap-south-1.amazonaws.com/welcome.png | N10: https://uidemos.s3.ap-south-1.amazonaws.com/17.png
A11: JP9 | B11: When user want his conversion in additional Language--->$99 Each With Applicable Discounts | C11: to the user | D11: noreply@mynextfilm.ai | E11: You Are Unstoppable!⏩ | F11: YAY!/You Can Now Reach Out To The Globe! | G11: <b>Dear {User},</b> <br> <br> [Go Global](Conversion studio url) with the {new language} language. This facility is accessible till {end date of package}. <br> <br> <b> Best Regards </b> <br> <b> Team My Next Film </b> | H11: O2 | I11: B13 | M11: https://uidemos.s3.ap-south-1.amazonaws.com/Conversion+studio.png | N11: https://uidemos.s3.ap-south-1.amazonaws.com/17.png | P11: yes
A12: JP10 | B12: when gratis is assigned(by MNF admin) | C12: to the user | D12: noreply@mynextfilm.ai | E12: You Are On A Cusp! | F12: WATCH OUT!/You Are About to Witness a Wonderworld! | G12: <b>Dear {User},</b> <br> <br> Your access to the wonderworld is only upto {validity date}.<br><br> [Access]({url}) now to make the most out of this opportunity. <br><br>We will keenly wait for your [feedback]({feedback link}).<br> <br> <b> Best Regards </b> <br> <b> Team My Next Film </b> | H12: O1 | I12: B45 | M12: https://uidemos.s3.ap-south-1.amazonaws.com/Free.png | N12: https://uidemos.s3.ap-south-1.amazonaws.com/17.png | P12: yes | Q12: yes | R12: yes
A13: JP11 | B13: when gratis is enabled(after the user has paid $1) | C13: to the user | D13: noreply@mynextfilm.ai | E13: Explore, Experiment And Implement Before {expiry date}! | F13: GOLDEN CHANCE!/Prudent Exploitation of This May Catapult You to the Top League | G13: <b>Dear {User},</b> <br> <br> Congratulations! You are exclusively empowered to exploit all MNF features to an unlimited extent till {validity date}.<br> <br>Make the best use of it and [give us a feedback]({feedback url}). <br> <br> <b> Best Regards </b> <br> <b> Team My Next Film </b> | H13: O1 | I13: B30 | M13: https://uidemos.s3.ap-south-1.amazonaws.com/welcome.png | N13: https://uidemos.s3.ap-south-1.amazonaws.com/17.png | P13: yes | Q13: yes | R13: yes
A14: JP12 | B14: when validity of the package will expire in 15 days | C14: to the user | D14: noreply@mynextfilm.ai | E14: Fading Away Slowly! | F14: CATCH UP!/You Have 15 Days To Complete your project! | G14: <b>Dear {User},</b> <br> <br> Validity of your {Scriptwriter_Juggernaut_package} will expire on {date}. To enjoy uninterrupted service, [extend your validity]({pricing page url}) to avoid any interruptions or inconveniences. <br> <br> <b> Best Regards </b> <br> <b> Team My Next Film </b> | H14: O2 | I14: B3 | M14: https://uidemos.s3.ap-south-1.amazonaws.com/LPP.png | N14: https://uidemos.s3.ap-south-1.amazonaws.com/17.png | P14: yes | Q14: yes
A15: JP13 | B15: when validity will expire in 7 days | C15: to the user | D15: noreply@mynextfilm.ai | E15: Make It Count! | F15: HURRY!/You Have 7 Days To Complete your project! | G15: <b>Dear {User},</b> <br> <br> Validity of your {Scriptwriter_Juggernaut_package} will expire on {date}. To enjoy uninterrupted service, [extend your validity]({pricing page url}) to avoid any interruptions or inconveniences. <br> <br> <b> Best Regards </b> <br> <b> Team My Next Film </b> | H15: O2 | I15: B3 | M15: https://uidemos.s3.ap-south-1.amazonaws.com/LPP.png | N15: https://uidemos.s3.ap-south-1.amazonaws.com/17.png | P15: yes | Q15: yes
A16: JP14 | B16: when validity will expire in 3 days | C16: to the user | D16: noreply@mynextfilm.ai | E16: The End Is Near! | F16: FINISH UP!/You Have 3 Days To Complete your project! | G16: <b>Dear {User},</b> <br> <br> Validity of your {Scriptwriter_Juggernaut_package} will expire on {date}. To enjoy uninterrupted service, [extend your validity]({pricing page url}) to avoid any interruptions or inconveniences. <br> <br> <b> Best Regards </b> <br> <b> Team My Next Film </b> | H16: O2 | I16: B3 | M16: https://uidemos.s3.ap-south-1.amazonaws.com/LPP.png | N16: https://uidemos.s3.ap-south-1.amazonaws.com/17.png | P16: yes | Q16: yes
A17: JP16 | B17: when validity will expire in 24 hours | C17: to the user | D17: noreply@mynextfilm.ai | E17: Gotta Act Now! | F17: ALERT!/You Have 24 Hours Only! | G17: <b>Dear {User},</b> <br> <br> Validity of your {Scriptwriter_Juggernaut_package} will expire on {date}. To enjoy uninterrupted service, [extend your validity]({pricing page url}) to avoid any interruptions or inconveniences. <br> <br> <b> Best Regards </b> <br> <b> Team My Next Film </b> | H17: O2 | I17: B3 | M17: https://uidemos.s3.ap-south-1.amazonaws.com/LPP.png | N17: https://uidemos.s3.ap-south-1.amazonaws.com/17.png | P17: yes | Q17: yes
A18: JP15 | B18: when user buys explore package with successful payment-->package name, user name, validity | C18: to the user | D18: noreply@mynextfilm.ai | E18: New Power Unlocked! 🔓 | F18: FASTEN YOUR SEATBELTS!/{Package Objective} before {validity expiry date}! | G18: <b>Dear {User},</b> <br> <br> To {Package Objective} within the {Scriptwriter_Juggernaut_Package} package, you are empowered to:<br>✅ Post and Monetize Premises.<br>✅ Privatize the Premises.<br>✅ Brainstorm with <b>Ida</b>.<br>✅ Export brainstormed ideas to beat sheet.<br>✅ Customize the project structure.<br>✅ Generate AI aided scenes in Scriptpad.<br>✅ Create Pitchdeck of the script.<br>✅ Convert your Story into Script.<br>✅ And Much More. <br><br>To view the extent to which you are empowered to utilize the different MNF services as {Scriptwriter_Juggernaut_Package} holder, [click here]({url}). <br> <br> <b> Best Regards </b> <br> <b> Team My Next Film </b> | H18: O2 | I18: B30 | M18: https://uidemos.s3.ap-south-1.amazonaws.com/welcome.png | N18: https://uidemos.s3.ap-south-1.amazonaws.com/17.png | P18: yes | Q18: yes | R18: yes

Sheet Email Review Priorities
A1: =counta(A3:A5075) -> 191 | E1: =counta(E3:E5075) -> 135 | P1: =counta(P3:P1075) -> 135 | Q1: =counta(Q3:Q1075) -> 0 | R1: =counta(R3:R1075) -> 0 | S1: =COUNTA(S3:S2009) -> 0
A2: Email Code | B2: Sheet Name | C2: Email Type | D2: Identified On | E2: Finalised On | P2: reviewed? | Q2: Implemented? | R2: tested ? | S2: Reviewed/Written by Arzoo | T2: deployed?
A3: VW15 | C3: when someone is invited by someone to be a buddy | D3: 18-12-2024 | E3: 19-12-2024 | F3: Sender's Name | P3: yes
A4: VW16 | C4: when someone(non MNF User) is invited by someone to be a buddy | E4: 23-12-2024 | F4: User | P4: yes
A5: VW10 | C5: when the user sends a buddy request to an MNF User who is not a Buddy | D5: 18-12-2024 | E5: 19-12-2024 | F5: Receiver | P5: yes
A6: VW17 | C6: when the user sends a buddy request to an MNF User who is not a Buddy | E6: 23-12-2024 | F6: Video Type | P6: yes
A7: VW11 | C7: when the user accepts a buddy request | D7: 19-12-2024 | E7: 23-12-2024 | F7: Video Title | P7: yes
A8: VW18 | C8: when the user accepts a buddy request | E8: 23-12-2024 | F8: Video Owner | P8: yes
A9: JP8 | C9: when user register on site | D9: 19-12-2024 | F9: Commenter's Name
A10: MR1 | C10: when someone signs up MNF - immediatelyYou have successfully created a MyNextFilm account | D10: 21-12-2024 | E10: 23-12-2024 | P10: yes
A11: BL3 | C11: when the user signup (send mail to create wallet) | D11: 21-12-2024 | E11: 23-12-2024 | P11: yes
A12: IM102 | C12: When someone create premise | D12: 19-12-2024 | E12: 23-12-2024 | P12: yes
A13: IM105 | C13: When other than owner comment on the premise | D13: 19-12-2024 | E13: 23-12-2024 | P13: yes
A14: IM106 | C14: When user comment on the premise | E14: 23-12-2024 | P14: yes
A15: IM103 | C15: When other than owner likes the premise | D15: 19-12-2024 | E15: 23-12-2024 | P15: yes
A16: IM104 | C16: When user like on any premise | D16: 22-12-2024 | E16: 23-12-2024 | P16: yes
A17: IM109 | C17: Deletion of premise | D17: 19-12-2024 | E17: 23-12-2024 | P17: yes
A18: IM107 | C18: When someone send mail to owner | D18: 19-12-2024 | E18: 23-12-2024 | P18: yes
A19: IM108 | C19: When someone send a message to Premise owner | D19: 22-12-2024 | E19: 23-12-2024 | P19: yes
A20: SS3 | C20: after completion of conversion | D20: 21-12-2024 | E20: 23-12-2024 | P20: yes
A21: SS4 | C21: when upload the file | D21: 21-12-2024 | E21: 23-12-2024 | P21: yes
A22: VW3 | C22: when user upload videos | D22: 19-12-2024 | E22: 23-12-2024 | P22: yes
A23: VW19 | C23: Uploaded video is approved | D23: 23-12-2024
A24: VW20 | C24: Uploaded video is Rejected | D24: 23-12-2024
A25: VW13 | C25: when someone like your video | D25: 19-12-2024 | E25: 23-12-2024 | P25: yes
A26: VW21 | C26: when someone like your video | D26: 23-12-2024 | E26: 23-12-2024 | P26: yes
A27: VW14 | C27: when someone comment on your video | D27: 19-12-2024 | E27: 24-12-2024 | P27: yes
A28: VW22 | D28: 23-12-2024 | E28: 24-12-2024 | P28: yes
A29: VW2 | C29: When user share a link | D29: 19-12-2024 | E29: 24-12-2024 | P29: yes
A30: VW1 | C30: When merge video is complete in video introduction | D30: 24-12-2024 | E30: 24-12-2024 | P30: yes
A31: JP10 | C31: when gratis is assigned(by MNF admin) | D31: 24-12-2024 | E31: 25-12-2024 | P31: yes
A32: JP11 | C32: when gratis is enabled(after the user has paid $1) | D32: 24-12-2024 | E32: 25-12-2024 | P32: yes
A33: PM1 | C33: for life membership | D33: 21-12-2024 | E33: 45651 | P33: yes
A34: PM2 | C34: for monthly membership | D34: 21-12-2024 | E34: 45652 | P34: yes
A35: PM3 | C35: for yearly membership | D35: 21-12-2024 | E35: 45652 | P35: yes
A36: PM4 | C36: when payment failed | D36: 21-12-2024 | E36: 45653 | P36: yes
A37: PM5 | C37: For Successful Payment | D37: 45651 | E37: 45653 | P37: yes
A38: ID2 | C38: On LPP registration - the form submitted under review and upload nda after signing and link to lpp task dashboard for nda upload | D38: 19-12-2024 | E38: 45655 | P38: yes
A39: IP16 | C39: On the time member sends request for Applying for Institute membership(to the user) | D39: 45655 | E39: 45655 | P39: yes
A40: IP61 | C40: On the time member sends request for Applying for Institute membership(to the institution) | D40: 45655 | E40: 45655 | P40: yes
A41: IP17 | C41: On the time member's request is accepted(to the user(admin)) | D41: 45655 | E41: 45655 | P41: yes
A42: IP62 | C42: On the time member's request is accepted(to the institution) | D42: 45655 | E42: 45655 | P42: yes
A43: IP65 | C43: When Affiliated Student Account is created(to the referring student) | D43: 45655 | E43: 45655 | P43: yes
A44: IP30 | C44: When Affiliated Student Account is created(to the student) | D44: 45655 | E44: 45655 | P44: yes
A45: IP64 | C45: When Affiliated Student Account is created(to the user (admin) ) | D45: 45655 | E45: 45655 | P45: yes
A46: IP28 | C46: when the institute user's account is activated | D46: 45655
A47: BL2
A48: BL4
A49: BL1 | C49: when the user data has been saved in blockchain | D49: 45656 | E49: 45657 | P49: yes
A50: PB4 | C50: when logline generation is successful | D50: 45656 | E50: 45657 | P50: yes
A51: SD10 | C51: when project successfully created] | D51: 45666 | E51: 45668 | P51: yes
A52: PB10 | C52: when Elevator Pitch successfull | D52: 45666 | E52: 45667 | P52: yes
A53: PB11 | C53: when Elevator Pitch Fails | D53: 45666 | E53: 45667 | P53: yes
A54: PP18 | B54: CONVERSION LPP | C54: When Translation is Completed | D54: 45667 | E54: 45679 | P54: yes
A55: VW24 | C55: when admin approved the video | D55: 45667 | E55: 45667 | P55: yes
A56: MR33 | C56: when the password is successfully changed | D56: 45668 | E56: 45672 | P56: yes
A57: MR15 | C57: When someone gifts a Subscription | D57: 45668 | E57: 45672 | P57: yes
A58: MR16 | C58: When someone receives a Subscription | D58: 45668 | E58: 45672 | P58: yes
A59: MS7 | C59: when someone activate the account after registeration | D59: 45672
A60: MS8 | C60: when someone forgot password | D60: 45672
A61: PB3 | B61: 11.Pitchdeck Bundle | C61: when logline generation is triggered | D61: 45675
A62: PB5 | B62: 11.Pitchdeck Bundle | C62: when logline Failes | D62: 45675
A63: PB6 | B63: 11.Pitchdeck Bundle | C63: when Onepager generation is triggered | D63: 45675
A64: PB7 | B64: 11.Pitchdeck Bundle | C64: when onepager is successfull | D64: 45675 | E64: 45680 | P64: yes
A65: PB8 | B65: 11.Pitchdeck Bundle | C65: when onepager Failes | D65: 45675
A66: PB9 | B66: 11.Pitchdeck Bundle | C66: when Elevator Pitch is triggered is triggered | D66: 45675
A67: PM6 | B67: payment sheet | C67: Trial Package activated. | D67: 45693 | E67: 45694 | P67: yes
A68: JP1 | B68: juggernaut sheet | C68: when user buys package with successful payment-->package name, user name, validity | D68: 19-12-2024 | E68: 45694 | P68: yes
A69: JP2 | B69: juggernaut sheet | C69: When user extend package validity-->5 $-->30 days extention in current package--->package name, user name, with extended validity | D69: 45693 | E69: 45694 | P69: yes
A70: JP3 | B70: juggernaut sheet | C70: When user want his conversion in additional Language--->$99 Each With Applicable Discounts | D70: 45693 | E70: 45694 | P70: yes
A71: JP4 | B71: juggernaut sheet | C71: when validity of the package will expire in 15 days | D71: 45693 | E71: 45694 | P71: yes
A72: JP5 | B72: juggernaut sheet | C72: when validity will expire in 7 days | D72: 45693 | E72: 45694 | P72: yes
A73: JP6 | B73: juggernaut sheet | C73: when validity will expire in 3 days | D73: 45693 | E73: 45694 | P73: yes
A74: JP14 | B74: juggernaut sheet | C74: when validity will expire in 24 hours | D74: 45693 | E74: 45694 | P74: yes
A75: JP7 | B75: juggernaut sheet | C75: after expiring when the time duration is over but not services. | D75: 45693 | E75: 45694 | P75: yes
A76: RF1 | B76: referfriend | C76: When user refers any of his friend | D76: 45699 | E76: 45699 | P76: yes
A77: RF2 | B77: referfriend | C77: When user succesfully refers any of his friend | D77: 45699 | E77: 45699 | P77: yes
A78: JP15 | B78: juggernaut sheet | C78: when any one of the assigned services usage within the package are 80 % exhausted | D78: 45699 | E78: 45699 | P78: yes
A79: JP16 | B79: juggernaut sheet | C79: when any one of the assigned services usage within the package are 90 % exhausted | D79: 45699 | E79: 45699 | P79: yes
A80: JP17 | B80: juggernaut sheet | C80: when any one of the assigned services usage within the package are 100 % exhausted | D80: 45699 | E80: 45699 | P80: yes
... A83: IM119 | B83: idea mall | C83: When the owner approves the purchase request | D83: 45707 | E83: 45709 | P83: yes
A84: IM120 | B84: idea mall | C84: When a premise is liked/commented upon by 10 users. | D84: 45707
A85: IM121 | B85: idea mall | C85: When a premise project has been purchased by someone. | D85: 45707 | E85: 45709 | P85: yes
A86: IM122 | B86: idea mall | C86: When a premise project has been purchased by someone. | D86: 45707 | E86: 45709 | P86: yes
A87: IM123 | B87: idea mall | C87: when the price is fixed for sale. | D87: 45707 | E87: 45709 | P87: yes | AB87: -
A88: IM124 | B88: idea mall | C88: when the price is fixed for sale. | D88: 45707 | E88: 45709 | P88: yes
A89: IM125 | B89: idea mall | C89: When the amount for a premise has been updated. | D89: 45707 | E89: 45708 | P89: yes
A90: IM126 | B90: idea mall | C90: When the amount for a premise has been updated. | D90: 45707 | E90: 45708 | P90: yes
A91: IM127 | B91: idea mall | C91: When a translation request has been sent for a premise project. | D91: 45707 | E91: 45710 | P91: yes
A92: IM128 | B92: idea mall | C92: When a translation request has been sent for a premise project. | D92: 45707 | E92: 45710 | P92: yes
A93: IM129 | B93: idea mall | C93: When the premise owner has approved the translation. | D93: 45707 | E93: 45710 | P93: yes
A94: IM130 | B94: idea mall | C94: When the premise owner has approved the translation. | D94: 45707 | E94: 45710 | P94: yes
A95: IM131 | B95: idea mall | C95: When the translation has been successfully completed in a language | D95: 45707 | E95: 45710 | P95: yes
A96: IM132 | B96: idea mall | C96: When the translation has been successfully completed in a language | D96: 45707 | E96: 45710 | P96: yes
A97: IM133 | B97: idea mall | C97: When a translation request has been declined by the owner. | D97: 45707 | E97: 45710 | P97: yes
A98: IM134 | B98: idea mall | C98: When a premise has been shared by someone | D98: 45707 | E98: 45712 | P98: yes
A99: IM135 | B99: idea mall | C99: When a premise has been shared by someone | D99: 45707 | E99: 45712 | P99: yes
... A104: IM140 | B104: idea mall | C104: When the current owner declines a purchase request. | D104: 45707 | E104: 45713 | P104: yes
A105: IM141 | B105: idea mall | C105: When a liked premise recieves 10 likes or comments. | D105: 45707
A106: IM142 | B106: idea mall | C106: When a premise you liked/commented has been translated into a language. | D106: 45707 | E106: 45713 | P106: yes
...

Sheet script pad
B1: =counta(B3:B9) -> 7 | C1: Green - Done | D1: Red- On hold | G1: =counta(G3:G9) -> 4 | P1: =counta(P3:P189) -> 7 | Q1: =counta(Q3:Q189) -> 7 | R1: =counta(R3:R189) -> 6 | S1: =COUNTA(S3:S1992) -> 7
A2: Email Code | B2: When does the mail go ? (Communication Trigger) | C2: To whom does the mail go ? | D2: from_email | E2: Subject | F2: Title | G2: Main Invitation | H2: Additional Opening for Action | J2: Message on mynextfilm.ai | K2: Notification on mynextfilm.ai, to the User. | L2: News for the Buddies on mynextfilm.ai to Buddy's Member Profile. | M2: Doodle Url | N2: Poster Url | O2: Doodle Code | P2: reviewed? | Q2: Implemented? | R2: tested ? | S2: Reviewed/Written by Arzoo
A3: SD5 | B3: when a script is uploaded | C3: To the user | D3: noreply@mynextfilm.ai | K3: Your script - "{Script Name}" has been uploaded. | M3: https://uidemos.s3.ap-south-1.amazonaws.com/SCRIPTPAD.png | N3: https://uidemos.s3.ap-south-1.amazonaws.com/8.png | P3: yes | Q3: yes | R3: yes | S3: Written
A4: SD10 | B4: when project successfully created | C4: to the user | D4: noreply@mynextfilm.ai | E4: Your Dream Is Structured! ⭐ | F4: BRACE YOURSELF!/Develop "{Project Name}" As Your Next Blockbuster | G4: [Create A Masterpiece]({Project address}) | H4: O67 | K4: "{Project Name}" is created. | L4: [{User}]({User url}) has created "{Project Name}". | M4: https://uidemos.s3.ap-south-1.amazonaws.com/Project+Centre.png | N4: https://uidemos.s3.ap-south-1.amazonaws.com/8.png | O4: B6 | P4: yes | Q4: yes | R4: yes | S4: Written
A5: SD13 | B5: when delete successfully project | C5: to the user | D5: noreply@mynextfilm.ai | K5: Confirmation of successful deletion of your script - "{Script Name}". | M5: https://uidemos.s3.ap-south-1.amazonaws.com/SCRIPTPAD.png | N5: https://uidemos.s3.ap-south-1.amazonaws.com/8.png | P5: yes | Q5: yes | S5: Written
A6: SD14 | B6: when screenplay successfully created | C6: to the user | D6: noreply@mynextfilm.ai | E6: Good to go!✅ | F6: CONGRATULATIONS!/Your Screenplay is Ready! | G6: <b>Dear {User},</b> <br> <br> Your screenplay - {Screenplay name} has been successfully generated. <br> <br> 👉You can now [open]({Screenplay url}) your screenplay, review it, and edit it per your preferences. <br> <br> <b> Best Regards </b> <br> <b> Team My Next Film </b> | H6: O2 | K6: Your screenplay is ready! | M6: https://uidemos.s3.ap-south-1.amazonaws.com/SCRIPTPAD.png | N6: https://uidemos.s3.ap-south-1.amazonaws.com/8.png | O6: B35 | P6: yes | Q6: yes | R6: yes | S6: Written
A7: SD15 | B7: when title page successfully saved | C7: to the user | D7: noreply@mynextfilm.ai | K7: Your title page for Script - {Script Name} is saved. | M7: https://uidemos.s3.ap-south-1.amazonaws.com/SCRIPTPAD.png | N7: https://uidemos.s3.ap-south-1.amazonaws.com/8.png | P7: yes | Q7: yes | R7: yes | S7: Written
A8: SD16 | B8: when project (screenplay) is locked.(When the user decides to retain it on MNF server) | C8: to the user | D8: noreply@mynextfilm.ai | E8: Hold the Key!🗝️ | F8: DONE!/Your Screenplay - {Screenplay name} Locked! | G8: <b>Dear {User},</b> <br> <br> Your screenplay - {Screenplay Name} is now locked and successfully saved on the blockchain. <br> <br> However, you must [unlock your project]({Unlock screenplay url}) if you wish to make any edits. <br> <br> <b> Best Regards </b> <br> <b> Team My Next Film </b> | H8: O2 | K8: Your screenplay - {Screenplay name} is locked. | M8: https://uidemos.s3.ap-south-1.amazonaws.com/Admin.png | N8: https://uidemos.s3.ap-south-1.amazonaws.com/8.png | O8: B36 | P8: yes | Q8: yes | R8: yes | S8: Written
A9: SD17 | B9: when project (screenplay) is unlocked. | C9: to the user | D9: noreply@mynextfilm.ai | E9: Used The Key Well! 🔓 | F9: ACCESSIBLE!/Your Screenplay - {Screenplay name} unlocked! | G9: <b>Dear {User},</b> <br> <br> Your screenplay - {Screenplay Name} is now unlocked. <br> <br> You can make any edits now. <br> <br> <b> Best Regards </b> <br> <b> Team My Next Film </b> | H9: O2 | K9: Your screenplay - {Screenplay name} is unlocked! | M9: https://uidemos.s3.ap-south-1.amazonaws.com/Admin.png | N9: https://uidemos.s3.ap-south-1.amazonaws.com/8.png | O9: B36 | P9: yes | Q9: yes | R9: yes | S9: Written
A10: SD18 | B10: when project (screenplay) is locked.(When the user decides to delete it from MNF server) | C10: to the user | D10: noreply@mynextfilm.ai

Sheet blockchain
B1: =counta(B3:B999) -> 3 | C1: Green - Done | D1: Red- On hold | G1: =counta(G3:G999) -> 4 | J1: RESULT | P1: =counta(P3:P999) -> 2 | Q1: =counta(Q3:Q999) -> 3 | R1: =counta(R3:R999) -> 3 | S1: =COUNTA(S3:S2000) -> 0
A2: Email Code | B2: When does the mail go ? (Communication Trigger) | C2: To whom does the mail go ? | D2: from_email | E2: Subject | F2: Title | G2: Main Invitation | H2: Additional Opening for Action | J2: Message on mynextfilm.ai | K2: Notification on mynextfilm.ai, to the User. | L2: News for the Buddies on mynextfilm.ai to Buddy's Member Profile. | M2: Doodle Url | N2: Poster Url | O2: Doodle Code | P2: reviewed? | Q2: Implemented? | R2: tested ? | S2: Reviewed/Written by Arzoo
A3: BL1 | B3: when the user data has been saved in block chain | C3: To the user | D3: noreply@mynextfilm.ai | E3: Secured Forever 🔐 | F3: CHILL!/"{Project Name}" is Uploaded on Blockchain! | G3: <b>Dear [{User}]({Profile url}),</b> <br> <br> Your Asset is now tamper-proof and readily accessible. <br> <br> [Download "{Project Name}"]({Project output card url}). <br><br> <b>Best Regards</b> <br> <b>Team My Next Film</b> | H3: O2 | K3: "{Project Name}" is Uploaded on Blockchain! | L3: [{User}]({User url}) has uploaded "{Product Name}" on Blockchain. | M3: https://uidemos.s3.ap-south-1.amazonaws.com/Protected+by+blockchain.png | N3: https://uidemos.s3.ap-south-1.amazonaws.com/17.png | O3: B18 | P3: yes | Q3: yes | R3: yes
A4: BL2 | B4: when the user's wallet creation is successful | C4: To the user | D4: noreply@mynextfilm.ai | E4: Your wallet has been successfully created. | F4: Congratulations!/Your wallet has been successfully created! | G4: <b>Dear {User},</b><br><br>We're thrilled to welcome you to My Next Film, your gateway to the world of content security. Congratulations on successfully creating your crypto wallet. You've just unlocked a world of content security, and we're excited to be a part of your journey.<br>Here are a few important details to keep in mind:<br>Your wallet credentials:<br><b>Public Key</b> - [{public key}](https://polygonscan.com/address/{public key})<br><b>Private Key</b> - {private key}<br>Note: You can use the Blockchain Private Key to download your Screenplays, Audited Scripts, and Converted Scripts.<br> <br><br>Thank you for entrusting us with your data security.<br><br><b>Best Regards </b> <br> <b>Team My Next Film<br> | H4: O2 | K4: Your wallet creation is successful. | M4: https://uidemos.s3.ap-south-1.amazonaws.com/BWALLET.png | N4: https://uidemos.s3.ap-south-1.amazonaws.com/17.png | Q4: yes | R4: yes | T4: -when user click on checkbox "send private key in email also" during wallet creation process
A5: BL3 | B5: when the user signup (send mail to create wallet) | C5: To the user | D5: noreply@mynextfilm.ai | E5: Secure Your Data 🔐 | F5: ALERT! 🤫/Create your Blockchain wallet! | G5: <b>Dear {User},</b> <br><br>We’re excited to have you on board and obliged to ensure that your data is fully secure. <br><br>Your data will be protected on Blockchain. All you have to do is set up your Blockchain wallet. <br><br>Here are some easy steps to [create your Blockchain Wallet]({walleturl}). <br><br><b> Thanks and Regards </b> <br><b> Team MyNextFilm </b> | H5: O2 | M5: https://uidemos.s3.ap-south-1.amazonaws.com/Blockchain+Wallet.png | N5: https://uidemos.s3.ap-south-1.amazonaws.com/17.png | O5: B19 | P5: yes | Q5: yes | R5: yes

Sheet Institutional Membership
B1: =counta(B15:B1000) -> 45 | C1: Green - Done | D1: Red- On hold | G1: =counta(G3:G1000) -> 57 | P1: =counta(P3:P1000) -> 4 | Q1: =counta(Q3:Q1000) -> 47 | R1: =counta(R3:R1000) -> 0 | S1: =COUNTA(S3:S2000) -> 5
A2: Email Code | B2: When does the mail go ? (Communication Trigger) | C2: To whom does the mail go ? | D2: from_email | E2: Subject | F2: Title | G2: Main Invitation | H2: Additional Opening for Action | J2: Message on mynextfilm.ai | K2: Notification on mynextfilm.ai, to the User. | L2: News for the Buddies on mynextfilm.ai to Buddy's Member Profile. | M2: Doodle Url | N2: Poster Url | O2: Doodle Code | P2: reviewed? | Q2: Implemented? | R2: tested ? | S2: Reviewed/Written by Arzoo
A3: IP1 | B3: On the time member sends request for appling for corporate membership | C3: To the user | D3: noreply@mynextfilm.ai | E3: Corporate Membership Application Received/We've Got You | F3: Request Submitted!/You're Just About to Enjoy Your Membership Benefits! | G3: <b> Dear {User},</b> <br> <br> We acknowledge your request to apply for corporate membership with our organization. Thank you for choosing to be a part of our community. Our team is processing your application, and we will notify you of the outcome shortly. <br> <br> If you have any questions, please don't hesitate to reach out. <br> <br> For updates and further information, [please visit](https://app.mynextfilm.ai/institute/StudentRegistration)) <br> <br> <b> Best Regards </b> <br> <b> Team My Next Film </b> | H3: O95 | I3: Mail Received and tested. | J3: 28/08/2023 | M3: https://uidemos.s3.ap-south-1.amazonaws.com/Group+18.png | N3: https://uidemos.s3.ap-south-1.amazonaws.com/Auto+Emails+2.png | Q3: yes
A4: IP2 | B4: On the time member's request is accepted | C4: To the user | D4: noreply@mynextfilm.ai | E4: Welcome To The Club! | F4: Congratulations!/ You are officially a Corporate Member! | G4: <b>Dear {User},</b> <br> <br> We are thrilled to inform you that your request for corporate membership has been accepted. Welcome to our esteemed community! You now have full access to our corporate benefits and resources. <br> <br> Feel free to explore and engage with us. <br> <br> For updates and further information, [please visit](https://app.mynextfilm.ai/institute/StudentRegistration)) <br> <br> <b> Best Regards </b> <br> <b> Team My Next Film </b> | H4: O95 | I4: Mail Received and tested. | J4: 29/08/2023 | M4: https://uidemos.s3.ap-south-1.amazonaws.com/Group+18.png | N4: https://uidemos.s3.ap-south-1.amazonaws.com/Auto+Emails+2.png | Q4: yes
A5: IP3 | B5: On the time member's request is rejected | C5: To the user | D5: noreply@mynextfilm.ai | E5: Rejected, But Not Denied! | F5: Sorry!/ Your Corporate Member request has been denied! | G5: <b>Dear {User},</b> <br> <br> We regret to inform you that your request for corporate membership has been declined. We appreciate your interest in our organization. <br> <br> If you have any questions or would like to discuss this further, please feel free to reach out to us. Thank you for considering us. <br> <br> For updates and further information, [please visit](https://app.mynextfilm.ai/institute/StudentRegistration)) <br> <br> <b> Best Regards </b> <br> <b> Team My Next Film </b> | H5: O96 | I5: Mail Received and tested. | J5: 29/08/2023 | M5: https://uidemos.s3.ap-south-1.amazonaws.com/Group+18.png | N5: https://uidemos.s3.ap-south-1.amazonaws.com/Auto+Emails+2.png | Q5: yes
A6: IP4 | B6: On the time new corporate user is created | C6: To the user | D6: noreply@mynextfilm.ai | E6: New Corporate User Account Created | F6: WELCOME!/ Your Corporate User Account is Ready!! | G6: <b>Dear {User},</b> <br> <br> Congratulations on becoming a corporate member! You now have access to exclusive benefits and resources. Explore our platform, engage with our community, and make the most of your membership. <br> <br> Should you have any questions or need assistance, feel free to contact us. <br> <br> For updates and further information, [please visit](https://app.mynextfilm.ai/institute/StudentRegistration)) <br> <br> <b> Best Regards </b> <br> <b> Team My Next Film </b> | H6: O95 | I6: Mail Received and tested. | J6: 29/08/2023 | M6: https://uidemos.s3.ap-south-1.amazonaws.com/Group+18.png | N6: https://uidemos.s3.ap-south-1.amazonaws.com/Auto+Emails+2.png | Q6: yes
A7: IP5 | B7: On the time corporate user sends a credit request to corporate member | C7: To the user | D7: noreply@mynextfilm.ai | E7: Credit Request Sent to Corporate Member | F7: SENT!/ Your Credit Request is on Its Way!! | G7: <b>Dear {User},</b> <br> <br> Your credit request has been sent to the corporate member. Await an update on your request's status. <br> <br> We appreciate your proactive approach to enhancing your corporate experience. <br> <br> For updates and further information, [please visit](https://app.mynextfilm.ai/institute/StudentRegistration)) <br> <br> <b> Best Regards </b> <br> <b> Team My Next Film </b> | H7: O95 | I7: Mail Received and tested. | J7: 29/08/2023 | M7: https://uidemos.s3.ap-south-1.amazonaws.com/Group+18.png | N7: https://uidemos.s3.ap-south-1.amazonaws.com/Auto+Emails+2.png | Q7: yes
A8: IP7 | B8: Request Status Update by Corporate Member (accept/rejected) | C8: To the user | D8: noreply@mynextfilm.ai | E8: Credit Request updated. | F8: IMPORTANT!/Your Credit Request updated!! | G8: <b>Dear {User}, </b> <br> <br> We're pleased to inform you that your credit request has been updated. Kindly check your account for details. <br> <br> We appreciate your patience and value your interest in our corporate membership. <br> <br> For updates and further information, [please visit](https://app.mynextfilm.ai/institute/StudentRegistration)) <br> <br> <b> Best Regards </b> <br> <b> Team My Next Film </b> | H8: O95 | I8: Mail Received and tested. | J8: 30/08/2023 | M8: https://uidemos.s3.ap-south-1.amazonaws.com/Group+18.png | N8: https://uidemos.s3.ap-south-1.amazonaws.com/Auto+Emails+2.png | Q8: yes
A9: IP8 | B9: On the time corporate member sends a credit request to mnf super admin | C9: To the user | D9: noreply@mynextfilm.ai | E9: Credit Request Sent to Super Admin | F9: REQUESTED!/ Credit Request Sent to MNF Super Admin!! | G9: <b>Dear {User},</b> <br> <br> Exciting times! Your credit request has been forwarded to the MNF Super Admin for evaluation. <br> <br> Stay tuned for updates on your request's progress. <br> <br> For updates and further information, [please visit](https://app.mynextfilm.ai/institute/StudentRegistration)) <br> <br> <b> Best Regards </b> <br> <b> Team My Next Film </b> | H9: O95 | I9: Mail Received and tested. | J9: 30/08/2023 | M9: https://uidemos.s3.ap-south-1.amazonaws.com/Group+18.png | N9: https://uidemos.s3.ap-south-1.amazonaws.com/Auto+Emails+2.png | Q9: yes
A10: IP10 | B10: Request Status Update by Admin (accept/rejected) | C10: To the user | D10: noreply@mynextfilm.ai | E10: Request Status Update | F10: UPDATE!/Credit Request Denied!! | G10: <b>Dear {User},</b> <br> <br> We wanted to inform you that the status of your request has been updated by our admin. You can log in to your account to view the changes and take any necessary actions. <br> <br> Thank you for using our platform. <br> <br> For updates and further information, [please visit](mynextfilm.ai/institute) <br> <br> <b> Best Regards </b> <br> <b> Team My Next Film </b> | H10: O95 | I10: MAil Not Received | J10: 44935 | M10: https://uidemos.s3.ap-south-1.amazonaws.com/Group+18.png | N10: https://uidemos.s3.ap-south-1.amazonaws.com/Auto+Emails+2.png | Q10: yes
A11: IP11 | B11: when services access for the user are updated | C11: To the user | D11: noreply@mynextfilm.ai | E11: Services Access Update | F11: UPDATE!/ Your Services Are Upgraded!! | G11: <b>Dear {User},</b> <br> <br> Exciting news! Your service access has been upgraded. You now have access to an enhanced range of offerings, tailored to your corporate needs. <br> <br> For updates and further information, [please visit](mynextfilm.ai/institute) <br> <br> <b> Best Regards </b> <br> <b> Team My Next Film </b> | H11: O95 | J11: 44935 | M11: https://uidemos.s3.ap-south-1.amazonaws.com/Group+18.png | N11: https://uidemos.s3.ap-south-1.amazonaws.com/Auto+Emails+2.png | Q11: yes
A12: IP12 | B12: Notice of Changes to Your Corporate Membership Payment | C12: To the user | D12: noreply@mynextfilm.ai | E12: Successful Payment Confirmation | F12: SUCCESS!/ Your Transaction is Complete!! | G12: <b>Dear {User},</b> <br> <br> We wish to inform you that the status of your final payment for Corporate Membership has been updated. <br> <br> Please log in to your account to review these changes and ensure accuracy. <br> <br> For updates and further information, [please visit](https://app.mynextfilm.ai/institute/StudentRegistration)) <br> <br> <b> Best Regards </b> <br> <b> Team My Next Film </b> | H12: O95 | I12: Mail Received and tested. | J12: 44935 | M12: https://uidemos.s3.ap-south-1.amazonaws.com/Group+18.png | N12: https://uidemos.s3.ap-south-1.amazonaws.com/Auto+Emails+2.png | Q12: yes
A13: IP14 | B13: when the corporate user's account is deactivated | C13: To the user | D13: noreply@mynextfilm.ai | E13: Account Deactivated | F13: UPDATE!/ Deactivation Notification!! | G13: <b>Dear {User},</b> <br> <br> We regret to inform you that your corporate user account has been deactivated. If this action was unexpected or requires clarification, please contact us immediately. <br> <br> We're here to assist you!! <br> <br> For updates and further information, [please visit](https://app.mynextfilm.ai/institute/StudentRegistration)) <br> <br> <b> Best Regards </b> <br> <b> Team My Next Film </b> | H13: O96 | J13: 44935 | M13: https://uidemos.s3.ap-south-1.amazonaws.com/Group+18.png | N13: https://uidemos.s3.ap-south-1.amazonaws.com/Auto+Emails+2.png | Q13: yes
A14: IP15 | B14: when the corporate user's account is activated | C14: To the user | D14: noreply@mynextfilm.ai | E14: Account reactivated | F14: HOORAY!/ Welcome back!! | G14: <b>Dear {User},</b> <br> <br> Welcome back to our corporate community! Your account has been successfully reactivated. <br> <br> Continue exploring the benefits and resources available to you. <br> <br> For updates and further information, [please visit](https://app.mynextfilm.ai/institute/StudentRegistration)) <br> <br> <b> Best Regards </b> <br> <b> Team My Next Film </b> | H14: O95 | J14: 44966 | M14: https://uidemos.s3.ap-south-1.amazonaws.com/Group+18.png | N14: https://uidemos.s3.ap-south-1.amazonaws.com/Auto+Emails+2.png | Q14: yes
A15: IP16 | B15: On the time member sends request for Applying for Institute membership | C15: To the user | D15: noreply@mynextfilm.ai | E15: You Really Care For Your Students! 💚 | F15: CONFIRMATION!/We Are Validating Your Institutional Membership Application!! | G15: <b>Dear [{User}]({User}),</b> <br> <br> We've received your Institutional Membership request. We are validating it. You will soon receive an update. <br> <br> <b> Best Regards </b> <br> <b> Team My Next Film </b> | H15: O2 | I15: Received and tested | J15: 44966 | K15: We Are Validating {Institution Name}'s Institutional Membership! | L15: [{User Name}]({User Name})wants Institutional Membership for {Institution Name}. | M15: https://uidemos.s3.ap-south-1.amazonaws.com/Institutional+Membership.png | N15: https://uidemos.s3.ap-south-1.amazonaws.com/Auto+Emails+2.png | O15: B12 | P15: yes | Q15: yes
A16: IP61 | B16: On the time member sends request for Applying for Institute membership | C16: To the Institution | D16: noreply@mynextfilm.ai | E16: You Really Care For Your Students! 💚 | F16: CONFIRMATION!/We Are Validating Your Institutional Membership Application!! | G16: <b>Dear [{User}]({User}),</b> <br> <br> We've received your Institutional Membership request. We are validating it. You will soon receive an update. <br> <br> <b> Best Regards </b> <br> <b> Team My Next Film </b> | H16: O2 | I16: Received and tested | J16: 44966 | M16: https://uidemos.s3.ap-south-1.amazonaws.com/Institutional+Membership.png | N16: https://uidemos.s3.ap-south-1.amazonaws.com/Auto+Emails+2.png | O16: B12
A17: IP17 | B17: On the time member's request is accepted | C17: To the user(Institutes Admin) | D17: noreply@mynextfilm.ai | E17: One plus One is Eleven! 🧑‍🤝‍🧑 | F17: CONGRATULATIONS!/{Institution's Name} Is Now An Institutional Member! | G17: <b>Dear [{User}]({User}),</b> <br> <br> On your [Dashboard](url), you will find that 1000 credits are assigned to you. Please redistribute these amongst your students. <br> <br> <b> Best Regards </b> <br> <b> Team My Next Film </b> | H17: O2 | I17: Received and tested | J17: 44966 | K17: {Institution's Name} Is Now An Institutional Member! | L17: [{User Name}]({User Name}) has obtained Institutional Membership for {Institution's Name}. | M17: https://uidemos.s3.ap-south-1.amazonaws.com/Institutional+Membership.png | N17: https://uidemos.s3.ap-south-1.amazonaws.com/Auto+Emails+2.png | O17: B12 | P17: yes | Q17: yes
A18: IP62 | B18: On the time member's request is accepted | C18: To the Institution | D18: noreply@mynextfilm.ai | E18: One plus One is Eleven! 🧑‍🤝‍🧑 | F18: CONGRATULATIONS!/{Institution's Name} Is Now An Institutional Member! | G18: <b>Dear [{User}]({User}),</b> <br> <br> To begin with,1000 credits are assigned to you, which are now usable by your students. <br> <br> <b> Best Regards </b> <br> <b> Team My Next Film </b> | H18: O2 | I18: Received and tested | J18: 44966 | M18: https://uidemos.s3.ap-south-1.amazonaws.com/Institutional+Membership.png | N18: https://uidemos.s3.ap-south-1.amazonaws.com/Auto+Emails+2.png | O18: B12
A19: IP65 | B19: On the time member's request is accepted | C19: To the referring student | D19: noreply@mynextfilm.ai | E19: A Feat Accomplished! 🏆 | F19: ACHIEVED!/{Institution's Name} Is Now An Institutional Member! | G19: [Request Credits](https://app.mynextfilm.ai/institute/StudentRegistration) | H19: O2 | I19: Received and tested | J19: 44966 | K19: {Institution's Name} Is Now An Institutional Member! | L19: [{Student Name}]({Student Name}) has got {Institution Name} as an Institutional Member. | M19: https://uidemos.s3.ap-south-1.amazonaws.com/Contact+us.png | N19: https://uidemos.s3.ap-south-1.amazonaws.com/Auto+Emails+2.png | O19: B56
A20: IP18 | B20: On the time member's request is rejected | C20: To the user | D20: noreply@mynextfilm.ai | E20: Rejected, But Not Denied! | F20: Oops!/ Your Request for Institutional Membership Has Been Declined! | G20: <b>Dear {User},</b> <br> <br> Your institute membership request has been declined. <br> <br> You may try again by following the guidelines [url] to ensure your request is accepted. <br> <br> <b> Best Regards </b> <br> <b> Team My Next Film </b> | H20: O2 | I20: Mail Received and tested | J20: 44966 | M20: https://uidemos.s3.ap-south-1.amazonaws.com/Group+18.png | N20: https://uidemos.s3.ap-south-1.amazonaws.com/Auto+Emails+2.png | Q20: yes | S20: Written
A21: IP63 | M21: https://uidemos.s3.ap-south-1.amazonaws.com/Group+18.png | N21: https://uidemos.s3.ap-south-1.amazonaws.com/Auto+Emails+2.png
A22: IP20 | B22: On the time Institute user sends a credit request to Institute member | C22: To the user(admin) | D22: noreply@mynextfilm.ai | E22: Someone Needs You! | F22: ACTION REQUIRED!/You Have a Credit Request! | G22: <b>Dear {User},</b> <br> <br> Institute User {Name} has sent a credit request to an Institute Member. <br> <br> To review and accept the request, [click here] [url] and help them explore the future of filmmaking!! <br> <br> <b> Best Regards </b> <br> <b> Team My Next Film | H22: O2 | M22: https://uidemos.s3.ap-south-1.amazonaws.com/Group+18.png | N22: https://uidemos.s3.ap-south-1.amazonaws.com/Auto+Emails+2.png | Q22: yes | S22: Written
A23: IP66 | B23: On the time Institute user sends a credit request to Institute member | C23: To the student | D23: noreply@mynextfilm.ai | E23: An Update For You! | F23: IT'S SENT!/ Your Credit Request Has Been Submitted!/IT'S SENT!/ We’ll Update You on the Status – Green or Red! | G23: <b>Dear {Student's Name},</b> <br> <br> your credit request (url)/(View Request)has been successfully sent to an Institute Member. <br> <br> We will notify you as soon as there is an update on the status. Best wishes for your future endeavors! <br> <br> <b> Best Regards </b> <br> <b> Team My Next Film </b> | H23: O2 | M23: https://uidemos.s3.ap-south-1.amazonaws.com/Group+18.png | N23: https://uidemos.s3.ap-south-1.amazonaws.com/Auto+Emails+2.png | S23: Written
A24: IP21 | B24: The status of your credit request has been changed | C24: To the user | D24: noreply@mynextfilm.ai | E24: Review Your Account Status! | F24: ATTENTION!/Check For An Uninterepated Service | G24: <b>Dear {User},</b> <br> <br> The status of your credit request has been updated. <br> <br> [Click Here] [url https://app.mynextfilm.ai/institute/InstituteRegistration] to review it and enjoy uninterrupted services. <br> <br> <b> Best Regards </b> <br> <b> Team My Next Film </b> | H24: O2 | M24: https://uidemos.s3.ap-south-1.amazonaws.com/Group+18.png | N24: https://uidemos.s3.ap-south-1.amazonaws.com/Auto+Emails+2.png | Q24: yes | S24: Written
A25: IP22 | B25: On the time institute member sends a credit request to mnf super admin | C25: To the user | D25: noreply@mynextfilm.ai | E25: Successfully Sent!/Success Achieved! | F25: Request Sent! On Your Way to Approval!/Request Sent! Skyrocketing Your Journey with Approval! | G25: <b>Dear {User},</b> <br> <br> Your credit request has been successfully sent to the MNF Super Admin. <br> <br> We will keep you updated on the status of your request. <br> <br> <br> <br> <b> Best Regards </b> <br> <b> Team My Next Film </b> | H25: O2 | I25: Mail Received and tested. | J25: 44966 | M25: https://uidemos.s3.ap-south-1.amazonaws.com/Group+18.png | N25: https://uidemos.s3.ap-south-1.amazonaws.com/Auto+Emails+2.png | Q25: yes | S25: Written
A26: IP23 | B26: The status of your credit request has been changed | C26: To the user | D26: noreply@mynextfilm.ai | E26: Overhaul Of Credit Request!/Have A Look at Updated Account! | F26: HELLO!/ Request Status Modifiy | G26: <b>Dear {User},</b> <br> <br> We wanted to inform you that the status of your request has been updated by our admin. You can log in to your account to view the changes and take any necessary actions. <br> <br> Thank you for using our platform. <br> <br> For updates and further information, [please visit](https://app.mynextfilm.ai/institute/StudentRegistration)) <br> <br> <b> Best Regards </b> <br> <b> Team My Next Film </b> | H26: O96 | I26: Mail Received and tested. | J26: 44966 | M26: https://uidemos.s3.ap-south-1.amazonaws.com/Group+18.png | N26: https://uidemos.s3.ap-south-1.amazonaws.com/Auto+Emails+2.png | Q26: yes
A27: IP25 | B27: Important Update Regarding Your Institute Membership Payment | C27: To the user | D27: noreply@mynextfilm.ai | E27: Got A Important Payment Update!/Important Payment Update!/Check your Payment Status! | F27: HELLO!/your Membership Payment Updated!! | G27: <b>Dear {User},</b> <br> <br> We want to notify you that the status of your final payment for Institute membership has been modified. Please log in to your account to review the changes and ensure everything is in order. <br> <br> If you have any questions or concerns, feel free to contact our support team. <br> <br> For updates and further information, [please visit](https://app.mynextfilm.ai/institute/StudentRegistration)) <br> <br> <b> Best Regards </b> <br> <b> Team My Next Film </b> | H27: O2 | I27: Mail Received and tested. | J27: 44966 | M27: https://uidemos.s3.ap-south-1.amazonaws.com/Group+18.png | N27: https://uidemos.s3.ap-south-1.amazonaws.com/Auto+Emails+2.png | Q27: yes
A28: IP27 | B28: when the institute user's account is deactivated | C28: To the user | D28: noreply@mynextfilm.ai | E28: Temporarily Closed! | F28: OOPS!/Account Deactivate!! | G28: <b>Dear {User},</b> <br> <br> We regret to inform you that your Institute account has been deactivated. If you believe this is an error or have any questions, please contact our support team immediately. <br> <br> Thank you for your understanding! <br> <br> For updates and further information, [please visit](https://app.mynextfilm.ai/institute/StudentRegistration)) <br> <br> <b> Best Regards </b> <br> <b> Team My Next Film </b> | H28: O2 | M28: https://uidemos.s3.ap-south-1.amazonaws.com/Group+18.png | N28: https://uidemos.s3.ap-south-1.amazonaws.com/Auto+Emails+2.png | Q28: yes
A29: IP28 | B29: when the institute user's account is activated | C29: To the user(admin) | D29: noreply@mynextfilm.ai | E29: New Vista Active! 🏃‍♂️ | F29: CELEBRATE!{Institution Name} Is Now An Institutional Member! | G29: <b>Dear {User},</b> <br> <br> We're excited to inform you that your Institute account is now activated! You can log in and enjoy full access to our services. <br> <br> If you encounter any issues or have questions, please don't hesitate to contact our support team. <br> <br> For updates and further information, [please visit](https://app.mynextfilm.ai/institute/StudentRegistration)) <br> <br> <b> Best Regards </b> <br> <b> Team My Next Film </b> | H29: O2 | M29: https://uidemos.s3.ap-south-1.amazonaws.com/Group+18.png | N29: https://uidemos.s3.ap-south-1.amazonaws.com/Auto+Emails+2.png | Q29: yes
A30: IP30 | B30: When Affiliated Student Account is created | C30: To the Student | D30: noreply@mynextfilm.ai | E30: New Vista Active! 🏃‍♂️ | F30: CELEBRATE!/As An Affiliated Student of {Intitution Name} You Can Now Request Credits! | G30: [Request Credits](https://app.mynextfilm.ai/institute/StudentRegistration) | H30: O2 | K30: You are now an Affiliated Student of Institutional Member, {Institution Name}. | L30: [{User Name}]({User Name url}) is now an Affiliated Student of Institutional Member, {Institution Name}. | M30: https://uidemos.s3.ap-south-1.amazonaws.com/Student+registration.png | N30: https://uidemos.s3.ap-south-1.amazonaws.com/Auto+Emails+2.png | O30: B51 | P30: yes | Q30: yes
A31: IP64 | B31: When Affiliated Student Account is created | C31: To the user(admin) | D31: noreply@mynextfilm.ai | E31: New Vista Active! 🏃‍♂️ | F31: CELEBRATE!/As An Affiliated Student of {Intitution Name} You Can Now Request Credits! | G31: [Request Credits](https://app.mynextfilm.ai/institute/StudentRegistration) | H31: O2 | K31: [{Student's Name}[({Student Name}) is now Affiliated to Institutional Member, {Institution Name}. | L31: [{User Name}]({User Name}) has affiliated [{Student Name}]({Student Name}) to Institutional Member, {Institution Name}. | M31: https://uidemos.s3.ap-south-1.amazonaws.com/Group+18.png | N31: https://uidemos.s3.ap-south-1.amazonaws.com/Auto+Emails+2.png | P31: yes
A32: IP34 | B32: On the time member sends request for Applying for Non-Affiliated Student membership | C32: To the user | D32: noreply@mynextfilm.ai | E32: Confirmation of Your Non-Affiliated Student Membership Application | F32: HELLO!/Confirmation Request!! | G32: <b>Dear {User},</b> <br> <br> Thank you for applying for Non-Affiliated Student membership. Your request has been received, and we are currently processing it. You will receive an update on your application status soon. <br> <br> If you have any questions, feel free to contact us. <br> <br> For updates and further information, [please visit](https://app.mynextfilm.ai/institute/StudentRegistration) <br> <br> <b> Best Regards </b> <br> <b> Team My Next Film </b> | H32: O2 | M32: https://uidemos.s3.ap-south-1.amazonaws.com/Group+18.png | N32: https://uidemos.s3.ap-south-1.amazonaws.com/Auto+Emails+2.png | Q32: yes
A33: IP35 | B33: On the time member's request is accepted for Applying for Non-Affiliated Student membership | C33: To the user | D33: noreply@mynextfilm.ai | E33: Congratulations! Your Student Membership Application is Approved | F33: Congratulations!/Application is Approved | G33: <b>Dear {User},</b> <br> <br> We're thrilled to inform you that your Non-Affiliated Student membership request has been approved. Welcome aboard! You now have full access to our resources and benefits. <br> <br> Feel free to explore and engage with us. <br> <br> For updates and further information, [please visit](https://app.mynextfilm.ai/institute/StudentRegistration)) <br> <br> <b> Best Regards </b> <br> <b> Team My Next Film </b> | H33: O2 | M33: https://uidemos.s3.ap-south-1.amazonaws.com/Group+18.png | N33: https://uidemos.s3.ap-south-1.amazonaws.com/Auto+Emails+2.png | Q33: yes
A34: IP36 | B34: On the time member's request is rejected for Applying for Non-Affiliated Student membership | C34: To the user | D34: noreply@mynextfilm.ai | E34: Notification: Non-Affiliated Student Membership Application Status | F34: OOPS!/Membership Application Declined!! | G34: <b>Dear {User},</b> <br> <br> We regret to inform you that your Non-Affiliated Student membership application has been declined. We appreciate your interest and would be happy to address any questions or concerns you may have. <br> <br> Please feel free to contact us. Thank you for considering us. <br> <br> For updates and further information, [please visit](https://app.mynextfilm.ai/institute/StudentRegistration)) <br> <br> <b> Best Regards </b> <br> <b> Team My Next Film </b> | H34: O2 | M34: https://uidemos.s3.ap-south-1.amazonaws.com/Group+18.png | N34: https://uidemos.s3.ap-south-1.amazonaws.com/Auto+Emails+2.png | Q34: yes
A35: IP37 | B35: On the time member sends request for Applying for Waiting for Institute Student membership | C35: To the user | D35: noreply@mynextfilm.ai | E35: Confirmation of Your Waiting for Institute Student Membership Request | F35: HELLO!/Institute Student Request Confirmed | G35: <b>Dear {User},</b> <br> <br> Thank you for applying for the Waiting for Institute Student membership. Your request has been received and is currently being processed. We will provide you with an update on your application status shortly. <br> <br> If you have any questions, please don't hesitate to contact us. <br> <br> For updates and further information, [please visit](https://app.mynextfilm.ai/institute/StudentRegistration)) <br> <br> <b>Thanks and Regards</b><br> <b>Team MyNextFilm </b> | H35: O2 | M35: https://uidemos.s3.ap-south-1.amazonaws.com/Group+18.png | N35: https://uidemos.s3.ap-south-1.amazonaws.com/Auto+Emails+2.png | Q35: yes
A36: IP38 | B36: On the time member's request is accepted for Applying for Waiting for Institute Student membership | C36: To the user | D36: noreply@mynextfilm.ai | E36: Congratulations! Your Waiting for Institute Student Membership Request is Approved | F36: Congratulations!/Application is Approved | G36: <b>Dear {User},</b> <br> <br> We are delighted to inform you that your request for Waiting for Institute Student membership has been approved. Welcome to our institute! You will gain full access to our resources once your waiting period ends. <br> <br> Thank you for choosing us. <br> <br> For updates and further information, [please visit](https://app.mynextfilm.ai/institute/StudentRegistration)) <br> <br> <b> Best Regards </b> <br> <b> Team My Next Film </b> | H36: O2 | M36: https://uidemos.s3.ap-south-1.amazonaws.com/Group+18.png | N36: https://uidemos.s3.ap-south-1.amazonaws.com/Auto+Emails+2.png | Q36: yes
A37: IP39 | B37: On the time member's request is rejected for Applying for Waiting for Institute Student membership | C37: To the user | D37: noreply@mynextfilm.ai | E37: Notification: Waiting for Institute Student Membership Request Status | F37: OOPS!/Membership Application Declined!! | G37: <b>Dear {User},</b> <br> <br> We regret to inform you that your request for Waiting for Institute Student membership has been declined. Your interest is appreciated, and we're here to address any questions or concerns you may have. Feel free to reach out. Thank you for considering us. <br> <br> For updates and further information, [please visit](https://app.mynextfilm.ai/institute/StudentRegistration)) <br> <br> <b> Best Regards </b> <br> <b> Team My Next Film </b> | H37: O2 | M37: https://uidemos.s3.ap-south-1.amazonaws.com/Group+18.png | N37: https://uidemos.s3.ap-south-1.amazonaws.com/Auto+Emails+2.png | Q37: yes
A38: IP40 | B38: On the time Waiting for Institute students registers and sends their institute's email to MNF to make them register on the MNF platform | C38: To the Institute | D38: noreply@mynextfilm.ai | E38: Unlock Benefits for Your Student: Join MNF Today! | F38: JOIN!/ MNF for Student Benefits!! | G38: <b>Dear {User},</b> <br> <br> Your student has already secured MNF membership, but the true advantages await! <br> <br> Join MNF to empower your student's registration with exclusive benefits. Enhance their learning journey and open doors to opportunities. <br> <br> For updates and further information, [please visit](https://app.mynextfilm.ai/institute/StudentRegistration)) <br> <br> <b> Best Regards </b> <br> <b> Team My Next Film </b> | H38: O2 | M38: https://uidemos.s3.ap-south-1.amazonaws.com/Group+18.png | N38: https://uidemos.s3.ap-south-1.amazonaws.com/Auto+Emails+2.png | Q38: yes
A39: IP41 | B39: Three Days Prior Expiry date of Account Deactivation in Institute Membership | D39: noreply@mynextfilm.ai | E39: Important Notice: Account Deactivation | F39: OOPS!/Account Deactivate!! | G39: <b>Dear {User},</b> <br> <br> We regret to inform you that your Institute Membership will be deactivated after 3 days. If you believe this is an error or have any questions, please contact our support team immediately. <br> <br> Thank you for your understanding! <br> <br> For updates and further information, [please visit](https://app.mynextfilm.ai/institute/StudentRegistration)) <br> <br> <b> Best Regards </b> <br> <b> Team My Next Film </b> | H39: O2 | M39: https://uidemos.s3.ap-south-1.amazonaws.com/Group+18.png | N39: https://uidemos.s3.ap-south-1.amazonaws.com/Auto+Emails+2.png | Q39: yes
A40: IP42 | B40: Three Days Prior Expiry date of Account Deactivation in Corporate Membership | D40: noreply@mynextfilm.ai | E40: Important Notice: Account Deactivation | F40: OOPS!/Account Deactivate!! | G40: <b>Dear {User},</b> <br> <br> We regret to inform you that your Corporate Membership will be deactivated after 3 days. If you believe this is an error or have any questions, please contact our support team immediately. <br> <br> Thank you for your understanding! <br> <br> For updates and further information, [please visit](https://app.mynextfilm.ai/institute/StudentRegistration)) <br> <br> <b> Best Regards </b> <br> <b> Team My Next Film </b> | H40: O2 | M40: https://uidemos.s3.ap-south-1.amazonaws.com/Group+18.png | N40: https://uidemos.s3.ap-south-1.amazonaws.com/Auto+Emails+2.png | Q40: yes
A41: IP43 | B41: Three Days Prior Expiry date of Account Deactivation in Affiliated Student Membership | D41: noreply@mynextfilm.ai | E41: Important Notice: Account Deactivation | F41: OOPS!/Account Deactivate!! | G41: <b>Dear {User},</b> <br> <br> We regret to inform you that your Affiliated Student Membership will be deactivated after 3 days. If you believe this is an error or have any questions, please contact our support team immediately. <br> <br> Thank you for your understanding! <br> <br> For updates and further information, [please visit](https://app.mynextfilm.ai/institute/StudentRegistration)) <br> <br> <b> Best Regards </b> <br> <b> Team My Next Film </b> | H41: O2 | M41: https://uidemos.s3.ap-south-1.amazonaws.com/Group+18.png | N41: https://uidemos.s3.ap-south-1.amazonaws.com/Auto+Emails+2.png | Q41: yes
A42: IP44 | B42: Three Days Prior Expiry date of Account Deactivation in Unaffiliated Student Membership | D42: noreply@mynextfilm.ai | E42: Important Notice: Account Deactivation | F42: OOPS!/Account Deactivate!! | G42: <b>Dear {User},</b> <br> <br> We regret to inform you that your Unaffiliated Student Membership will be deactivated after 3 days. If you believe this is an error or have any questions, please contact our support team immediately. <br> <br> Thank you for your understanding! <br> <br> For updates and further information, [please visit](https://app.mynextfilm.ai/institute/StudentRegistration)) <br> <br> <b> Best Regards </b> <br> <b> Team My Next Film </b> | H42: O2 | M42: https://uidemos.s3.ap-south-1.amazonaws.com/Group+18.png | N42: https://uidemos.s3.ap-south-1.amazonaws.com/Auto+Emails+2.png | Q42: yes
A43: IP45 | B43: Three Days Prior Expiry date of Account Deactivation in Waiting for Institute Student Membership | D43: noreply@mynextfilm.ai | E43: Important Notice: Account Deactivation | F43: OOPS!/Account Deactivate!! | G43: <b>Dear {User},</b> <br> <br> We regret to inform you that your Waiting for Waiting for Institute Student Membership will be deactivated after 3 days. If you believe this is an error or have any questions, please contact our support team immediately. <br> <br> Thank you for your understanding! <br> <br> For updates and further information, [please visit](https://app.mynextfilm.ai/institute/StudentRegistration)) <br> <br> <b> Best Regards </b> <br> <b> Team My Next Film </b> | H43: O2 | M43: https://uidemos.s3.ap-south-1.amazonaws.com/Group+18.png | N43: https://uidemos.s3.ap-south-1.amazonaws.com/Auto+Emails+2.png | Q43: yes
A44: IP46 | B44: Fifteen Days Prior Expiry date of Account Deactivation in Institute Membership | D44: noreply@mynextfilm.ai | E44: Important Notice: Account Deactivation | F44: OOPS!/Account Deactivate!! | G44: <b>Dear {User},</b> <br> <br> We regret to inform you that your Waiting for Institute Membership will be deactivated after 14 days. If you believe this is an error or have any questions, please contact our support team immediately. <br> <br> Thank you for your understanding! <br> <br> For updates and further information, [please visit](https://app.mynextfilm.ai/institute/StudentRegistration)) <br> <br> <b> Best Regards </b> <br> <b> Team My Next Film </b> | H44: O2 | M44: https://uidemos.s3.ap-south-1.amazonaws.com/Group+18.png | N44: https://uidemos.s3.ap-south-1.amazonaws.com/Auto+Emails+2.png | Q44: yes
A45: IP47 | B45: Fifteen Days Prior Expiry date of Account Deactivation in Corporate Membership | D45: noreply@mynextfilm.ai | E45: Important Notice: Account Deactivation | F45: OOPS!/Account Deactivate!! | G45: <b>Dear {User},</b> <br> <br> We regret to inform you that your Waiting for Corporate Membership will be deactivated after 14 days. If you believe this is an error or have any questions, please contact our support team immediately. <br> <br> Thank you for your understanding! <br> <br> For updates and further information, [please visit](https://app.mynextfilm.ai/institute/StudentRegistration)) <br> <br> <b> Best Regards </b> <br> <b> Team My Next Film </b> | H45: O2 | M45: https://uidemos.s3.ap-south-1.amazonaws.com/Group+18.png | N45: https://uidemos.s3.ap-south-1.amazonaws.com/Auto+Emails+2.png | Q45: yes
A46: IP48 | B46: Fifteen Days Prior Expiry date of Account Deactivation in Affiliated Student Membership | D46: noreply@mynextfilm.ai | E46: Important Notice: Account Deactivation | F46: OOPS!/Account Deactivate!! | G46: <b>Dear {User},</b> <br> <br> We regret to inform you that your Waiting for Affiliated Student Membership will be deactivated after 14 days. If you believe this is an error or have any questions, please contact our support team immediately. <br> <br> Thank you for your understanding! <br> <br> For updates and further information, [please visit](https://app.mynextfilm.ai/institute/StudentRegistration)) <br> <br> <b> Best Regards </b> <br> <b> Team My Next Film </b> | H46: O2 | M46: https://uidemos.s3.ap-south-1.amazonaws.com/Group+18.png | N46: https://uidemos.s3.ap-south-1.amazonaws.com/Auto+Emails+2.png | Q46: yes
A47: IP49 | B47: Fifteen Days Prior Expiry date of Account Deactivation in Unaffiliated Student Membership | D47: noreply@mynextfilm.ai | E47: Important Notice: Account Deactivation | F47: OOPS!/Account Deactivate!! | G47: <b>Dear {User},</b> <br> <br> We regret to inform you that your Waiting for Unaffiliated Student Membership will be deactivated after 14 days. If you believe this is an error or have any questions, please contact our support team immediately. <br> <br> Thank you for your understanding! <br> <br> For updates and further information, [please visit](https://app.mynextfilm.ai/institute/StudentRegistration)) <br> <br> <b> Best Regards </b> <br> <b> Team My Next Film </b> | H47: O2 | M47: https://uidemos.s3.ap-south-1.amazonaws.com/Group+18.png | N47: https://uidemos.s3.ap-south-1.amazonaws.com/Auto+Emails+2.png | Q47: yes
A48: IP50 | B48: Fifteen Days Prior Expiry date of Account Deactivation in Waiting for Institute Student Membership | D48: noreply@mynextfilm.ai | E48: Important Notice: Account Deactivation | F48: OOPS!/Account Deactivate!! | G48: <b>Dear {User},</b> <br> <br> We regret to inform you that your Waiting for Institute Student Membership will be deactivated after 14 days. If you believe this is an error or have any questions, please contact our support team immediately. <br> <br> Thank you for your understanding! <br> <br> For updates and further information, [please visit](https://app.mynextfilm.ai/institute/StudentRegistration)) <br> <br> <b> Best Regards </b> <br> <b> Team My Next Film </b> | H48: O2 | M48: https://uidemos.s3.ap-south-1.amazonaws.com/Group+18.png | N48: https://uidemos.s3.ap-south-1.amazonaws.com/Auto+Emails+2.png | Q48: yes
A49: IP51 | B49: One Month Prior Expiry date of Account Deactivation in Institute Membership | D49: noreply@mynextfilm.ai | E49: Important Notice: Account Deactivation | F49: OOPS!/Account Deactivate!! | G49: <b>Dear {User},</b> <br> <br> We regret to inform you that your Waiting for Institute Membership will be deactivated after 1 Month. If you believe this is an error or have any questions, please contact our support team immediately. <br> <br> Thank you for your understanding! <br> <br> For updates and further information, [please visit](https://app.mynextfilm.ai/institute/StudentRegistration)) <br> <br> <b> Best Regards </b> <br> <b> Team My Next Film </b> | H49: O2 | M49: https://uidemos.s3.ap-south-1.amazonaws.com/Group+18.png | N49: https://uidemos.s3.ap-south-1.amazonaws.com/Auto+Emails+2.png | Q49: yes
A50: IP52 | B50: One Month Prior Expiry date of Account Deactivation in Corporate Membership | D50: noreply@mynextfilm.ai | E50: Important Notice: Account Deactivation | F50: OOPS!/Account Deactivate!! | G50: <b>Dear {User},</b> <br> <br> We regret to inform you that your Waiting for Institute Student Membership will be deactivated after 1 Month. If you believe this is an error or have any questions, please contact our support team immediately. <br> <br> Thank you for your understanding! <br> <br> For updates and further information, [please visit](https://app.mynextfilm.ai/institute/StudentRegistration)) <br> <br> <b> Best Regards </b> <br> <b> Team My Next Film </b> | H50: O2 | M50: https://uidemos.s3.ap-south-1.amazonaws.com/Group+18.png | N50: https://uidemos.s3.ap-south-1.amazonaws.com/Auto+Emails+2.png | Q50: yes
... A53: IP55 | B53: One Month Prior Expiry date of Account Deactivation in Waiting for Institute Student Membership | D53: noreply@mynextfilm.ai | E53: Important Notice: Account Deactivation | F53: Apologies!/Account Deactivate!! | G53: <b>Dear {User},</b> <br> <br> We regret to inform you that your Waiting for Institute Student Membership will be deactivated after 1 Month. If you believe this is an error or have any questions, please contact our support team immediately. <br> <br> Thank you for your understanding! <br> <br> For updates and further information, [please visit](https://app.mynextfilm.ai/institute/StudentRegistration)) <br> <br> <b> Best Regards </b> <br> <b> Team My Next Film </b> | H53: O2 | M53: https://uidemos.s3.ap-south-1.amazonaws.com/Group+18.png | N53: https://uidemos.s3.ap-south-1.amazonaws.com/Auto+Emails+2.png | Q53: yes
A54: IP56 | B54: Email function should be implimented to sent email three days prior there account is deactivate in affiliated students membership | D54: noreply@mynextfilm.ai | E54: Important Notice: Account Deactivation | F54: Apologies!/Account Deactivate!! | G54: <b>Dear {User},</b> <br> <br> We regret to inform you that your Waiting for Institute Student Membership have to deactivated your account due to some changes. If you believe this is an error or have any questions, please contact our support team immediately. <br> <br> Thank you for your understanding! <br> <br> For updates and further information, [please visit](https://app.mynextfilm.ai/institute/StudentRegistration)) <br> <br> <b> Best Regards </b> <br> <b> Team My Next Film </b> | H54: O2 | M54: https://uidemos.s3.ap-south-1.amazonaws.com/Group+18.png | N54: https://uidemos.s3.ap-south-1.amazonaws.com/Auto+Emails+2.png
A55: IP57 | B55: Email function should be implimented to sent email three days prior there account is deactivate in non affiliated students membership | D55: noreply@mynextfilm.ai | E55: Important Notice: Account Deactivation | F55: Apologies!/Account Deactivate!! | G55: <b>Dear {User},</b> <br> <br> We regret to inform you that your Waiting for Institute Student Membership have to deactivated your account due to some changes. If you believe this is an error or have any questions, please contact our support team immediately. <br> <br> Thank you for your understanding! <br> <br> For updates and further information, [please visit](https://app.mynextfilm.ai/institute/StudentRegistration)) <br> <br> <b> Best Regards </b> <br> <b> Team My Next Film </b> | H55: O2 | M55: https://uidemos.s3.ap-south-1.amazonaws.com/Group+18.png | N55: https://uidemos.s3.ap-south-1.amazonaws.com/Auto+Emails+2.png
A56: IP58 | B56: Email function should be implimented to sent email three days prior there account is deactivate in waiting for institute students membership | D56: noreply@mynextfilm.ai | E56: Important Notice: Account Deactivation | F56: Apologies!/Account Deactivate!! | G56: <b>Dear {User},</b> <br> <br> We regret to inform you that your Waiting for Institute Student Membership have to deactivated your account due to some changes. If you believe this is an error or have any questions, please contact our support team immediately. <br> <br> Thank you for your understanding! <br> <br> For updates and further information, [please visit](https://app.mynextfilm.ai/institute/StudentRegistration)) <br> <br> <b> Best Regards </b> <br> <b> Team My Next Film </b> | H56: O2 | M56: https://uidemos.s3.ap-south-1.amazonaws.com/Group+18.png | N56: https://uidemos.s3.ap-south-1.amazonaws.com/Auto+Emails+2.png
A57: IP59 | B57: Email function should be implimented to sent email three days prior there account is deactivate in Corporate member | D57: noreply@mynextfilm.ai | E57: Important Notice: Account Deactivation | F57: Apologies!/Account Deactivate!! | G57: <b>Dear {User},</b> <br> <br> We regret to inform you that your Waiting for Institute Student Membership have to deactivated your account due to some changes. If you believe this is an error or have any questions, please contact our support team immediately. <br> <br> Thank you for your understanding! <br> <br> For updates and further information, [please visit](https://app.mynextfilm.ai/institute/StudentRegistration)) <br> <br> <b> Best Regards </b> <br> <b> Team My Next Film </b> | H57: O2 | M57: https://uidemos.s3.ap-south-1.amazonaws.com/Group+18.png | N57: https://uidemos.s3.ap-south-1.amazonaws.com/Auto+Emails+2.png
